Workbook
Name IQ_CH: 110000
Name IQ_CQ: 5000
Name IQ_CY: 10000
Name IQ_DAILY: 500000
Name IQ_FH: 100000
Name IQ_FQ: 500
Name IQ_FY: 1000
Name IQ_LTM: 2000
Name IQ_MONTH: 15000
Name IQ_NTM: 6000
Name IQ_WEEK: 50000
Name IQ_YTD: 3000

Sheet Model Inputs
C2: Data Required for Cost Benchmarking
C3: =IF(F5="Click to Choose an LDC","",F5) -> London Hydro Inc.
B5: Select Distributor from Dropdown Box: | F5: London Hydro Inc. | G5: History | H5: History | I5: Bridge Year | J5: Test Year | K5: Additonal Years for Custom IR Filings
B6: Required Item | G6: 2024 | H6: 2025 | I6: =H6+1 -> 2026 | J6: =I6+1 -> 2027 | K6: =J6+1 -> 2028 | L6: =K6+1 -> 2029 | M6: =L6+1 -> 2030 | N6: =M6+1 -> 2031 | O6: =N6+1 -> 2032 | P6: The values provided for 2026-2032 are placeholder values that must be replaced
C8: Gross Capital Cost Additions Data
B9: 1 | D9: Total Gross Capital Additions | G9: ='Benchmarking Calculations'!G92 -> 47406387 | H9: ='Benchmarking Calculations'!H92 -> 52408922 | I9: 56988500 | J9: 66069400 | K9: =J9 -> 66069400 | L9: =K9 -> 66069400 | M9: =L9 -> 66069400 | N9: =M9 -> 66069400 | O9: =N9 -> 66069400 | P9: Enter Values
B10: 2 | D10: HV Gross Capital Additions | G10: ='Benchmarking Calculations'!G93 -> 0 | H10: ='Benchmarking Calculations'!H93 -> 0 | I10: =H10 -> 0 | J10: =I10 -> 0 | K10: =J10 -> 0 | L10: =K10 -> 0 | M10: =L10 -> 0 | N10: =M10 -> 0 | O10: =N10 -> 0 | P10: Enter Values
C12: Output and Other Business Conditions
B13: 3 | D13: Number of Customers | G13: ='Benchmarking Calculations'!G96 -> 168224 | H13: ='Benchmarking Calculations'!H96 -> 169144 | I13: 170131 | J13: 171569 | K13: =J13 -> 171569 | L13: =K13 -> 171569 | M13: =L13 -> 171569 | N13: =M13 -> 171569 | O13: =N13 -> 171569 | P13: Enter Values
B14: 4 | D14: Delivery Volume | G14: ='Benchmarking Calculations'!G97 -> 3.2316849e+09 | H14: ='Benchmarking Calculations'!H97 -> 3.2959384e+09 | I14: 3299626511 | J14: 3335463424 | K14: =J14 -> 3335463424 | L14: =K14 -> 3335463424 | M14: =L14 -> 3335463424 | N14: =M14 -> 3335463424 | O14: =N14 -> 3335463424 | P14: Enter Values
B15: 5 | D15: Annual Peak Demand | G15: ='Benchmarking Calculations'!G98 -> 673584 | H15: ='Benchmarking Calculations'!H98 -> 714451 | I15: =H15 -> 714451 | J15: =I15 -> 714451 | K15: =J15 -> 714451 | L15: =K15 -> 714451 | M15: =L15 -> 714451 | N15: =M15 -> 714451 | O15: =N15 -> 714451 | P15: Enter Values
B16: 6 | D16: Distribution Circuit-km | G16: ='Benchmarking Calculations'!G99 -> 3122 | H16: ='Benchmarking Calculations'!H99 -> 3138 | I16: =H16 -> 3138 | J16: =I16 -> 3138 | K16: =J16 -> 3138 | L16: =K16 -> 3138 | M16: =L16 -> 3138 | N16: =M16 -> 3138 | O16: =N16 -> 3138 | P16: Enter Values
B17: 7 | D17: Ten Year Customer Growth Percentage | G17: ='Benchmarking Calculations'!G145 -> 0.10279001 | H17: ='Benchmarking Calculations'!H145 -> 0.098715792 | I17: ='Benchmarking Calculations'!I145 -> 0.089948721 | J17: ='Benchmarking Calculations'!J145 -> 0.087542977 | K17: ='Benchmarking Calculations'!K145 -> 0.075836063 | L17: ='Benchmarking Calculations'!L145 -> 0.06608117 | M17: ='Benchmarking Calculations'!M145 -> 0.056525358 | N17: ='Benchmarking Calculations'!N145 -> 0.044277981 | O17: ='Benchmarking Calculations'!O145 -> 0.032732705 | P17: Enter Values
C19: Inflation Measures
B20: 8 | D20: Wage Growth | G20: 0.0497 | H20: 0.0357 | I20: 0.03 | J20: 0.035 | K20: =+J20 -> 0.035 | L20: =K20 -> 0.035 | M20: =L20 -> 0.035 | N20: =M20 -> 0.035 | O20: =N20 -> 0.035 | P20: Enter values. The value provided is an arbitrary placeholder. | Q20: The applicability of the wage index used in the benchmarking analysis has been reviewed by the OEB. Please refer to EB-2021-0212 and subsequent proceedings for policy regarding inflation measures.
B21: 9 | D21: Growth in Economy-wide Inflation | G21: 0.024 | H21: 0.021 | I21: 0.024 | J21: 0.022 | K21: =J21 -> 0.022 | L21: =K21 -> 0.022 | M21: =L21 -> 0.022 | N21: =M21 -> 0.022 | O21: =N21 -> 0.022 | P21: Enter values. The value provided is an arbitrary placeholder.
B22: 10 | D22: Rate of Return (WACC) | G22: ='Benchmarking Calculations'!G110 -> 0.06498 | H22: ='Benchmarking Calculations'!H110 -> 0.06282 | I22: 0.064 | J22: =I22 -> 0.064 | K22: =J22 -> 0.064 | L22: =K22 -> 0.064 | M22: =L22 -> 0.064 | N22: =M22 -> 0.064 | O22: =N22 -> 0.064 | P22: Enter Values. The default value provided is for 2025.
C25: OM&A Expenses Included in Cost Benchmarking
E27: N | F27: Use Method 1 [1A - 1B + 1C] | G27: =G35-G36+G37 -> 47225902 | H27: =H35-H36+H37 -> 53025914 | I27: =I35-I36+I37 -> 0 | J27: =J35-J36+J37 -> 0 | K27: =K35-K36+K37 -> 0 | L27: =L35-L36+L37 -> 0 | M27: =M35-M36+M37 -> 0 | N27: =N35-N36+N37 -> 0 | O27: =O35-O36+O37 -> 0 | P27: Formula
B28: Choose a Method:
E29: Y | F29: Use Method 2 [2A - 2B + 2C] | G29: =G115-G121+G122 -> 47225902 | H29: =H115-H121+H122 -> 53025914 | I29: =I115-I121+I122 -> 57486055 | J29: =J115-J121+J122 -> 62506243 | K29: =K115-K121+K122 -> 62506243 | L29: =L115-L121+L122 -> 62506243 | M29: =M115-M121+M122 -> 62506243 | N29: =N115-N121+N122 -> 62506243 | O29: =O115-O121+O122 -> 62506243 | P29: Formula
B31: 11 | E31: OM&A Values Transfered to Calculations Worksheet | G31: =IF($E$27="Y",G27,IF($E$29="Y",G29,"Error: Please enter Y for one method")) -> 47225902 | H31: =IF($E$27="Y",H27,IF($E$29="Y",H29,"Error: Please enter Y for one method")) -> 53025914 | I31: =IF($E$27="Y",I27,IF($E$29="Y",I29,"Error: Please enter Y for one method")) -> 57486055 | J31: =IF($E$27="Y",J27,IF($E$29="Y",J29,"Error: Please enter Y for one method")) -> 62506243 | K31: =IF($E$27="Y",K27,IF($E$29="Y",K29,"Error: Please enter Y for one method")) -> 62506243 | L31: =IF($E$27="Y",L27,IF($E$29="Y",L29,"Error: Please enter Y for one method")) -> 62506243 | M31: =IF($E$27="Y",M27,IF($E$29="Y",M29,"Error: Please enter Y for one method")) -> 62506243 | N31: =IF($E$27="Y",N27,IF($E$29="Y",N29,"Error: Please enter Y for one method")) -> 62506243 | O31: =IF($E$27="Y",O27,IF($E$29="Y",O29,"Error: Please enter Y for one method")) -> 62506243 | P31: Formula
I32: =IF(AND(E27="Y",E29="Y"),"Error: Please enter only one Y selection","")
D34: Method 1: Enter Values Calculated Elsewhere | I34: Enter Values Supported by Separate Calculations
D35: 1A | E35: Total OM&A Consistent with accounts included in [2B] | G35: =G115 -> 47204907 | H35: =H115 -> 53004771 | P35: Enter Values
D36: 1B | E36: HV Cost (Accounts 5014, 5015, and 5112) if included in total | G36: =G121 -> 0 | H36: =H121 -> 0 | P36: Enter Values
D37: 1C | E37: LV Adjustment | G37: =G122 -> 20994.78 | H37: =H122 -> 21142.44 | P37: Enter Values
D41: Method 2: Enter Detailed Data
D43: OM&A Data
E44: 5005 | F44: Operation Supervision and Engineering | G44: ='Benchmarking Calculations'!G10 -> 2170961.1 | H44: ='Benchmarking Calculations'!H10 -> 2399073.1 | I44: 2695977.3 | J44: =3069988.13*0+3084988.13 -> 3084988.1 | K44: =J44 -> 3084988.1 | L44: =K44 -> 3084988.1 | M44: =L44 -> 3084988.1 | N44: =M44 -> 3084988.1 | O44: =N44 -> 3084988.1 | P44: Enter Values
E45: 5010 | F45: Load Dispatching | G45: ='Benchmarking Calculations'!G11 -> 3626183.6 | H45: ='Benchmarking Calculations'!H11 -> 4169507.7 | I45: 3908500 | J45: 4047300 | K45: =J45 -> 4047300 | L45: =K45 -> 4047300 | M45: =L45 -> 4047300 | N45: =M45 -> 4047300 | O45: =N45 -> 4047300 | P45: Enter Values
E46: 5012 | F46: Station Buildings and Fixtures | G46: ='Benchmarking Calculations'!G12 -> 703468.89 | H46: ='Benchmarking Calculations'!H12 -> 539746.72 | I46: 809959.78 | J46: 906346.62 | K46: =J46 -> 906346.62 | L46: =K46 -> 906346.62 | M46: =L46 -> 906346.62 | N46: =M46 -> 906346.62 | O46: =N46 -> 906346.62 | P46: Enter Values
E47: 5014 | F47: Transformer Station Equipment - Operation Labor | G47: ='Benchmarking Calculations'!G13 -> 0 | H47: ='Benchmarking Calculations'!H13 -> 0 | I47: 0 | J47: 0 | K47: =J47 -> 0 | L47: =K47 -> 0 | M47: =L47 -> 0 | N47: =M47 -> 0 | O47: =N47 -> 0 | P47: Enter Values
E48: 5015 | F48: Transformer Station Equipment - Operation Supplies and Expenses | G48: ='Benchmarking Calculations'!G14 -> 0 | H48: ='Benchmarking Calculations'!H14 -> 0 | I48: 0 | J48: 0 | K48: =J48 -> 0 | L48: =K48 -> 0 | M48: =L48 -> 0 | N48: =M48 -> 0 | O48: =N48 -> 0 | P48: Enter Values
E49: 5016 | F49: Distribution Station Equipment - Operation Labor | G49: ='Benchmarking Calculations'!G15 -> 181470.22 | H49: ='Benchmarking Calculations'!H15 -> 133067.16 | I49: 163558.96 | J49: 171747.95 | K49: =J49 -> 171747.95 | L49: =K49 -> 171747.95 | M49: =L49 -> 171747.95 | N49: =M49 -> 171747.95 | O49: =N49 -> 171747.95 | P49: Enter Values
E50: 5017 | F50: Distribution Station Equipment - Operation Supplies and Expenses | G50: ='Benchmarking Calculations'!G16 -> 109305.86 | H50: ='Benchmarking Calculations'!H16 -> 123608.71 | I50: 173057.65 | J50: 160766.39 | K50: =J50 -> 160766.39 | L50: =K50 -> 160766.39 | M50: =L50 -> 160766.39 | N50: =M50 -> 160766.39 | O50: =N50 -> 160766.39 | P50: Enter Values
E51: 5020 | F51: Overhead Distribution Lines and Feeders - Operation Labor | G51: ='Benchmarking Calculations'!G17 -> 162245.35 | H51: ='Benchmarking Calculations'!H17 -> 85236.33 | I51: 139608.4 | J51: 147224.65 | K51: =J51 -> 147224.65 | L51: =K51 -> 147224.65 | M51: =L51 -> 147224.65 | N51: =M51 -> 147224.65 | O51: =N51 -> 147224.65 | P51: Enter Values
E52: 5025 | F52: Overhead Distribution Lines and Feeders - Operation Supplies and Expenses | G52: ='Benchmarking Calculations'!G18 -> 336377.56 | H52: ='Benchmarking Calculations'!H18 -> 326500.84 | I52: 477607.52 | J52: 486644.63 | K52: =J52 -> 486644.63 | L52: =K52 -> 486644.63 | M52: =L52 -> 486644.63 | N52: =M52 -> 486644.63 | O52: =N52 -> 486644.63 | P52: Enter Values
E53: 5035 | F53: Overhead Distribution Transformers - Operation | G53: ='Benchmarking Calculations'!G19 -> 53087.98 | H53: ='Benchmarking Calculations'!H19 -> 67309.1 | I53: 123095.13 | J53: 126514.02 | K53: =J53 -> 126514.02 | L53: =K53 -> 126514.02 | M53: =L53 -> 126514.02 | N53: =M53 -> 126514.02 | O53: =N53 -> 126514.02 | P53: Enter Values
E54: 5040 | F54: Underground Distribution Lines and Feeders - Operation Labor | G54: ='Benchmarking Calculations'!G20 -> 161452.09 | H54: ='Benchmarking Calculations'!H20 -> 218339.58 | I54: 144793.17 | J54: 149020.65 | K54: =J54 -> 149020.65 | L54: =K54 -> 149020.65 | M54: =L54 -> 149020.65 | N54: =M54 -> 149020.65 | O54: =N54 -> 149020.65 | P54: Enter Values
E55: 5045 | F55: Underground Distribution Lines and Feeders - Operation Supplies and Expenses | G55: ='Benchmarking Calculations'!G21 -> 235028.56 | H55: ='Benchmarking Calculations'!H21 -> 166326.7 | I55: 231295.39 | J55: 231313.82 | K55: =J55 -> 231313.82 | L55: =K55 -> 231313.82 | M55: =L55 -> 231313.82 | N55: =M55 -> 231313.82 | O55: =N55 -> 231313.82 | P55: Enter Values
E56: 5055 | F56: Overhead Distribution Lines and Feeders | G56: ='Benchmarking Calculations'!G22 -> 243628.43 | H56: ='Benchmarking Calculations'!H22 -> 309848.23 | I56: 250746.69 | J56: 253597.08 | K56: =J56 -> 253597.08 | L56: =K56 -> 253597.08 | M56: =L56 -> 253597.08 | N56: =M56 -> 253597.08 | O56: =N56 -> 253597.08 | P56: Enter Values
E57: 5065 | F57: Meter Expense | G57: ='Benchmarking Calculations'!G23 -> 1923779.4 | H57: ='Benchmarking Calculations'!H23 -> 2073261.2 | I57: 2092006.4 | J57: 2190775.8 | K57: =J57 -> 2190775.8 | L57: =K57 -> 2190775.8 | M57: =L57 -> 2190775.8 | N57: =M57 -> 2190775.8 | O57: =N57 -> 2190775.8 | P57: Enter Values
E58: 5070 | F58: Customer Premises - Operation Labor | G58: ='Benchmarking Calculations'!G24 -> 0 | H58: ='Benchmarking Calculations'!H24 -> 0 | I58: =H58 -> 0 | J58: =I58 -> 0 | K58: =J58 -> 0 | L58: =K58 -> 0 | M58: =L58 -> 0 | N58: =M58 -> 0 | O58: =N58 -> 0 | P58: Enter Values
E59: 5075 | F59: Customer Premises - Operation Materials and Supplies | G59: ='Benchmarking Calculations'!G25 -> 0 | H59: ='Benchmarking Calculations'!H25 -> 0 | I59: =H59 -> 0 | J59: =I59 -> 0 | K59: =J59 -> 0 | L59: =K59 -> 0 | M59: =L59 -> 0 | N59: =M59 -> 0 | O59: =N59 -> 0 | P59: Enter Values
E60: 5085 | F60: Miscellaneous Distribution Expense | G60: ='Benchmarking Calculations'!G26 -> 3246087 | H60: ='Benchmarking Calculations'!H26 -> 3878652.2 | I60: 2998408.2 | J60: 4762005.8 | K60: =J60 -> 4762005.8 | L60: =K60 -> 4762005.8 | M60: =L60 -> 4762005.8 | N60: =M60 -> 4762005.8 | O60: =N60 -> 4762005.8 | P60: Enter Values
E61: 5090 | F61: Underground Distribution Lines and Feeders - Rental Paid | G61: ='Benchmarking Calculations'!G27 -> 0 | H61: ='Benchmarking Calculations'!H27 -> 0 | I61: =H61 -> 0 | J61: =I61 -> 0 | K61: =J61 -> 0 | L61: =K61 -> 0 | M61: =L61 -> 0 | N61: =M61 -> 0 | O61: =N61 -> 0 | P61: Enter Values
E62: 5095 | F62: Overhead Distribution Lines and Feeders - Rental Paid | G62: ='Benchmarking Calculations'!G28 -> 118315.84 | H62: ='Benchmarking Calculations'!H28 -> 122520.62 | I62: 0 | J62: 0 | K62: =J62 -> 0 | L62: =K62 -> 0 | M62: =L62 -> 0 | N62: =M62 -> 0 | O62: =N62 -> 0 | P62: Enter Values
E63: 5096 | F63: Other Rent (Distribution) | G63: ='Benchmarking Calculations'!G29 -> 0 | H63: ='Benchmarking Calculations'!H29 -> 0 | I63: =H63 -> 0 | J63: =I63 -> 0 | K63: =J63 -> 0 | L63: =K63 -> 0 | M63: =L63 -> 0 | N63: =M63 -> 0 | O63: =N63 -> 0 | P63: Enter Values
F64: Subtotal: Operation | G64: ='Benchmarking Calculations'!G30 -> 13271392 | H64: ='Benchmarking Calculations'!H30 -> 14612998 | I64: =SUM(I44:I63) -> 14208615 | J64: =SUM(J44:J63) -> 16718246 | K64: =SUM(K44:K63) -> 16718246 | L64: =SUM(L44:L63) -> 16718246 | M64: =SUM(M44:M63) -> 16718246 | N64: =SUM(N44:N63) -> 16718246 | O64: =SUM(O44:O63) -> 16718246 | P64: Formula
E65: 5105 | F65: Maintenance Supervision and Engineering | G65: ='Benchmarking Calculations'!G31 -> 1485448.3 | H65: ='Benchmarking Calculations'!H31 -> 1617451.3 | I65: 1899622.7 | J65: 2050812 | K65: =J65 -> 2050812 | L65: =K65 -> 2050812 | M65: =L65 -> 2050812 | N65: =M65 -> 2050812 | O65: =N65 -> 2050812 | P65: Enter Values
E66: 5110 | F66: Maintenance of Buildings and Fixtures | G66: ='Benchmarking Calculations'!G32 -> 162061.84 | H66: ='Benchmarking Calculations'!H32 -> 94388.73 | I66: 200558.09 | J66: 224424.9 | K66: =J66 -> 224424.9 | L66: =K66 -> 224424.9 | M66: =L66 -> 224424.9 | N66: =M66 -> 224424.9 | O66: =N66 -> 224424.9 | P66: Enter Values
E67: 5112 | F67: Maintenance of Transformer Station Equipment | G67: ='Benchmarking Calculations'!G33 -> 0 | H67: ='Benchmarking Calculations'!H33 -> 0 | I67: 0 | J67: 0 | K67: =J67 -> 0 | L67: =K67 -> 0 | M67: =L67 -> 0 | N67: =M67 -> 0 | O67: =N67 -> 0 | P67: Enter Values
E68: 5114 | F68: Maintenance of Distribution Station Equipement | G68: ='Benchmarking Calculations'!G34 -> 779674.3 | H68: ='Benchmarking Calculations'!H34 -> 810816.45 | I68: 957689.12 | J68: 1005996.5 | K68: =J68 -> 1005996.5 | L68: =K68 -> 1005996.5 | M68: =L68 -> 1005996.5 | N68: =M68 -> 1005996.5 | O68: =N68 -> 1005996.5 | P68: Enter Values
E69: 5120 | F69: Maintenance of Poles, Towers and Fixtures | G69: ='Benchmarking Calculations'!G35 -> 512001.35 | H69: ='Benchmarking Calculations'!H35 -> 490222.81 | I69: 608879.33 | J69: 625717.32 | K69: =J69 -> 625717.32 | L69: =K69 -> 625717.32 | M69: =L69 -> 625717.32 | N69: =M69 -> 625717.32 | O69: =N69 -> 625717.32 | P69: Enter Values
E70: 5125 | F70: Maintenance of Overhead Conductors and Devices | G70: ='Benchmarking Calculations'!G36 -> 1521266.4 | H70: ='Benchmarking Calculations'!H36 -> 1819930.2 | I70: 1885011.4 | J70: 1936450.8 | K70: =J70 -> 1936450.8 | L70: =K70 -> 1936450.8 | M70: =L70 -> 1936450.8 | N70: =M70 -> 1936450.8 | O70: =N70 -> 1936450.8 | P70: Enter Values
E71: 5130 | F71: Maintenance of Overhead Services | G71: ='Benchmarking Calculations'!G37 -> 286690.83 | H71: ='Benchmarking Calculations'!H37 -> 350127.61 | I71: 301205.68 | J71: 312936.66 | K71: =J71 -> 312936.66 | L71: =K71 -> 312936.66 | M71: =L71 -> 312936.66 | N71: =M71 -> 312936.66 | O71: =N71 -> 312936.66 | P71: Enter Values
E72: 5135 | F72: Overhead Distribution Lines and Feeders - Right of Way | G72: ='Benchmarking Calculations'!G38 -> 1537575 | H72: ='Benchmarking Calculations'!H38 -> 1613429.5 | I72: 1822500 | J72: 1841800 | K72: =J72 -> 1841800 | L72: =K72 -> 1841800 | M72: =L72 -> 1841800 | N72: =M72 -> 1841800 | O72: =N72 -> 1841800 | P72: Enter Values
E73: 5145 | F73: Maintenance of Underground Conduit | G73: ='Benchmarking Calculations'!G39 -> 447590.5 | H73: ='Benchmarking Calculations'!H39 -> 399387.13 | I73: 451447.04 | J73: 464626.49 | K73: =J73 -> 464626.49 | L73: =K73 -> 464626.49 | M73: =L73 -> 464626.49 | N73: =M73 -> 464626.49 | O73: =N73 -> 464626.49 | P73: Enter Values
E74: 5150 | F74: Maintenance of Underground Conductors and Devices | G74: ='Benchmarking Calculations'!G40 -> 1617151.6 | H74: ='Benchmarking Calculations'!H40 -> 1370915.7 | I74: 1677433.2 | J74: 1726405.5 | K74: =J74 -> 1726405.5 | L74: =K74 -> 1726405.5 | M74: =L74 -> 1726405.5 | N74: =M74 -> 1726405.5 | O74: =N74 -> 1726405.5 | P74: Enter Values
E75: 5155 | F75: Maintenance of Underground Services | G75: ='Benchmarking Calculations'!G41 -> 616677.31 | H75: ='Benchmarking Calculations'!H41 -> 1199171.5 | I75: 875341.26 | J75: 900894.64 | K75: =J75 -> 900894.64 | L75: =K75 -> 900894.64 | M75: =L75 -> 900894.64 | N75: =M75 -> 900894.64 | O75: =N75 -> 900894.64 | P75: Enter Values
E76: 5160 | F76: Maintenance of Line Transformers | G76: ='Benchmarking Calculations'!G42 -> 113809.78 | H76: ='Benchmarking Calculations'!H42 -> 73809.49 | I76: 102730.1 | J76: 105843.05 | K76: =J76 -> 105843.05 | L76: =K76 -> 105843.05 | M76: =L76 -> 105843.05 | N76: =M76 -> 105843.05 | O76: =N76 -> 105843.05 | P76: Enter Values
E77: 5175 | F77: Maintenance of Meters | G77: ='Benchmarking Calculations'!G43 -> 808.27 | H77: ='Benchmarking Calculations'!H43 -> 1622.68 | I77: 12338.04 | J77: 12924 | K77: =J77 -> 12924 | L77: =K77 -> 12924 | M77: =L77 -> 12924 | N77: =M77 -> 12924 | O77: =N77 -> 12924 | P77: Enter Values
F78: Subtotal: Maintenance | G78: ='Benchmarking Calculations'!G44 -> 9080755.5 | H78: ='Benchmarking Calculations'!H44 -> 9841273 | I78: =SUM(I65:I77) -> 10794756 | J78: =SUM(J65:J77) -> 11208832 | K78: =SUM(K65:K77) -> 11208832 | L78: =SUM(L65:L77) -> 11208832 | M78: =SUM(M65:M77) -> 11208832 | N78: =SUM(N65:N77) -> 11208832 | O78: =SUM(O65:O77) -> 11208832 | P78: Formula
E79: 5305 | F79: Supervision (Billing and Collection) | G79: ='Benchmarking Calculations'!G45 -> 434071.37 | H79: ='Benchmarking Calculations'!H45 -> 392976.91 | I79: 0 | J79: 0 | K79: =J79 -> 0 | L79: =K79 -> 0 | M79: =L79 -> 0 | N79: =M79 -> 0 | O79: =N79 -> 0 | P79: Enter Values
E80: 5310 | F80: Meter Reading Expense | G80: ='Benchmarking Calculations'!G46 -> 1737313.2 | H80: ='Benchmarking Calculations'!H46 -> 2015009.8 | I80: 2214667.6 | J80: 2017212 | K80: =J80 -> 2017212 | L80: =K80 -> 2017212 | M80: =L80 -> 2017212 | N80: =M80 -> 2017212 | O80: =N80 -> 2017212 | P80: Enter Values
E81: 5315 | F81: Customer Billing | G81: ='Benchmarking Calculations'!G47 -> 1562976.7 | H81: ='Benchmarking Calculations'!H47 -> 1861731.8 | I81: 3305826.6 | J81: 3654227 | K81: =J81 -> 3654227 | L81: =K81 -> 3654227 | M81: =L81 -> 3654227 | N81: =M81 -> 3654227 | O81: =N81 -> 3654227 | P81: Enter Values
E82: 5320 | F82: Collecting | G82: ='Benchmarking Calculations'!G48 -> 753983.87 | H82: ='Benchmarking Calculations'!H48 -> 1193856.4 | I82: 1347161.4 | J82: 1388861 | K82: =J82 -> 1388861 | L82: =K82 -> 1388861 | M82: =L82 -> 1388861 | N82: =M82 -> 1388861 | O82: =N82 -> 1388861 | P82: Enter Values
E83: 5325 | F83: Collecting - Cash Over and Short | G83: ='Benchmarking Calculations'!G49 -> 0 | H83: ='Benchmarking Calculations'!H49 -> 0 | I83: =H83 -> 0 | J83: =I83 -> 0 | K83: =J83 -> 0 | L83: =K83 -> 0 | M83: =L83 -> 0 | N83: =M83 -> 0 | O83: =N83 -> 0 | P83: Enter Values
E84: 5330 | F84: Collection Charges | G84: ='Benchmarking Calculations'!G50 -> -53692 | H84: ='Benchmarking Calculations'!H50 -> -74840 | I84: -37900 | J84: -67900 | K84: =J84 -> -67900 | L84: =K84 -> -67900 | M84: =L84 -> -67900 | N84: =M84 -> -67900 | O84: =N84 -> -67900 | P84: Enter Values
E85: 5340 | F85: Miscellaneous Customer Account Expenses | G85: ='Benchmarking Calculations'!G51 -> 0 | H85: ='Benchmarking Calculations'!H51 -> 0 | I85: =H85 -> 0 | J85: =I85 -> 0 | K85: =J85 -> 0 | L85: =K85 -> 0 | M85: =L85 -> 0 | N85: =M85 -> 0 | O85: =N85 -> 0 | P85: Enter Values
F86: Subtotal : Billing and Collections | G86: ='Benchmarking Calculations'!G52 -> 4434653.1 | H86: ='Benchmarking Calculations'!H52 -> 5388734.9 | I86: =SUM(I79:I85) -> 6829755.6 | J86: =SUM(J79:J85) -> 6992400 | K86: =SUM(K79:K85) -> 6992400 | L86: =SUM(L79:L85) -> 6992400 | M86: =SUM(M79:M85) -> 6992400 | N86: =SUM(N79:N85) -> 6992400 | O86: =SUM(O79:O85) -> 6992400 | P86: Formula
E87: 5405 | F87: Supervision (Community Relations) | G87: ='Benchmarking Calculations'!G53 -> 0 | H87: ='Benchmarking Calculations'!H53 -> 0 | I87: =H87 -> 0 | J87: =I87 -> 0 | K87: =J87 -> 0 | L87: =K87 -> 0 | M87: =L87 -> 0 | N87: =M87 -> 0 | O87: =N87 -> 0 | P87: Enter Values
E88: 5410 | F88: Community Relations - Sundry | G88: ='Benchmarking Calculations'!G54 -> 183183.07 | H88: ='Benchmarking Calculations'!H54 -> 247380.09 | I88: 280000 | J88: 280000 | K88: =J88 -> 280000 | L88: =K88 -> 280000 | M88: =L88 -> 280000 | N88: =M88 -> 280000 | O88: =N88 -> 280000 | P88: Enter Values
E89: 5420 | F89: Community Safety Program | G89: ='Benchmarking Calculations'!G55 -> 13783.8 | H89: ='Benchmarking Calculations'!H55 -> 14175.97 | I89: 0 | J89: 0 | K89: =J89 -> 0 | L89: =K89 -> 0 | M89: =L89 -> 0 | N89: =M89 -> 0 | O89: =N89 -> 0 | P89: Enter Values
E90: 5425 | F90: Miscellaneous Customer Service and Informational Expenses | G90: ='Benchmarking Calculations'!G56 -> 0 | H90: ='Benchmarking Calculations'!H56 -> 0 | I90: =H90 -> 0 | J90: =I90 -> 0 | K90: =J90 -> 0 | L90: =K90 -> 0 | M90: =L90 -> 0 | N90: =M90 -> 0 | O90: =N90 -> 0 | P90: Enter Values
F91: Subtotal: Community Relations | G91: ='Benchmarking Calculations'!G57 -> 196966.87 | H91: ='Benchmarking Calculations'!H57 -> 261556.06 | I91: =SUM(I87:I90) -> 280000 | J91: =SUM(J87:J90) -> 280000 | K91: =SUM(K87:K90) -> 280000 | L91: =SUM(L87:L90) -> 280000 | M91: =SUM(M87:M90) -> 280000 | N91: =SUM(N87:N90) -> 280000 | O91: =SUM(O87:O90) -> 280000 | P91: Formula
E92: 5605 | F92: Executive Salaries and Expenses | G92: ='Benchmarking Calculations'!G58 -> 2020698.3 | H92: ='Benchmarking Calculations'!H58 -> 2332354.7 | I92: 249300 | J92: 252200 | K92: =J92 -> 252200 | L92: =K92 -> 252200 | M92: =L92 -> 252200 | N92: =M92 -> 252200 | O92: =N92 -> 252200 | P92: Enter Values
E93: 5610 | F93: Management Salaries and Expenses | G93: ='Benchmarking Calculations'!G59 -> 2775368.6 | H93: ='Benchmarking Calculations'!H59 -> 3197331.1 | I93: 0 | J93: 0 | K93: =J93 -> 0 | L93: =K93 -> 0 | M93: =L93 -> 0 | N93: =M93 -> 0 | O93: =N93 -> 0 | P93: Enter Values
E94: 5615 | F94: General Administrative Salaries and Expenses | G94: ='Benchmarking Calculations'!G60 -> 5954569.8 | H94: ='Benchmarking Calculations'!H60 -> 6960365.1 | I94: 13478300 | J94: 15108000 | K94: =J94 -> 15108000 | L94: =K94 -> 15108000 | M94: =L94 -> 15108000 | N94: =M94 -> 15108000 | O94: =N94 -> 15108000 | P94: Enter Values
E95: 5620 | F95: Office Supplies | G95: ='Benchmarking Calculations'!G61 -> 3673240.7 | H95: ='Benchmarking Calculations'!H61 -> 3042151.4 | I95: 3599866.3 | J95: 3803264 | K95: =J95 -> 3803264 | L95: =K95 -> 3803264 | M95: =L95 -> 3803264 | N95: =M95 -> 3803264 | O95: =N95 -> 3803264 | P95: Enter Values
E96: 5625 | F96: Administrative Expense Transferred - Credit | G96: ='Benchmarking Calculations'!G62 -> 0 | H96: ='Benchmarking Calculations'!H62 -> 0 | I96: =H96 -> 0 | J96: =I96 -> 0 | K96: =J96 -> 0 | L96: =K96 -> 0 | M96: =L96 -> 0 | N96: =M96 -> 0 | O96: =N96 -> 0 | P96: Enter Values
E97: 5630 | F97: Outside Services Employed | G97: ='Benchmarking Calculations'!G63 -> 1628724.7 | H97: ='Benchmarking Calculations'!H63 -> 2601549.5 | I97: 2249300 | J97: 1996700 | K97: =J97 -> 1996700 | L97: =K97 -> 1996700 | M97: =L97 -> 1996700 | N97: =M97 -> 1996700 | O97: =N97 -> 1996700 | P97: Enter Values
E98: 5640 | F98: Injuries and Damages | G98: ='Benchmarking Calculations'!G64 -> 649647.52 | H98: ='Benchmarking Calculations'!H64 -> 781312.98 | I98: 1042500 | J98: 1119700 | K98: =J98 -> 1119700 | L98: =K98 -> 1119700 | M98: =L98 -> 1119700 | N98: =M98 -> 1119700 | O98: =N98 -> 1119700 | P98: Enter Values
E99: 5645 | F99: OMERS Pensions and Benefits | G99: ='Benchmarking Calculations'!G65 -> 89587.46 | H99: ='Benchmarking Calculations'!H65 -> 163053.33 | I99: 200200 | J99: 207700 | K99: =J99 -> 207700 | L99: =K99 -> 207700 | M99: =L99 -> 207700 | N99: =M99 -> 207700 | O99: =N99 -> 207700 | P99: Enter Values
E100: 5646 | F100: Employee Pensions and OPEB | G100: ='Benchmarking Calculations'!G66 -> 0 | H100: ='Benchmarking Calculations'!H66 -> 0 | I100: =H100 -> 0 | J100: =I100 -> 0 | K100: =J100 -> 0 | L100: =K100 -> 0 | M100: =L100 -> 0 | N100: =M100 -> 0 | O100: =N100 -> 0 | P100: Enter Values
E101: 5647 | F101: Employee Sick Leave | G101: ='Benchmarking Calculations'!G67 -> 0 | H101: ='Benchmarking Calculations'!H67 -> 0 | I101: =H101 -> 0 | J101: =I101 -> 0 | K101: =J101 -> 0 | L101: =K101 -> 0 | M101: =L101 -> 0 | N101: =M101 -> 0 | O101: =N101 -> 0 | P101: Enter Values
E102: 5650 | F102: Franchise Requirements | G102: ='Benchmarking Calculations'!G68 -> 0 | H102: ='Benchmarking Calculations'!H68 -> 0 | I102: =H102 -> 0 | J102: =I102 -> 0 | K102: =J102 -> 0 | L102: =K102 -> 0 | M102: =L102 -> 0 | N102: =M102 -> 0 | O102: =N102 -> 0 | P102: Enter Values
E103: 5655 | F103: Regulatory Expenses | G103: ='Benchmarking Calculations'!G69 -> 985279.12 | H103: ='Benchmarking Calculations'!H69 -> 1159811.2 | I103: 1277200 | J103: 1473300 | K103: =J103 -> 1473300 | L103: =K103 -> 1473300 | M103: =L103 -> 1473300 | N103: =M103 -> 1473300 | O103: =N103 -> 1473300 | P103: Enter Values
E104: 5665 | F104: Miscellaneous General Expenses | G104: ='Benchmarking Calculations'!G70 -> 933987.75 | H104: ='Benchmarking Calculations'!H70 -> 1051280.6 | I104: 2071300 | J104: 2269100 | K104: =J104 -> 2269100 | L104: =K104 -> 2269100 | M104: =L104 -> 2269100 | N104: =M104 -> 2269100 | O104: =N104 -> 2269100 | P104: Enter Values
E105: 5670 | F105: Rent (Administrative and General) | G105: ='Benchmarking Calculations'!G71 -> 0 | H105: ='Benchmarking Calculations'!H71 -> 0 | I105: =H105 -> 0 | J105: =I105 -> 0 | K105: =J105 -> 0 | L105: =K105 -> 0 | M105: =L105 -> 0 | N105: =M105 -> 0 | O105: =N105 -> 0 | P105: Enter Values
E106: 5672 | F106: Lease Payment Expense | G106: ='Benchmarking Calculations'!G72 -> 0 | H106: ='Benchmarking Calculations'!H72 -> 0 | I106: =H106 -> 0 | J106: =I106 -> 0 | K106: =J106 -> 0 | L106: =K106 -> 0 | M106: =L106 -> 0 | N106: =M106 -> 0 | O106: =N106 -> 0 | P106: Enter Values
E107: 5675 | F107: Maintenance of General Plant | G107: ='Benchmarking Calculations'!G73 -> 758800.14 | H107: ='Benchmarking Calculations'!H73 -> 757889.64 | I107: 234720.64 | J107: 39759 | K107: =J107 -> 39759 | L107: =K107 -> 39759 | M107: =L107 -> 39759 | N107: =M107 -> 39759 | O107: =N107 -> 39759 | P107: Enter Values
E108: 5680 | F108: Electrical Safety Authority Fees | G108: ='Benchmarking Calculations'!G74 -> 0 | H108: ='Benchmarking Calculations'!H74 -> 0 | I108: =H108 -> 0 | J108: =I108 -> 0 | K108: =J108 -> 0 | L108: =K108 -> 0 | M108: =L108 -> 0 | N108: =M108 -> 0 | O108: =N108 -> 0 | P108: Enter Values
F109: Sutotal: A&G Expenses | G109: ='Benchmarking Calculations'!G75 -> 19469904 | H109: ='Benchmarking Calculations'!H75 -> 22047100 | I109: =SUM(I92:I108) -> 24402687 | J109: =SUM(J92:J108) -> 26269723 | K109: =SUM(K92:K108) -> 26269723 | L109: =SUM(L92:L108) -> 26269723 | M109: =SUM(M92:M108) -> 26269723 | N109: =SUM(N92:N108) -> 26269723 | O109: =SUM(O92:O108) -> 26269723 | P109: Formula
E110: 5635 | F110: Property Insurance | G110: ='Benchmarking Calculations'!G76 -> 751235.98 | H110: ='Benchmarking Calculations'!H76 -> 853109.51 | I110: 949100 | J110: 1015900 | K110: =J110 -> 1015900 | L110: =K110 -> 1015900 | M110: =L110 -> 1015900 | N110: =M110 -> 1015900 | O110: =N110 -> 1015900 | P110: Enter Values
E111: 6210 | F111: Life Insurance | G111: ='Benchmarking Calculations'!G77 -> 0 | H111: ='Benchmarking Calculations'!H77 -> 0 | I111: =H111 -> 0 | J111: =I111 -> 0 | K111: =J111 -> 0 | L111: =K111 -> 0 | M111: =L111 -> 0 | N111: =M111 -> 0 | O111: =N111 -> 0 | P111: Enter Values
F112: Subtotal: Insurance | G112: ='Benchmarking Calculations'!G78 -> 751235.98 | H112: ='Benchmarking Calculations'!H78 -> 853109.51 | I112: =I110+I111 -> 949100 | J112: =J110+J111 -> 1015900 | K112: =K110+K111 -> 1015900 | L112: =L110+L111 -> 1015900 | M112: =M110+M111 -> 1015900 | N112: =N110+N111 -> 1015900 | O112: =O110+O111 -> 1015900 | P112: Formula
E113: 5515 | F113: Advertinsing | G113: ='Benchmarking Calculations'!G79 -> 0 | H113: ='Benchmarking Calculations'!H79 -> 0 | I113: =H113 -> 0 | J113: =I113 -> 0 | K113: =J113 -> 0 | L113: =K113 -> 0 | M113: =L113 -> 0 | N113: =M113 -> 0 | O113: =N113 -> 0 | P113: Enter Values
F114: Subtotal Advertising | G114: ='Benchmarking Calculations'!G80 -> 0 | H114: ='Benchmarking Calculations'!H80 -> 0 | I114: =I113 -> 0 | J114: =J113 -> 0 | K114: =K113 -> 0 | L114: =L113 -> 0 | M114: =M113 -> 0 | N114: =N113 -> 0 | O114: =O113 -> 0 | P114: Formula
...

Sheet Benchmarking Calculations
A1: Benchmarking Calculations for LDC Forecasting | R1: Used to populate the drop down box
B3: Selected LDC from the Model Inputs Worksheet: | E3: ='Model Inputs'!F5 -> London Hydro Inc. | Q3: 1 | R3: Click to Choose a Distributor | S3: Alectra Utilities Corporation | T3: Algoma Power Inc. | U3: Atikokan Hydro Inc. | V3: Bluewater Power Distribution Corporation | W3: Burlington Hydro Inc. | X3: Canadian Niagara Power Inc. | Y3: Centre Wellington Hydro Ltd. | Z3: Cooperative Hydro Embrun Inc. | AA3: E.L.K. Energy Inc. | AB3: Elexicon Energy Inc. | AC3: Entegrus Powerlines Inc. | AD3: ENWIN Utilities Ltd. | AE3: EPCOR Electricity Distribution Ontario Inc. | AF3: ERTH Power Corporation | AG3: Essex Powerlines Corporation | AH3: Festival Hydro Inc. | AI3: Fort Frances Power Corporation | AJ3: Greater Sudbury Hydro Inc. | AK3: Grimsby Power Incorporated | AL3: Halton Hills Hydro Inc. | AM3: Hearst Power Distribution Company Limited | AN3: Hydro 2000 Inc. | AO3: Hydro Hawkesbury Inc. | AP3: Hydro One Networks Inc. | AQ3: Hydro Ottawa Limited | AR3: Innpower Corporation | AS3: Kingston Hydro Corporation | AT3: Lakefront Utilities Inc. | AU3: Lakeland Power Distribution Ltd. | AV3: London Hydro Inc. | AW3: Milton Hydro Distribution Inc. | AX3: Newmarket-Tay Power Distribution Ltd. | AY3: Niagara Peninsula Energy Inc. | AZ3: Niagara-on-the-Lake Hydro Inc. | BA3: North Bay Hydro Distribution Limited | BB3: Northern Ontario Wires Inc. | BC3: Oakville Hydro Electricity Distribution Inc. | BD3: Orangeville Hydro Limited | BE3: Oshawa PUC Networks Inc. | BF3: Ottawa River Power Corporation | BG3: PUC Distribution Inc. | BH3: Renfrew Hydro Inc. | BI3: Rideau St. Lawrence Distribution Inc. | BJ3: Sioux Lookout Hydro Inc. | BK3: Synergy North Corporation | BL3: Tillsonburg Hydro Inc. | BM3: Toronto Hydro-Electric System Limited | BN3: Wasaga Distribution Inc. | BO3: Welland Hydro-Electric System Corp. | BP3: Wellington North Power Inc. | BQ3: Westario Power Inc. | BR3: Enova Power Corp. | BS3: GrandBridge Energy Inc.
I4: Forecasted Values | Q4: 2
B5: Line Reference Number | D5: Row Number on 2.1.7 | E5: Account | G5: 2024 | H5: 2025 | I5: =H5+1 -> 2026 | J5: =I5+1 -> 2027 | K5: =J5+1 -> 2028 | L5: =K5+1 -> 2029 | M5: =L5+1 -> 2030 | N5: =M5+1 -> 2031 | O5: =N5+1 -> 2032 | P5: Data Item Number | Q5: 3 | S5: 2025 | T5: 2025 | U5: 2025 | V5: 2025 | W5: 2025 | X5: 2025 | Y5: 2025 | Z5: 2025 | AA5: 2025 | AB5: 2025 | AC5: 2025 | AD5: 2025 | AE5: 2025 | AF5: 2025 | AG5: 2025 | AH5: 2025 | AI5: 2025 | AJ5: 2025 | AK5: 2025 | AL5: 2025 | AM5: 2025 | AN5: 2025 | AO5: 2025 | AP5: 2025 | AQ5: 2025 | AR5: 2025 | AS5: 2025 | AT5: 2025 | AU5: 2025 | AV5: 2025 | AW5: 2025 | AX5: 2025 | AY5: 2025 | AZ5: 2025 | BA5: 2025 | BB5: 2025 | BC5: 2025 | BD5: 2025 | BE5: 2025 | BF5: 2025 | BG5: 2025 | BH5: 2025 | BI5: 2025 | BJ5: 2025 | BK5: 2025 | BL5: 2025 | BM5: 2025 | BN5: 2025 | BO5: 2025 | BP5: 2025 | BQ5: 2025 | BR5: 2025 | BS5: 2025
Q6: 4
A7: Section 1: Source Data and OM&A Calculations | Q7: 5
Q8: 6
B9: 1 | C9: OM&A Data (Detail may be hidden or expanded using the +/- buttons to the left of the row numbers) | Q9: 7
B10: 2 | C10: 5005 | D10: 2 | E10: Operation Supervision and Engineering | G10: =HLOOKUP($E$3,'2024 Historical'!$C$3:$BC$261,Q10,FALSE) -> 2170961.1 | H10: =HLOOKUP($E$3,$S$3:$BS$269,Q10,FALSE) -> 2399073.1 | Q10: 8 | S10: 9414652 | T10: 77367.85 | U10: 39704.11 | V10: 648745 | W10: 0 | X10: 91102.57 | Y10: 97497.6 | Z10: 0 | AA10: 29272.5 | AB10: 3609010.9 | AC10: 865710.8 | AD10: 3127197.1 | AE10: 396627.95 | AF10: 485970.15 | AG10: 48062.48 | AH10: 282120.11 | AI10: 162337.39 | AJ10: 2009082.2 | AK10: 111671.37 | AL10: 406671.23 | AM10: 0 | AN10: 0 | AO10: 0 | AP10: 4998541 | AQ10: 8608024.2 | AR10: 309020.5 | AS10: 327465.23 | AT10: 49988.12 | AU10: 0 | AV10: 2399073.1 | AW10: 39956.36 | AX10: 1113255.5 | AY10: 1164006.3 | AZ10: 52502.88 | BA10: 487750.65 | BB10: 247199.63 | BC10: 3497505 | BD10: 619283.57 | BE10: 128613.63 | BF10: 187987.43 | BG10: 636466.02 | BH10: 70956.88 | BI10: 149314.5 | BJ10: 0 | BK10: 465822 | BL10: 277346.37 | BM10: 26455734 | BN10: 0 | BO10: 186836.65 | BP10: 185705.68 | BQ10: 0 | BR10: 2012635 | BS10: 1715385.7
B11: 3 | C11: 5010 | D11: 3 | E11: Load Dispatching | G11: =HLOOKUP($E$3,'2024 Historical'!$C$3:$BC$261,Q11,FALSE) -> 3626183.6 | H11: =HLOOKUP($E$3,$S$3:$BS$269,Q11,FALSE) -> 4169507.7 | Q11: 9 | S11: 10363380 | T11: 132069.61 | U11: 0 | V11: 252305 | W11: 1488866.1 | X11: 250990.96 | Y11: 21642.52 | Z11: 0 | AA11: 1022 | AB11: 2198372.5 | AC11: 270515.05 | AD11: 1151082.3 | AE11: 99124.89 | AF11: 12300.77 | AG11: 199432.54 | AH11: 98828.15 | AI11: 0 | AJ11: 811724.39 | AK11: 98319.96 | AL11: 0 | AM11: 0 | AN11: 11125 | AO11: 0 | AP11: 3481031.5 | AQ11: 3083413.3 | AR11: 146212.63 | AS11: 998478.82 | AT11: 0 | AU11: 49235.48 | AV11: 4169507.7 | AW11: 588650.4 | AX11: 57834.35 | AY11: 13067.21 | AZ11: 71540.85 | BA11: 301143 | BB11: 0 | BC11: 1650089.7 | BD11: 0 | BE11: 333602.04 | BF11: 15868.23 | BG11: 522450.07 | BH11: 0 | BI11: 0 | BJ11: 0 | BK11: 1062096.4 | BL11: 0 | BM11: 6375046.8 | BN11: 31846.65 | BO11: 257527.23 | BP11: 0 | BQ11: 0 | BR11: 2547268.9 | BS11: 1485857.6
B12: 4 | C12: 5012 | D12: 4 | E12: Station Buildings and Fixtures | G12: =HLOOKUP($E$3,'2024 Historical'!$C$3:$BC$261,Q12,FALSE) -> 703468.89 | H12: =HLOOKUP($E$3,$S$3:$BS$269,Q12,FALSE) -> 539746.72 | Q12: 10 | S12: 0 | T12: 117304.75 | U12: 0 | V12: 3847 | W12: 136868.43 | X12: 256078.62 | Y12: 79123.72 | Z12: 0 | AA12: 0 | AB12: 398050.55 | AC12: 0 | AD12: 0 | AE12: 34568.65 | AF12: 0 | AG12: 0 | AH12: 37581.46 | AI12: 45486.88 | AJ12: 174505.56 | AK12: 33290.04 | AL12: 61693.89 | AM12: 0 | AN12: 0 | AO12: 0 | AP12: 1951345.1 | AQ12: 5430086 | AR12: 89449.72 | AS12: 68994.82 | AT12: 0 | AU12: 0 | AV12: 539746.72 | AW12: 21264 | AX12: 134233.4 | AY12: 96861.86 | AZ12: 0 | BA12: 92711 | BB12: 20871.01 | BC12: 557279.09 | BD12: 0 | BE12: 263554.65 | BF12: 110637.41 | BG12: 575708.91 | BH12: 375.28 | BI12: 2038.59 | BJ12: 0 | BK12: 139221.77 | BL12: 0 | BM12: 127763.35 | BN12: 0 | BO12: 16209.62 | BP12: 22859.14 | BQ12: 0 | BR12: 252247.92 | BS12: 6972.37
B13: 5 | C13: 5014 | D13: 5 | E13: Transformer Station Equipment - Operation Labor | G13: =HLOOKUP($E$3,'2024 Historical'!$C$3:$BC$261,Q13,FALSE) -> 0 | H13: =HLOOKUP($E$3,$S$3:$BS$269,Q13,FALSE) -> 0 | Q13: 11 | S13: 0 | T13: 0 | U13: 0 | V13: 0 | W13: 0 | X13: 0 | Y13: 0 | Z13: 0 | AA13: 0 | AB13: 106341.35 | AC13: 0 | AD13: 316136.95 | AE13: 0 | AF13: 0 | AG13: 0 | AH13: 166522.01 | AI13: 66938.75 | AJ13: 0 | AK13: 12221.44 | AL13: 21895.02 | AM13: 0 | AN13: 0 | AO13: 18011.42 | AP13: 450843.45 | AQ13: 1124705.8 | AR13: 0 | AS13: 0 | AT13: 0 | AU13: 0 | AV13: 0 | AW13: 0 | AX13: 0 | AY13: 3008.84 | AZ13: 15197.41 | BA13: 0 | BB13: 0 | BC13: 402106.55 | BD13: 0 | BE13: 0 | BF13: 0 | BG13: 49074.26 | BH13: 0 | BI13: 0 | BJ13: 0 | BK13: 0 | BL13: 0 | BM13: 303582.31 | BN13: 0 | BO13: 0 | BP13: 0 | BQ13: 0 | BR13: 273263.13 | BS13: 2736.19
B14: 6 | C14: 5015 | D14: 6 | E14: Transformer Station Equipment - Operation Supplies and Expenses | G14: =HLOOKUP($E$3,'2024 Historical'!$C$3:$BC$261,Q14,FALSE) -> 0 | H14: =HLOOKUP($E$3,$S$3:$BS$269,Q14,FALSE) -> 0 | Q14: 12 | S14: 0 | T14: 0 | U14: 0 | V14: 0 | W14: 0 | X14: 0 | Y14: 0 | Z14: 0 | AA14: 0 | AB14: 230375.9 | AC14: 0 | AD14: 17674.33 | AE14: 0 | AF14: 0 | AG14: 0 | AH14: 79529.12 | AI14: 33218 | AJ14: 0 | AK14: 98122.84 | AL14: 20507.26 | AM14: 0 | AN14: 0 | AO14: 10892.73 | AP14: 121683.44 | AQ14: 1239287.1 | AR14: 0 | AS14: 0 | AT14: 0 | AU14: 0 | AV14: 0 | AW14: 0 | AX14: 0 | AY14: 138811.13 | AZ14: 13200 | BA14: 0 | BB14: 0 | BC14: 41480.38 | BD14: 0 | BE14: 0 | BF14: 0 | BG14: 20770 | BH14: 0 | BI14: 0 | BJ14: 0 | BK14: 28534.67 | BL14: 0 | BM14: 955188.34 | BN14: 0 | BO14: 0 | BP14: 0 | BQ14: 0 | BR14: 643113.07 | BS14: 252872.98
B15: 7 | C15: 5016 | D15: 7 | E15: Distribution Station Equipment - Operation Labor | G15: =HLOOKUP($E$3,'2024 Historical'!$C$3:$BC$261,Q15,FALSE) -> 181470.22 | H15: =HLOOKUP($E$3,$S$3:$BS$269,Q15,FALSE) -> 133067.16 | Q15: 13 | S15: 2407153.6 | T15: 44460.13 | U15: 27157.63 | V15: 0 | W15: 199869.69 | X15: 19469.73 | Y15: 0 | Z15: 0 | AA15: 165.23 | AB15: 203607.56 | AC15: 122900.21 | AD15: 0 | AE15: 11744.91 | AF15: 12129.12 | AG15: 0 | AH15: 0 | AI15: 0 | AJ15: 622554.39 | AK15: 0 | AL15: 291413.71 | AM15: 0 | AN15: 0 | AO15: 21100.11 | AP15: 4032068.4 | AQ15: 994364.08 | AR15: 21052.72 | AS15: 89854.55 | AT15: 93759.16 | AU15: 21152.14 | AV15: 133067.16 | AW15: 35393.82 | AX15: 1322.14 | AY15: 0 | AZ15: 0 | BA15: 0 | BB15: 7252.32 | BC15: 57634.77 | BD15: 3189.88 | BE15: 346637.08 | BF15: 21260.23 | BG15: 164194.34 | BH15: 4366.8 | BI15: 2014.82 | BJ15: 0 | BK15: 0 | BL15: 0 | BM15: 3867635 | BN15: 23042.53 | BO15: 0 | BP15: 11419.38 | BQ15: 0 | BR15: 55106.27 | BS15: 0
B16: 8 | C16: 5017 | D16: 8 | E16: Distribution Station Equipment - Operation Supplies and Expenses | G16: =HLOOKUP($E$3,'2024 Historical'!$C$3:$BC$261,Q16,FALSE) -> 109305.86 | H16: =HLOOKUP($E$3,$S$3:$BS$269,Q16,FALSE) -> 123608.71 | Q16: 14 | S16: 1494730.8 | T16: 32642.4 | U16: 11.97 | V16: 108540 | W16: 558339.88 | X16: 32147.74 | Y16: 51736.32 | Z16: 1127.31 | AA16: 0 | AB16: 93434.97 | AC16: 183902.4 | AD16: 0 | AE16: 1279.39 | AF16: 2163.78 | AG16: 0 | AH16: 0 | AI16: 0 | AJ16: 294142.48 | AK16: 3662.98 | AL16: 29271.24 | AM16: 0 | AN16: 0 | AO16: 2549.97 | AP16: 1154059.1 | AQ16: 229286.05 | AR16: 43983.81 | AS16: 12592 | AT16: 0 | AU16: 0 | AV16: 123608.71 | AW16: 66058.78 | AX16: 62026.74 | AY16: 0 | AZ16: 0 | BA16: 0 | BB16: 10999.92 | BC16: 1030.15 | BD16: 20428.62 | BE16: 0 | BF16: 9125 | BG16: 169202.33 | BH16: 42338.48 | BI16: 0 | BJ16: 0 | BK16: 114241.3 | BL16: 12346.91 | BM16: 2759093.3 | BN16: 40871.96 | BO16: 71742.24 | BP16: 22798.26 | BQ16: 0 | BR16: -709.8 | BS16: 0
B17: 9 | C17: 5020 | D17: 9 | E17: Overhead Distribution Lines and Feeders - Operation Labor | G17: =HLOOKUP($E$3,'2024 Historical'!$C$3:$BC$261,Q17,FALSE) -> 162245.35 | H17: =HLOOKUP($E$3,$S$3:$BS$269,Q17,FALSE) -> 85236.33 | Q17: 15 | S17: 18529705 | T17: 90355.43 | U17: 231574.29 | V17: 0 | W17: 358947.21 | X17: 132354.9 | Y17: 838.56 | Z17: 0 | AA17: 16633.24 | AB17: 1623854.4 | AC17: 260141.7 | AD17: 2532063 | AE17: 90093.52 | AF17: 17541.78 | AG17: 138702.6 | AH17: 5978.81 | AI17: 33903.72 | AJ17: 180404.92 | AK17: 88742.15 | AL17: 541809.84 | AM17: 13382.54 | AN17: 0 | AO17: 54.67 | AP17: 8292239.4 | AQ17: 241260.68 | AR17: 32095.9 | AS17: 84138.78 | AT17: 111718.69 | AU17: 39980.9 | AV17: 85236.33 | AW17: 327176.45 | AX17: 10997.72 | AY17: 84409.28 | AZ17: 89588.27 | BA17: 8988 | BB17: 110726.26 | BC17: 319820.53 | BD17: 12969.93 | BE17: 813612.9 | BF17: 23762.5 | BG17: 438843.6 | BH17: 35382.42 | BI17: 2029.68 | BJ17: 418167.08 | BK17: 389371.1 | BL17: 2394.36 | BM17: 279464.84 | BN17: 0 | BO17: 109299.38 | BP17: 28015.38 | BQ17: 0 | BR17: 1683413.8 | BS17: 281126.48
B18: 10 | C18: 5025 | D18: 10 | E18: Overhead Distribution Lines and Feeders - Operation Supplies and Expenses | G18: =HLOOKUP($E$3,'2024 Historical'!$C$3:$BC$261,Q18,FALSE) -> 336377.56 | H18: =HLOOKUP($E$3,$S$3:$BS$269,Q18,FALSE) -> 326500.84 | Q18: 16 | S18: 9458831.1 | T18: 94026.13 | U18: 54103.87 | V18: 211953 | W18: 559097.65 | X18: 39918.15 | Y18: 8775 | Z18: 0 | AA18: 7777.17 | AB18: 589482.33 | AC18: 53618.48 | AD18: -220048.08 | AE18: 8037.76 | AF18: 0 | AG18: 49353.99 | AH18: 54266.87 | AI18: 6040.16 | AJ18: 460334.39 | AK18: 26346.56 | AL18: 42241.189 | AM18: 86565.43 | AN18: 0 | AO18: 3481 | AP18: 272460.07 | AQ18: 76996.45 | AR18: 18560.22 | AS18: 68436.61 | AT18: 22216.78 | AU18: 0 | AV18: 326500.84 | AW18: 0 | AX18: 38042.22 | AY18: 83250.5 | AZ18: 67262.8 | BA18: 22323.31 | BB18: 2681.03 | BC18: 160519.81 | BD18: 20136.67 | BE18: 256481.49 | BF18: 6131.77 | BG18: 253457.85 | BH18: 26431.34 | BI18: 0 | BJ18: 120664.18 | BK18: 768685.37 | BL18: 22033.21 | BM18: 1586591.4 | BN18: 0 | BO18: 77765.76 | BP18: 16618.81 | BQ18: 0 | BR18: 1137324.7 | BS18: 145482.7
B19: 11 | C19: 5035 | D19: 11 | E19: Overhead Distribution Transformers - Operation | G19: =HLOOKUP($E$3,'2024 Historical'!$C$3:$BC$261,Q19,FALSE) -> 53087.98 | H19: =HLOOKUP($E$3,$S$3:$BS$269,Q19,FALSE) -> 67309.1 | Q19: 17 | S19: 0 | T19: 0 | U19: 0 | V19: 2464 | W19: 14918.77 | X19: 22479.54 | Y19: 0 | Z19: 479.18 | AA19: 12225.48 | AB19: 0 | AC19: 0 | AD19: 69566.32 | AE19: 1822.46 | AF19: 0 | AG19: 570.37 | AH19: 22.38 | AI19: 0 | AJ19: 54897.74 | AK19: 603.09 | AL19: 26622.499 | AM19: 10.21 | AN19: 0 | AO19: 16478.16 | AP19: 0 | AQ19: 239181.76 | AR19: 0 | AS19: 3745.98 | AT19: 0 | AU19: 1249.16 | AV19: 67309.1 | AW19: 0 | AX19: 48137.77 | AY19: 0 | AZ19: 0 | BA19: 60254 | BB19: 0 | BC19: 8641.78 | BD19: 0 | BE19: 0 | BF19: 365467.52 | BG19: 13111.39 | BH19: 12136.15 | BI19: 1553.98 | BJ19: 4210.79 | BK19: 438526.48 | BL19: 8052.24 | BM19: 0 | BN19: 0 | BO19: 0 | BP19: 3066.33 | BQ19: 0 | BR19: 823.94 | BS19: 44467.98
B20: 12 | C20: 5040 | D20: 12 | E20: Underground Distribution Lines and Feeders - Operation Labor | G20: =HLOOKUP($E$3,'2024 Historical'!$C$3:$BC$261,Q20,FALSE) -> 161452.09 | H20: =HLOOKUP($E$3,$S$3:$BS$269,Q20,FALSE) -> 218339.58 | Q20: 18 | S20: 5829221.5 | T20: 3764.19 | U20: 0 | V20: 1067316 | W20: 71034.43 | X20: 99188.72 | Y20: 0 | Z20: 0 | AA20: 178042.15 | AB20: -1407241 | AC20: 490781.26 | AD20: 814198.28 | AE20: 34298.73 | AF20: 4674.48 | AG20: 103071.38 | AH20: 6226.3 | AI20: 9019.46 | AJ20: 106755.15 | AK20: 2221.53 | AL20: 58675.83 | AM20: 652.09 | AN20: 0 | AO20: 5.86 | AP20: 968746.91 | AQ20: 460272.27 | AR20: 6642.1 | AS20: 46507.02 | AT20: 5012.95 | AU20: 0 | AV20: 218339.58 | AW20: 0 | AX20: 118868.77 | AY20: 40222.16 | AZ20: 30.5 | BA20: 38239.64 | BB20: 0 | BC20: 917048.67 | BD20: 5907.23 | BE20: 13842.41 | BF20: 5417.92 | BG20: 236264.92 | BH20: 2266.54 | BI20: 0 | BJ20: 0 | BK20: 31197.92 | BL20: 545.74 | BM20: 634693.51 | BN20: 0 | BO20: 368940.59 | BP20: 273.25 | BQ20: 417585.86 | BR20: 155817.63 | BS20: 128620.46
B21: 13 | C21: 5045 | D21: 13 | E21: Underground Distribution Lines and Feeders - Operation Supplies and Expenses | G21: =HLOOKUP($E$3,'2024 Historical'!$C$3:$BC$261,Q21,FALSE) -> 235028.56 | H21: =HLOOKUP($E$3,$S$3:$BS$269,Q21,FALSE) -> 166326.7 | Q21: 19 | S21: 16117167 | T21: 0 | U21: 0 | V21: 424199 | W21: 614970.68 | X21: 196965.69 | Y21: 0 | Z21: 0 | AA21: 0 | AB21: 2129973.4 | AC21: 213454.84 | AD21: 425633.4 | AE21: 0 | AF21: 662.42 | AG21: 46946.35 | AH21: 515.5 | AI21: 782.66 | AJ21: 75510.42 | AK21: 56101.61 | AL21: 17351.531 | AM21: 5296.78 | AN21: 0 | AO21: 0 | AP21: 90820.02 | AQ21: 4696809.3 | AR21: 146406.9 | AS21: 40815.49 | AT21: 0 | AU21: 0 | AV21: 166326.7 | AW21: 823933.37 | AX21: 278162.28 | AY21: 446452.35 | AZ21: 6914.69 | BA21: 233610.91 | BB21: 0 | BC21: 30069.27 | BD21: 3056.93 | BE21: 0 | BF21: 4217.42 | BG21: 34560.42 | BH21: 728 | BI21: 0 | BJ21: 7933.07 | BK21: 15149.08 | BL21: 639.59 | BM21: 6244008.2 | BN21: 0 | BO21: 0 | BP21: 8634.02 | BQ21: 0 | BR21: 299392.9 | BS21: 109065.06
... B29: 21 | C29: 5096 | D29: 21 | E29: Other Rent (Distribution) | G29: =HLOOKUP($E$3,'2024 Historical'!$C$3:$BC$261,Q29,FALSE) -> 0 | H29: =HLOOKUP($E$3,$S$3:$BS$269,Q29,FALSE) -> 0 | Q29: 27 | S29: 0 | T29: 2334.55 | U29: 8527.77 | V29: 0 | W29: 0 | X29: 0 | Y29: 0 | Z29: 0 | AA29: 0 | AB29: 0 | AC29: 0 | AD29: 0 | AE29: 188400 | AF29: 979 | AG29: 123187.99 | AH29: 0 | AI29: 0 | AJ29: 0 | AK29: 0 | AL29: 0 | AM29: 3600 | AN29: 0 | AO29: 0 | AP29: 0 | AQ29: 228659.96 | AR29: 0 | AS29: 0 | AT29: 66607.67 | AU29: 0 | AV29: 0 | AW29: 0 | AX29: 0 | AY29: 0 | AZ29: 0 | BA29: 0 | BB29: 0 | BC29: 0 | BD29: 16719.16 | BE29: 0 | BF29: 86900.04 | BG29: 175158.97 | BH29: 1257.74 | BI29: 0 | BJ29: 0 | BK29: 0 | BL29: 0 | BM29: 0 | BN29: 0 | BO29: 0 | BP29: 0 | BQ29: 0 | BR29: 0 | BS29: 2779.67
B30: 22 | E30: Subtotal: Operation | G30: =HLOOKUP($E$3,'2024 Historical'!$C$3:$BC$261,Q30,FALSE) -> 13271392 | H30: =HLOOKUP($E$3,$S$3:$BS$269,Q30,FALSE) -> 14612998 | Q30: 28 | S30: 92919702 | T30: 1841311.9 | U30: 412824.88 | V30: 4050931 | W30: 5010304.1 | X30: 2322506.6 | Y30: 541406.34 | Z30: 62106.93 | AA30: 322806.25 | AB30: 12082366 | AC30: 2675125.2 | AD30: 9450252.5 | AE30: 1174523.5 | AF30: 1962535.2 | AG30: 1557609.5 | AH30: 1282091.8 | AI30: 562442.76 | AJ30: 7626958.8 | AK30: 1193952.5 | AL30: 1677483.3 | AM30: 239564.15 | AN30: 11125 | AO30: 99268 | AP30: 1.4375898e+08 | AQ30: 30969663 | AR30: 1980714.1 | AS30: 2969613.7 | AT30: 515426.12 | AU30: 524337.31 | AV30: 14612998 | AW30: 3348507.8 | AX30: 4312597.5 | AY30: 5491848.5 | AZ30: 912436.6 | BA30: 1587693.5 | BB30: 1081854.7 | BC30: 9485754.6 | BD30: 955526.07 | BE30: 2621786.7 | BF30: 1222318.1 | BG30: 4518214.7 | BH30: 460386.79 | BI30: 544361.8 | BJ30: 654370.93 | BK30: 3749851.8 | BL30: 734114.86 | BM30: 61272734 | BN30: 113630.35 | BO30: 1672490.5 | BP30: 566434.11 | BQ30: 999467.55 | BR30: 14481639 | BS30: 5120109.1
B31: 23 | C31: 5105 | D31: 22 | E31: Maintenance Supervision and Engineering | G31: =HLOOKUP($E$3,'2024 Historical'!$C$3:$BC$261,Q31,FALSE) -> 1485448.3 | H31: =HLOOKUP($E$3,$S$3:$BS$269,Q31,FALSE) -> 1617451.3 | Q31: 29 | S31: 8389396.8 | T31: 73786.03 | U31: 0 | V31: 0 | W31: 0 | X31: 17905.59 | Y31: 63862.87 | Z31: 0 | AA31: 0 | AB31: 575122.29 | AC31: 1004641.7 | AD31: 0 | AE31: 232495.87 | AF31: 0 | AG31: 3575.12 | AH31: 0 | AI31: 95972.47 | AJ31: 0 | AK31: 175146.81 | AL31: 0 | AM31: 32815.3 | AN31: 0 | AO31: 0 | AP31: 10159563 | AQ31: 1426387.3 | AR31: 0 | AS31: 51104.31 | AT31: 0 | AU31: 585044.77 | AV31: 1617451.3 | AW31: 349065.02 | AX31: 25353.28 | AY31: 416219.76 | AZ31: 840.9 | BA31: 491144.78 | BB31: 2635.43 | BC31: 687986.95 | BD31: 0 | BE31: 114053.31 | BF31: 4537.5 | BG31: 0 | BH31: 0 | BI31: 0 | BJ31: 0 | BK31: 2081592.3 | BL31: 123.72 | BM31: 22754692 | BN31: 138580.24 | BO31: 139858.95 | BP31: 161920.18 | BQ31: 0 | BR31: 0 | BS31: 19513.88
B32: 24 | C32: 5110 | D32: 23 | E32: Maintenance of Buildings and Fixtures | G32: =HLOOKUP($E$3,'2024 Historical'!$C$3:$BC$261,Q32,FALSE) -> 162061.84 | H32: =HLOOKUP($E$3,$S$3:$BS$269,Q32,FALSE) -> 94388.73 | Q32: 30 | S32: 226932.55 | T32: 376 | U32: 0 | V32: 0 | W32: 480475.77 | X32: 80415.57 | Y32: 0 | Z32: 9038.46 | AA32: 0 | AB32: 84238.26 | AC32: 0 | AD32: 0 | AE32: 42707.93 | AF32: 18214.01 | AG32: 0 | AH32: 10220.53 | AI32: 16979.63 | AJ32: 42321.19 | AK32: 0 | AL32: 0 | AM32: 0 | AN32: 0 | AO32: 0 | AP32: 2915558.1 | AQ32: 0 | AR32: 0 | AS32: 83273.39 | AT32: 0 | AU32: 0 | AV32: 94388.73 | AW32: 0 | AX32: 0 | AY32: 0 | AZ32: 0 | BA32: 45250.39 | BB32: 0 | BC32: 56364.66 | BD32: 0 | BE32: 91235.47 | BF32: 35631.62 | BG32: 124189.77 | BH32: 0 | BI32: 0 | BJ32: 0 | BK32: 36387.56 | BL32: 0 | BM32: 17937922 | BN32: 0 | BO32: 25989.92 | BP32: 0 | BQ32: 1469.57 | BR32: 57232.21 | BS32: 0
B33: 25 | C33: 5112 | D33: 24 | E33: Maintenance of Transformer Station Equipment | G33: =HLOOKUP($E$3,'2024 Historical'!$C$3:$BC$261,Q33,FALSE) -> 0 | H33: =HLOOKUP($E$3,$S$3:$BS$269,Q33,FALSE) -> 0 | Q33: 31 | S33: 0 | T33: 0 | U33: 0 | V33: 0 | W33: 0 | X33: 0 | Y33: 0 | Z33: 0 | AA33: 0 | AB33: 19851.81 | AC33: 0 | AD33: 875080.89 | AE33: 0 | AF33: 0 | AG33: 0 | AH33: 49486.44 | AI33: 13300.61 | AJ33: 0 | AK33: 19342.55 | AL33: 0 | AM33: 0 | AN33: 0 | AO33: 0 | AP33: 1404671.7 | AQ33: 552924.04 | AR33: 0 | AS33: 0 | AT33: 0 | AU33: 0 | AV33: 0 | AW33: 0 | AX33: 0 | AY33: 124006.52 | AZ33: 84588.45 | BA33: 0 | BB33: 2734.93 | BC33: 170981.32 | BD33: 0 | BE33: 0 | BF33: 0 | BG33: 82119.72 | BH33: 0 | BI33: 0 | BJ33: 0 | BK33: 14777.02 | BL33: 0 | BM33: 1105257.2 | BN33: 0 | BO33: 0 | BP33: 0 | BQ33: 0 | BR33: 134039.81 | BS33: 2829.02
B34: 26 | C34: 5114 | D34: 25 | E34: Maintenance of Distribution Station Equipement | G34: =HLOOKUP($E$3,'2024 Historical'!$C$3:$BC$261,Q34,FALSE) -> 779674.3 | H34: =HLOOKUP($E$3,$S$3:$BS$269,Q34,FALSE) -> 810816.45 | Q34: 32 | S34: 6564962 | T34: 28039.66 | U34: 9706.13 | V34: 102854 | W34: 360013.78 | X34: 123851.57 | Y34: 37659.13 | Z34: 10489.2 | AA34: 0 | AB34: 481159.06 | AC34: 142477.07 | AD34: 692.75 | AE34: 61377.26 | AF34: 21278.67 | AG34: 0 | AH34: 4624.28 | AI34: 0 | AJ34: 3749.31 | AK34: 0 | AL34: 99056.4 | AM34: 0 | AN34: 0 | AO34: 0 | AP34: 13227325 | AQ34: 1623177.7 | AR34: 191645.04 | AS34: 185591.21 | AT34: 0 | AU34: -185069.55 | AV34: 810816.45 | AW34: 0 | AX34: 120921.92 | AY34: 45646.24 | AZ34: 0 | BA34: 110936.84 | BB34: 4429.44 | BC34: 153428.39 | BD34: 1552.57 | BE34: 498744.8 | BF34: 103181.28 | BG34: 344471.27 | BH34: 2231.66 | BI34: 136235.34 | BJ34: 0 | BK34: 162003.63 | BL34: 0 | BM34: 708329.49 | BN34: 0 | BO34: 110786.71 | BP34: 28946.12 | BQ34: 222323.66 | BR34: 6828.83 | BS34: 738.64
B35: 27 | C35: 5120 | D35: 26 | E35: Maintenance of Poles, Towers and Fixtures | G35: =HLOOKUP($E$3,'2024 Historical'!$C$3:$BC$261,Q35,FALSE) -> 512001.35 | H35: =HLOOKUP($E$3,$S$3:$BS$269,Q35,FALSE) -> 490222.81 | Q35: 33 | S35: 1921497.8 | T35: 105954.47 | U35: 11381.93 | V35: 14843 | W35: 83103.56 | X35: 135473.92 | Y35: 32574.52 | Z35: 6414 | AA35: 67492.56 | AB35: 2669825.4 | AC35: 156336.67 | AD35: 460299.67 | AE35: 15585 | AF35: 77859.87 | AG35: 107382 | AH35: 77007.52 | AI35: 8937.08 | AJ35: 316703.36 | AK35: 16761.64 | AL35: 69129.411 | AM35: 126570.73 | AN35: 6214 | AO35: 3.95 | AP35: 27648050 | AQ35: 903885.01 | AR35: 67875.19 | AS35: 99815.96 | AT35: 47787.25 | AU35: 64368.82 | AV35: 490222.81 | AW35: 255085.13 | AX35: 51620.55 | AY35: 175286.93 | AZ35: 44334.65 | BA35: 101399.7 | BB35: 3834.83 | BC35: 39436.41 | BD35: 1944.54 | BE35: 200856.88 | BF35: 21437.39 | BG35: 122558.84 | BH35: 507.18 | BI35: 13914.48 | BJ35: 38055.44 | BK35: 219059.6 | BL35: 8997.47 | BM35: 1033378.3 | BN35: 38000.9 | BO35: 113158.31 | BP35: 19302.01 | BQ35: 324086.64 | BR35: 408672.61 | BS35: 184687.48
B36: 28 | C36: 5125 | D36: 27 | E36: Maintenance of Overhead Conductors and Devices | G36: =HLOOKUP($E$3,'2024 Historical'!$C$3:$BC$261,Q36,FALSE) -> 1521266.4 | H36: =HLOOKUP($E$3,$S$3:$BS$269,Q36,FALSE) -> 1819930.2 | Q36: 34 | S36: 1275240.6 | T36: 718204.27 | U36: 35336.17 | V36: 165766 | W36: 2621875.7 | X36: 400755.86 | Y36: 18868.26 | Z36: 5931 | AA36: 242197.8 | AB36: 478364.63 | AC36: 532825.72 | AD36: 0 | AE36: 75306.06 | AF36: 240216.87 | AG36: 195341.57 | AH36: 136530.21 | AI36: 18587.4 | AJ36: 346753.99 | AK36: 98488.84 | AL36: 0 | AM36: 170806.63 | AN36: 3500 | AO36: 35077.47 | AP36: 42345011 | AQ36: 1489790.5 | AR36: 287031.73 | AS36: 284307.67 | AT36: 0 | AU36: 142429.09 | AV36: 1819930.2 | AW36: 340624.84 | AX36: 222537.16 | AY36: 1032166.4 | AZ36: 103685.12 | BA36: 233918.19 | BB36: 443474.26 | BC36: 201305.34 | BD36: 49878.93 | BE36: 0 | BF36: 59943.01 | BG36: 766495.95 | BH36: 21123.93 | BI36: 360493.69 | BJ36: 0 | BK36: 1325303.9 | BL36: 27607.84 | BM36: 6677856.7 | BN36: 103048.68 | BO36: 588050.44 | BP36: 29960.83 | BQ36: 125933.67 | BR36: 1188227.3 | BS36: 1520307.1
B37: 29 | C37: 5130 | D37: 28 | E37: Maintenance of Overhead Services | G37: =HLOOKUP($E$3,'2024 Historical'!$C$3:$BC$261,Q37,FALSE) -> 286690.83 | H37: =HLOOKUP($E$3,$S$3:$BS$269,Q37,FALSE) -> 350127.61 | Q37: 35 | S37: 0 | T37: 303223.98 | U37: 6001.88 | V37: 372207 | W37: 883810.12 | X37: 293859.24 | Y37: 92246.42 | Z37: 0 | AA37: 181149.14 | AB37: 116509.2 | AC37: 334891.41 | AD37: 155242.82 | AE37: 342180.03 | AF37: 354983.65 | AG37: 218941.25 | AH37: 977447.7 | AI37: 20005.91 | AJ37: 387830.22 | AK37: 1820.26 | AL37: 0 | AM37: 3009.54 | AN37: 0 | AO37: 3755.95 | AP37: 11193521 | AQ37: 747882.44 | AR37: 368524.01 | AS37: 108492.15 | AT37: 110748.7 | AU37: 830228.93 | AV37: 350127.61 | AW37: 0 | AX37: 0 | AY37: 235481.75 | AZ37: 64489.93 | BA37: 277675.87 | BB37: 21243.08 | BC37: 17994.44 | BD37: 21587.21 | BE37: 0 | BF37: 42440.33 | BG37: 6590.91 | BH37: 31732.81 | BI37: 76478.53 | BJ37: 0 | BK37: 886511.69 | BL37: 17674.28 | BM37: 577788.58 | BN37: 61532.41 | BO37: 351388.64 | BP37: 16439.57 | BQ37: 163721.06 | BR37: 1751709.5 | BS37: 1255319.5
B38: 30 | C38: 5135 | D38: 29 | E38: Overhead Distribution Lines and Feeders - Right of Way | G38: =HLOOKUP($E$3,'2024 Historical'!$C$3:$BC$261,Q38,FALSE) -> 1537575 | H38: =HLOOKUP($E$3,$S$3:$BS$269,Q38,FALSE) -> 1613429.5 | Q38: 36 | S38: 6145492 | T38: 4743443.3 | U38: 27714.52 | V38: 394258 | W38: 1531387.5 | X38: 667440.17 | Y38: 109635.84 | Z38: 17780 | AA38: 351516.28 | AB38: 1704919.7 | AC38: 389478.25 | AD38: 1455881.2 | AE38: 66181.26 | AF38: 216661.12 | AG38: 383395.37 | AH38: 242968.3 | AI38: 112644.72 | AJ38: 751565.18 | AK38: 43382.95 | AL38: 368201.46 | AM38: 24559.98 | AN38: 7235 | AO38: 28180.12 | AP38: 89172600 | AQ38: 7064462.8 | AR38: 407094.77 | AS38: 296391.9 | AT38: 59754.68 | AU38: 205245.24 | AV38: 1613429.5 | AW38: 375259.87 | AX38: 357759.63 | AY38: 822700.88 | AZ38: 118226.92 | BA38: 802537.96 | BB38: 286309.01 | BC38: 669220.19 | BD38: 127201.98 | BE38: 182637.21 | BF38: 222510.25 | BG38: 858462.21 | BH38: 135761.85 | BI38: 46145.37 | BJ38: 94143.76 | BK38: 2272013.8 | BL38: 105443.16 | BM38: 5609955.2 | BN38: 221488.47 | BO38: 283867.35 | BP38: 72171.87 | BQ38: 332423.92 | BR38: 1292040.7 | BS38: 1270067.4
B39: 31 | C39: 5145 | D39: 30 | E39: Maintenance of Underground Conduit | G39: =HLOOKUP($E$3,'2024 Historical'!$C$3:$BC$261,Q39,FALSE) -> 447590.5 | H39: =HLOOKUP($E$3,$S$3:$BS$269,Q39,FALSE) -> 399387.13 | Q39: 37 | S39: 0 | T39: 0 | U39: 0 | V39: 41608 | W39: 12237.29 | X39: -17310.22 | Y39: 0 | Z39: 0 | AA39: 0 | AB39: 20771.67 | AC39: 25975.32 | AD39: 0 | AE39: 0 | AF39: 0 | AG39: 0 | AH39: 14572.02 | AI39: 0 | AJ39: 66981.69 | AK39: 254.99 | AL39: 0 | AM39: 803.41 | AN39: 0 | AO39: 0 | AP39: 52983.89 | AQ39: 200249.49 | AR39: 0 | AS39: 68042.74 | AT39: 0 | AU39: 409.02 | AV39: 399387.13 | AW39: 0 | AX39: 1816.81 | AY39: 25450.87 | AZ39: 0 | BA39: 11775.01 | BB39: 4108.1 | BC39: 205.24 | BD39: 64 | BE39: 172969.84 | BF39: 0 | BG39: 18256.38 | BH39: 0 | BI39: 4325.04 | BJ39: 0 | BK39: 34430.92 | BL39: 0 | BM39: 3769954.2 | BN39: 1584.91 | BO39: 0 | BP39: 392.99 | BQ39: 2086.92 | BR39: 57181.19 | BS39: 221820.2
B40: 32 | C40: 5150 | D40: 31 | E40: Maintenance of Underground Conductors and Devices | G40: =HLOOKUP($E$3,'2024 Historical'!$C$3:$BC$261,Q40,FALSE) -> 1617151.6 | H40: =HLOOKUP($E$3,$S$3:$BS$269,Q40,FALSE) -> 1370915.7 | Q40: 38 | S40: 2667581.7 | T40: 0 | U40: 0 | V40: 11964 | W40: 454551.92 | X40: 46960.55 | Y40: 4751.43 | Z40: 975 | AA40: 93936.33 | AB40: 489831.66 | AC40: 55541.17 | AD40: 0 | AE40: 101181.02 | AF40: 18864.83 | AG40: 97616.39 | AH40: 87199.34 | AI40: 1273.62 | AJ40: 120282.16 | AK40: 2120.45 | AL40: 49128.22 | AM40: 693.28 | AN40: 0 | AO40: 17980.67 | AP40: 1865586.8 | AQ40: 971465.02 | AR40: 33899.81 | AS40: 156990.22 | AT40: 0 | AU40: 13935.73 | AV40: 1370915.7 | AW40: 70571.25 | AX40: 384233.51 | AY40: 186604.14 | AZ40: 72662.07 | BA40: 68826.46 | BB40: 34804.19 | BC40: 243796.72 | BD40: 5744.62 | BE40: 0 | BF40: 33691.84 | BG40: 127311.89 | BH40: 145.07 | BI40: 15933.33 | BJ40: 0 | BK40: 217989.64 | BL40: 24697.34 | BM40: 11245135 | BN40: 142892.57 | BO40: 131822.13 | BP40: 0 | BQ40: 66296.64 | BR40: 731864.11 | BS40: 1311870.5
B41: 33 | C41: 5155 | D41: 32 | E41: Maintenance of Underground Services | G41: =HLOOKUP($E$3,'2024 Historical'!$C$3:$BC$261,Q41,FALSE) -> 616677.31 | H41: =HLOOKUP($E$3,$S$3:$BS$269,Q41,FALSE) -> 1199171.5 | Q41: 39 | S41: 0 | T41: 0 | U41: 0 | V41: 69772 | W41: 850618.62 | X41: 74250.13 | Y41: 109584.14 | Z41: 0 | AA41: 230429.96 | AB41: 516012.33 | AC41: 198123.49 | AD41: 651353.92 | AE41: 252588.76 | AF41: -330134.31 | AG41: 339413.16 | AH41: 185999.48 | AI41: 1162.57 | AJ41: 48710.5 | AK41: 25428.64 | AL41: 0 | AM41: 1218.1 | AN41: 450 | AO41: 13273.61 | AP41: 9514492.5 | AQ41: 129050.21 | AR41: 65944.48 | AS41: 85317.83 | AT41: 54972.48 | AU41: 209289.84 | AV41: 1199171.5 | AW41: 0 | AX41: 187206.17 | AY41: 223474.62 | AZ41: 57959.02 | BA41: 245995.36 | BB41: 17092.25 | BC41: 634.67 | BD41: 115268 | BE41: 62389.52 | BF41: 25835.95 | BG41: 6816.63 | BH41: 7951.46 | BI41: 24410.46 | BJ41: 0 | BK41: 114273.11 | BL41: 14239.61 | BM41: 118485.42 | BN41: 156977.17 | BO41: 194725.05 | BP41: 7790.76 | BQ41: 218711.95 | BR41: 589415.43 | BS41: 344185.69
B42: 34 | C42: 5160 | D42: 33 | E42: Maintenance of Line Transformers | G42: =HLOOKUP($E$3,'2024 Historical'!$C$3:$BC$261,Q42,FALSE) -> 113809.78 | H42: =HLOOKUP($E$3,$S$3:$BS$269,Q42,FALSE) -> 73809.49 | Q42: 40 | S42: 2585014.2 | T42: 53208.2 | U42: 2329.08 | V42: 17516 | W42: 24198.08 | X42: 90169.75 | Y42: 36678.3 | Z42: 0 | AA42: 15320.42 | AB42: 34522.55 | AC42: 102232.57 | AD42: 36775.23 | AE42: 52968.98 | AF42: 129027.58 | AG42: 53682.39 | AH42: 49696.48 | AI42: 3146.69 | AJ42: 180587.82 | AK42: 7426.93 | AL42: 0 | AM42: 55721.58 | AN42: 4100 | AO42: 2788.07 | AP42: 4050749.5 | AQ42: 85827.91 | AR42: 37649.3 | AS42: 51111.78 | AT42: 0 | AU42: 50612.64 | AV42: 73809.49 | AW42: 164405.84 | AX42: 60858.28 | AY42: 78717.18 | AZ42: 44085.68 | BA42: 154186.31 | BB42: 69659.83 | BC42: 26549.41 | BD42: 33405.48 | BE42: 0 | BF42: 146913.86 | BG42: 17506.92 | BH42: 7597.82 | BI42: -2360.79 | BJ42: 459.04 | BK42: 5810.02 | BL42: 14846.79 | BM42: 2107418.5 | BN42: 43923.68 | BO42: 167646.07 | BP42: 2076.83 | BQ42: 78635.48 | BR42: 325195.15 | BS42: 111925.41
B43: 35 | C43: 5175 | D43: 34 | E43: Maintenance of Meters | G43: =HLOOKUP($E$3,'2024 Historical'!$C$3:$BC$261,Q43,FALSE) -> 808.27 | H43: =HLOOKUP($E$3,$S$3:$BS$269,Q43,FALSE) -> 1622.68 | Q43: 41 | S43: 1190524.1 | T43: 642103.35 | U43: 49684.34 | V43: 101685 | W43: 180744.72 | X43: 538891.13 | Y43: 0 | Z43: 0 | AA43: 320871.5 | AB43: 580734.1 | AC43: 389451.75 | AD43: 0 | AE43: 113341.52 | AF43: 2532.6 | AG43: 529.58 | AH43: 100948.34 | AI43: 52102.84 | AJ43: 17542.87 | AK43: 0 | AL43: 0 | AM43: 7246.56 | AN43: 4487.5 | AO43: 1147.4 | AP43: 5196240.3 | AQ43: 1384423.6 | AR43: 18801.27 | AS43: 0 | AT43: 83616.42 | AU43: 15064.1 | AV43: 1622.68 | AW43: 138344.07 | AX43: 0 | AY43: 0 | AZ43: 66115.81 | BA43: 13655.14 | BB43: 2439.47 | BC43: 0 | BD43: 0 | BE43: 0 | BF43: 16572.02 | BG43: 41006.56 | BH43: 70.68 | BI43: 7953.72 | BJ43: 861.68 | BK43: 26583.23 | BL43: 581.95 | BM43: 95776.64 | BN43: 61619.12 | BO43: 144542.29 | BP43: 15208.01 | BQ43: 447644.08 | BR43: 0 | BS43: 789394.66
B44: 36 | E44: Subtotal: Maintenance | G44: =HLOOKUP($E$3,'2024 Historical'!$C$3:$BC$261,Q44,FALSE) -> 9080755.5 | H44: =HLOOKUP($E$3,$S$3:$BS$269,Q44,FALSE) -> 9841273 | Q44: 42 | S44: 30966642 | T44: 6668339.3 | U44: 142154.05 | V44: 1292473 | W44: 7483017 | X44: 2452663.3 | Y44: 505860.91 | Z44: 50627.66 | AA44: 1502914 | AB44: 7771862.7 | AC44: 3331975.1 | AD44: 3635326.5 | AE44: 1355913.7 | AF44: 749504.89 | AG44: 1399876.8 | AH44: 1936700.6 | AI44: 344113.54 | AJ44: 2283028.3 | AK44: 390174.06 | AL44: 585515.49 | AM44: 423445.11 | AN44: 25986.5 | AO44: 102207.24 | AP44: 2.1874635e+08 | AQ44: 16579526 | AR44: 1478465.6 | AS44: 1470439.2 | AT44: 356879.53 | AU44: 1931558.6 | AV44: 9841273 | AW44: 1693356 | AX44: 1412307.3 | AY44: 3365755.3 | AZ44: 656988.55 | BA44: 2557302 | BB44: 892764.82 | BC44: 2267903.7 | BD44: 356647.33 | BE44: 1322887 | BF44: 712695.05 | BG44: 2515787 | BH44: 207122.46 | BI44: 683529.17 | BJ44: 133519.92 | BK44: 7396736.5 | BL44: 214212.16 | BM44: 73741948 | BN44: 969648.15 | BO44: 2251835.9 | BP44: 354209.17 | BQ44: 1983333.6 | BR44: 6542406.8 | BS44: 7032659.5
B45: 37 | C45: 5305 | D45: 35 | E45: Supervision (Billing and Collection) | G45: =HLOOKUP($E$3,'2024 Historical'!$C$3:$BC$261,Q45,FALSE) -> 434071.37 | H45: =HLOOKUP($E$3,$S$3:$BS$269,Q45,FALSE) -> 392976.91 | Q45: 43 | S45: 1604434.1 | T45: 93282.16 | U45: 3569.28 | V45: 229718 | W45: 0 | X45: 157951.88 | Y45: 84145.58 | Z45: 0 | AA45: 69346.9 | AB45: 157229.28 | AC45: 357035.54 | AD45: 0 | AE45: 130871.86 | AF45: 125929.48 | AG45: 188960.15 | AH45: 109769.04 | AI45: 28604.66 | AJ45: 139051.16 | AK45: 88067.99 | AL45: 293721.7 | AM45: 0 | AN45: 0 | AO45: 0 | AP45: 327977.89 | AQ45: 0 | AR45: 179136.94 | AS45: 0 | AT45: 0 | AU45: 174862.54 | AV45: 392976.91 | AW45: 0 | AX45: 295486.13 | AY45: 1369396.6 | AZ45: 60655.55 | BA45: 0 | BB45: 154131.5 | BC45: 571234.68 | BD45: 147281.5 | BE45: 112587.05 | BF45: 67587.24 | BG45: 0 | BH45: 0 | BI45: 0 | BJ45: 0 | BK45: 0 | BL45: 79805.84 | BM45: 945741.94 | BN45: 0 | BO45: 0 | BP45: 66042.79 | BQ45: 0 | BR45: 24606.93 | BS45: 800822.03
B46: 38 | C46: 5310 | D46: 36 | E46: Meter Reading Expense | G46: =HLOOKUP($E$3,'2024 Historical'!$C$3:$BC$261,Q46,FALSE) -> 1737313.2 | H46: =HLOOKUP($E$3,$S$3:$BS$269,Q46,FALSE) -> 2015009.8 | Q46: 44 | S46: 427229.31 | T46: 171358.67 | U46: 32983.51 | V46: 316328 | W46: 338788.92 | X46: 75489.72 | Y46: 129706.31 | Z46: 0 | AA46: 44485.77 | AB46: 239347.82 | AC46: 0 | AD46: 962215.13 | AE46: 300186.59 | AF46: 156106.05 | AG46: 609.6 | AH46: 191333.27 | AI46: 11184.18 | AJ46: 0 | AK46: 70007.01 | AL46: 8387.5 | AM46: 24279.43 | AN46: 12 | AO46: 32903.54 | AP46: 7936915.4 | AQ46: 431504.37 | AR46: 21851.08 | AS46: 280398.7 | AT46: 229800.74 | AU46: 119913.99 | AV46: 2015009.8 | AW46: 372824.46 | AX46: 568233.23 | AY46: 823876.02 | AZ46: 127562.37 | BA46: 410291.92 | BB46: 210565.77 | BC46: 1477827.8 | BD46: 236669.12 | BE46: 712443.21 | BF46: 39991.58 | BG46: 279960.66 | BH46: 32503.76 | BI46: 21029.32 | BJ46: 13455.4 | BK46: 264183.95 | BL46: 70537.65 | BM46: 4710300.6 | BN46: 171279.57 | BO46: 0 | BP46: 71219.84 | BQ46: 166817.85 | BR46: 1225081.6 | BS46: 503463.05
B47: 39 | C47: 5315 | D47: 37 | E47: Customer Billing | G47: =HLOOKUP($E$3,'2024 Historical'!$C$3:$BC$261,Q47,FALSE) -> 1562976.7 | H47: =HLOOKUP($E$3,$S$3:$BS$269,Q47,FALSE) -> 1861731.8 | Q47: 45 | S47: 17589603 | T47: 201032.28 | U47: 150809.08 | V47: 1503463 | W47: 1335038.6 | X47: 383645.81 | Y47: 344631.35 | Z47: 278275.18 | AA47: 669921.15 | AB47: 6065173 | AC47: 1457155.9 | AD47: 2039354.1 | AE47: 534521.79 | AF47: 947861.94 | AG47: 1079686.1 | AH47: 721389.15 | AI47: 183962.4 | AJ47: 913068.57 | AK47: 567273.42 | AL47: 745095.57 | AM47: 349164.33 | AN47: 226853 | AO47: 320827.19 | AP47: 42081134 | AQ47: 8377954.3 | AR47: 607531.15 | AS47: 507888.16 | AT47: 222007.33 | AU47: 443839.4 | AV47: 1861731.8 | AW47: 910999.87 | AX47: 961703.12 | AY47: 3449916.1 | AZ47: 435002.97 | BA47: 719381.81 | BB47: 352040.78 | BC47: 1729864.2 | BD47: 490594.88 | BE47: 1561254.1 | BF47: 600631.67 | BG47: 491973.56 | BH47: 413000.04 | BI47: 467209.38 | BJ47: 195929.88 | BK47: 1752251.3 | BL47: 421485.12 | BM47: 27917664 | BN47: 604171.77 | BO47: 1196518.6 | BP47: 153782.07 | BQ47: 511410.38 | BR47: 2696342.3 | BS47: 2942562.7
B48: 40 | C48: 5320 | D48: 38 | E48: Collecting | G48: =HLOOKUP($E$3,'2024 Historical'!$C$3:$BC$261,Q48,FALSE) -> 753983.87 | H48: =HLOOKUP($E$3,$S$3:$BS$269,Q48,FALSE) -> 1193856.4 | Q48: 46 | S48: 7476618.7 | T48: 183659.86 | U48: 0 | V48: 377500 | W48: 268975.46 | X48: 374331.65 | Y48: 109588.38 | Z48: 0 | AA48: 76856.61 | AB48: 1412543.5 | AC48: 998445.24 | AD48: 14278.72 | AE48: 106948.8 | AF48: 480968.42 | AG48: 313643.99 | AH48: 109630.75 | AI48: 26851.01 | AJ48: 273302.53 | AK48: 29829.33 | AL48: 376630.35 | AM48: 52298.7 | AN48: 1052.52 | AO48: 167222.57 | AP48: 10510039 | AQ48: 1062022.6 | AR48: 157324.56 | AS48: 170584.97 | AT48: 50401.82 | AU48: 110829.92 | AV48: 1193856.4 | AW48: 701728.7 | AX48: 786445.78 | AY48: 463199.92 | AZ48: 89660.11 | BA48: 283013.05 | BB48: 86872.65 | BC48: 446911.79 | BD48: 257090.05 | BE48: 603874.87 | BF48: 218498.02 | BG48: 96912.13 | BH48: 63765.44 | BI48: 13856.28 | BJ48: 79026.6 | BK48: 471531.77 | BL48: 96185.52 | BM48: 5380767.2 | BN48: 375222.22 | BO48: 374511.97 | BP48: 133778.36 | BQ48: 141321.57 | BR48: 3371466 | BS48: 281010.41
B49: 41 | C49: 5325 | D49: 39 | E49: Collecting - Cash Over and Short | G49: =HLOOKUP($E$3,'2024 Historical'!$C$3:$BC$261,Q49,FALSE) -> 0 | H49: =HLOOKUP($E$3,$S$3:$BS$269,Q49,FALSE) -> 0 | Q49: 47 | S49: 0 | T49: 0 | U49: 0.17 | V49: 0 | W49: 0 | X49: 0 | Y49: 0.02 | Z49: 0 | AA49: 0 | AB49: 0 | AC49: 0 | AD49: 0 | AE49: 0 | AF49: 0 | AG49: 0 | AH49: 0 | AI49: -17.3 | AJ49: 0 | AK49: 0 | AL49: 0 | AM49: 0 | AN49: 0 | AO49: 0 | AP49: 0 | AQ49: 0 | AR49: 0 | AS49: 0 | AT49: 478.16 | AU49: 0 | AV49: 0 | AW49: 0 | AX49: 0 | AY49: 0 | AZ49: 0 | BA49: 0 | BB49: 2 | BC49: 0 | BD49: -6.55 | BE49: 0 | BF49: 0 | BG49: 0 | BH49: 5.22 | BI49: 51.61 | BJ49: 0 | BK49: 0 | BL49: 0 | BM49: 0 | BN49: 0 | BO49: -42.94 | BP49: 0 | BQ49: 0 | BR49: 762.74 | BS49: 360.13
B50: 42 | C50: 5330 | D50: 40 | E50: Collection Charges | G50: =HLOOKUP($E$3,'2024 Historical'!$C$3:$BC$261,Q50,FALSE) -> -53692 | H50: =HLOOKUP($E$3,$S$3:$BS$269,Q50,FALSE) -> -74840 | Q50: 48 | S50: 0 | T50: 0 | U50: 0 | V50: 0 | W50: 191222.78 | X50: 0 | Y50: 0 | Z50: 320 | AA50: 0 | AB50: 0 | AC50: 0 | AD50: 0 | AE50: 0 | AF50: 0 | AG50: 0 | AH50: 0 | AI50: -3311.01 | AJ50: 0 | AK50: 1803.06 | AL50: 9203.95 | AM50: 37.5 | AN50: -270 | AO50: 0 | AP50: 0 | AQ50: 15 | AR50: 0 | AS50: 0 | AT50: 0 | AU50: 0 | AV50: -74840 | AW50: 53188.94 | AX50: 0 | AY50: 0 | AZ50: 0 | BA50: 0 | BB50: 4075.8 | BC50: 78943.64 | BD50: 0 | BE50: 0 | BF50: -13690 | BG50: 0 | BH50: 0 | BI50: 0 | BJ50: 2875.79 | BK50: 0 | BL50: 0 | BM50: 0 | BN50: 199.26 | BO50: 0 | BP50: 0 | BQ50: 16061.86 | BR50: 0 | BS50: 31238.99
B51: 43 | C51: 5340 | D51: 41 | E51: Miscellaneous Customer Account Expenses | G51: =HLOOKUP($E$3,'2024 Historical'!$C$3:$BC$261,Q51,FALSE) -> 0 | H51: =HLOOKUP($E$3,$S$3:$BS$269,Q51,FALSE) -> 0 | Q51: 49 | S51: 18487968 | T51: 253182.4 | U51: 0 | V51: 0 | W51: 858141.76 | X51: 545512.79 | Y51: 0 | Z51: 0 | AA51: 5915.1 | AB51: 2903185.1 | AC51: 912265.23 | AD51: 0 | AE51: 4682.68 | AF51: 0 | AG51: 25461.22 | AH51: 209695.37 | AI51: 0 | AJ51: 78892.07 | AK51: 15.23 | AL51: 0 | AM51: 25827.84 | AN51: 0 | AO51: 0 | AP51: 7346156.2 | AQ51: 549613.59 | AR51: 353529.84 | AS51: 0 | AT51: 84857.01 | AU51: 125784.64 | AV51: 0 | AW51: 0 | AX51: 0 | AY51: 99906.96 | AZ51: 3808.53 | BA51: 0 | BB51: 4370.63 | BC51: 180225.76 | BD51: 15520.99 | BE51: 0 | BF51: 52395.93 | BG51: 0 | BH51: 3870.9 | BI51: 2951.41 | BJ51: 0 | BK51: 0 | BL51: 127282.62 | BM51: 0 | BN51: 0 | BO51: 24966.87 | BP51: 84447.5 | BQ51: 0 | BR51: 4939764.7 | BS51: 1887142.3
B52: 44 | E52: Subtotal : Billing and Collections | G52: =HLOOKUP($E$3,'2024 Historical'!$C$3:$BC$261,Q52,FALSE) -> 4434653.1 | H52: =HLOOKUP($E$3,$S$3:$BS$269,Q52,FALSE) -> 5388734.9 | Q52: 50 | S52: 45585853 | T52: 902515.37 | U52: 187362.04 | V52: 2427009 | W52: 2992167.5 | X52: 1536931.9 | Y52: 668071.64 | Z52: 278595.18 | AA52: 866525.53 | AB52: 10777479 | AC52: 3724901.9 | AD52: 3015848 | AE52: 1077211.7 | AF52: 1710865.9 | AG52: 1608361 | AH52: 1341817.6 | AI52: 247273.94 | AJ52: 1404314.3 | AK52: 756996.04 | AL52: 1433039.1 | AM52: 451607.8 | AN52: 227647.52 | AO52: 520953.3 | AP52: 68202223 | AQ52: 10421110 | AR52: 1319373.6 | AS52: 958871.83 | AT52: 587545.06 | AU52: 975230.49 | AV52: 5388734.9 | AW52: 2038742 | AX52: 2611868.3 | AY52: 6206295.6 | AZ52: 716689.53 | BA52: 1412686.8 | BB52: 812059.13 | BC52: 4485007.8 | BD52: 1147150 | BE52: 2990159.2 | BF52: 965414.44 | BG52: 868846.35 | BH52: 513145.36 | BI52: 505098 | BJ52: 291287.67 | BK52: 2487967 | BL52: 795296.75 | BM52: 38954474 | BN52: 1150872.8 | BO52: 1595954.5 | BP52: 509270.56 | BQ52: 835611.66 | BR52: 12258024 | BS52: 6446599.7
B53: 45 | C53: 5405 | D53: 42 | E53: Supervision (Community Relations) | G53: =HLOOKUP($E$3,'2024 Historical'!$C$3:$BC$261,Q53,FALSE) -> 0 | H53: =HLOOKUP($E$3,$S$3:$BS$269,Q53,FALSE) -> 0 | Q53: 51 | S53: 1331616.4 | T53: 0 | U53: 0 | V53: 0 | W53: 0 | X53: 0 | Y53: 0 | Z53: 0 | AA53: 0 | AB53: 181326.75 | AC53: 0 | AD53: 0 | AE53: 0 | AF53: 0 | AG53: 0 | AH53: 1350 | AI53: 0 | AJ53: 169111.58 | AK53: 0 | AL53: 0 | AM53: 0 | AN53: 0 | AO53: 0 | AP53: 0 | AQ53: 0 | AR53: 0 | AS53: 0 | AT53: 0 | AU53: 0 | AV53: 0 | AW53: 0 | AX53: 139810.7 | AY53: 0 | AZ53: 0 | BA53: 0 | BB53: 0 | BC53: 0 | BD53: 0 | BE53: 47179 | BF53: 0 | BG53: 0 | BH53: 0 | BI53: 177.88 | BJ53: 0 | BK53: 0 | BL53: 0 | BM53: 0 | BN53: 0 | BO53: 40456.18 | BP53: 0 | BQ53: 0 | BR53: 859.78 | BS53: 11616.21
B54: 46 | C54: 5410 | D54: 43 | E54: Community Relations - Sundry | G54: =HLOOKUP($E$3,'2024 Historical'!$C$3:$BC$261,Q54,FALSE) -> 183183.07 | H54: =HLOOKUP($E$3,$S$3:$BS$269,Q54,FALSE) -> 247380.09 | Q54: 52 | S54: 892936.08 | T54: 4629.23 | U54: 0 | V54: 477932 | W54: 0 | X54: 0 | Y54: 24892.07 | Z54: 1885.62 | AA54: 1449.79 | AB54: 536308.73 | AC54: 254094.03 | AD54: 239288.87 | AE54: 0 | AF54: 52367.72 | AG54: 2652.72 | AH54: 0 | AI54: 23798.78 | AJ54: 1089145.1 | AK54: 0 | AL54: 0 | AM54: 2663.87 | AN54: 0 | AO54: 0 | AP54: 706592.48 | AQ54: 7204884.2 | AR54: 69328.25 | AS54: 0 | AT54: 13521.12 | AU54: 9565.76 | AV54: 247380.09 | AW54: 9300.73 | AX54: 143905.81 | AY54: 132210.77 | AZ54: 0 | BA54: 0 | BB54: 0 | BC54: 97274.69 | BD54: 59737.54 | BE54: 214855.95 | BF54: 23585.68 | BG54: 732997.75 | BH54: 55.5 | BI54: 0 | BJ54: 0 | BK54: 0 | BL54: 0 | BM54: 3995.87 | BN54: 21919.5 | BO54: 17175.35 | BP54: 15847.75 | BQ54: 0 | BR54: 821881.23 | BS54: 176101.23
B55: 47 | C55: 5420 | D55: 44 | E55: Community Safety Program | G55: =HLOOKUP($E$3,'2024 Historical'!$C$3:$BC$261,Q55,FALSE) -> 13783.8 | H55: =HLOOKUP($E$3,$S$3:$BS$269,Q55,FALSE) -> 14175.97 | Q55: 53 | S55: 0 | T55: 0 | U55: 0 | V55: 0 | W55: 6860 | X55: 1960 | Y55: 0 | Z55: 0 | AA55: 0 | AB55: 14750.78 | AC55: 0 | AD55: 0 | AE55: 0 | AF55: 0 | AG55: 0 | AH55: 0 | AI55: 304.8 | AJ55: 0 | AK55: 0 | AL55: 0 | AM55: 0 | AN55: 0 | AO55: 0 | AP55: 35187.19 | AQ55: 0 | AR55: 980 | AS55: 753.52 | AT55: 0 | AU55: 0 | AV55: 14175.97 | AW55: 0 | AX55: 0 | AY55: 0 | AZ55: 0 | BA55: 0 | BB55: 0 | BC55: 0 | BD55: 0 | BE55: 267848.25 | BF55: 0 | BG55: 10514.19 | BH55: 0 | BI55: -5454.88 | BJ55: 0 | BK55: 12720.92 | BL55: 0 | BM55: 2688594.1 | BN55: 0 | BO55: 1178 | BP55: 2455 | BQ55: 0 | BR55: 74802.98 | BS55: 31051.54
B56: 48 | C56: 5425 | D56: 45 | E56: Miscellaneous Customer Service and Informational Expenses | G56: =HLOOKUP($E$3,'2024 Historical'!$C$3:$BC$261,Q56,FALSE) -> 0 | H56: =HLOOKUP($E$3,$S$3:$BS$269,Q56,FALSE) -> 0 | Q56: 54 | S56: 0 | T56: 56842.21 | U56: 0 | V56: 5128 | W56: 0 | X56: 148122.77 | Y56: 15443.81 | Z56: 0 | AA56: 0 | AB56: 0 | AC56: 0 | AD56: 0 | AE56: 240395.65 | AF56: 0 | AG56: 0 | AH56: 0 | AI56: 34328.22 | AJ56: 0 | AK56: 0 | AL56: 0 | AM56: 0 | AN56: 0 | AO56: 0 | AP56: 1961003.3 | AQ56: 0 | AR56: 61.24 | AS56: 257059.23 | AT56: 0 | AU56: 5000 | AV56: 0 | AW56: 31481.08 | AX56: 0 | AY56: 0 | AZ56: 0 | BA56: 0 | BB56: 0 | BC56: 2055.38 | BD56: 0 | BE56: 621308.42 | BF56: 0 | BG56: 0 | BH56: 7092.88 | BI56: 10146.16 | BJ56: 0 | BK56: 0 | BL56: 0 | BM56: 0 | BN56: 0 | BO56: 0 | BP56: 0 | BQ56: 22820 | BR56: 0 | BS56: 0
B57: 49 | E57: Subtotal: Community Relations | G57: =HLOOKUP($E$3,'2024 Historical'!$C$3:$BC$261,Q57,FALSE) -> 196966.87 | H57: =HLOOKUP($E$3,$S$3:$BS$269,Q57,FALSE) -> 261556.06 | Q57: 55 | S57: 2224552.5 | T57: 61471.44 | U57: 0 | V57: 483060 | W57: 6860 | X57: 150082.77 | Y57: 40335.88 | Z57: 1885.62 | AA57: 1449.79 | AB57: 732386.26 | AC57: 254094.03 | AD57: 239288.87 | AE57: 240395.65 | AF57: 52367.72 | AG57: 2652.72 | AH57: 1350 | AI57: 58431.8 | AJ57: 1258256.7 | AK57: 0 | AL57: 0 | AM57: 2663.87 | AN57: 0 | AO57: 0 | AP57: 2702782.9 | AQ57: 7204884.2 | AR57: 70369.49 | AS57: 257812.75 | AT57: 13521.12 | AU57: 14565.76 | AV57: 261556.06 | AW57: 40781.81 | AX57: 283716.51 | AY57: 132210.77 | AZ57: 0 | BA57: 0 | BB57: 0 | BC57: 99330.07 | BD57: 59737.54 | BE57: 1151191.6 | BF57: 23585.68 | BG57: 743511.94 | BH57: 7148.38 | BI57: 4869.16 | BJ57: 0 | BK57: 12720.92 | BL57: 0 | BM57: 2692590 | BN57: 21919.5 | BO57: 58809.53 | BP57: 18302.75 | BQ57: 22820 | BR57: 897543.99 | BS57: 218768.98
B58: 50 | C58: 5605 | D58: 47 | E58: Executive Salaries and Expenses | G58: =HLOOKUP($E$3,'2024 Historical'!$C$3:$BC$261,Q58,FALSE) -> 2020698.3 | H58: =HLOOKUP($E$3,$S$3:$BS$269,Q58,FALSE) -> 2332354.7 | Q58: 56 | S58: 8522244.1 | T58: 735649.92 | U58: 10925.37 | V58: 1622265 | W58: 2952989.7 | X58: 724805.64 | Y58: 0 | Z58: 43724.56 | AA58: 83700.16 | AB58: 3250989.8 | AC58: 946353.85 | AD58: 1609652.4 | AE58: 1831023.9 | AF58: 86821.8 | AG58: 453467.05 | AH58: 2075422.9 | AI58: 245167.79 | AJ58: 1906141.9 | AK58: 352363.71 | AL58: 760323.58 | AM58: 15063.33 | AN58: 28392 | AO58: 150141.33 | AP58: 6397585.5 | AQ58: 3794759.5 | AR58: 287506.62 | AS58: 371670.87 | AT58: 15663.39 | AU58: 80899.39 | AV58: 2332354.7 | AW58: 29141.5 | AX58: 2635668.8 | AY58: 807800.45 | AZ58: 724021.68 | BA58: 0 | BB58: 30168 | BC58: 0 | BD58: 562399.68 | BE58: 2113194.1 | BF58: 51954.57 | BG58: 527530.66 | BH58: 184295.57 | BI58: 646922.15 | BJ58: 185005.93 | BK58: 1583240.1 | BL58: 121989.36 | BM58: 8170879 | BN58: 401786.14 | BO58: 576369.8 | BP58: 127133.1 | BQ58: 810315.76 | BR58: 2220910.3 | BS58: 2344719.5
B59: 51 | C59: 5610 | D59: 48 | E59: Management Salaries and Expenses | G59: =HLOOKUP($E$3,'2024 Historical'!$C$3:$BC$261,Q59,FALSE) -> 2775368.6 | H59: =HLOOKUP($E$3,$S$3:$BS$269,Q59,FALSE) -> 3197331.1 | Q59: 57 | S59: 39804206 | T59: 524275.89 | U59: 143035.34 | V59: 0 | W59: 120733.78 | X59: 780814.37 | Y59: 458592.41 | Z59: 152661.32 | AA59: 143829.01 | AB59: 3047486.1 | AC59: 4776435.3 | AD59: 0 | AE59: 25030.31 | AF59: 1313884.1 | AG59: 2128995.7 | AH59: 0 | AI59: 0 | AJ59: 907907.77 | AK59: 257121.37 | AL59: 1107301.1 | AM59: 0 | AN59: 97519.7 | AO59: 117570.88 | AP59: 31128254 | AQ59: 14252841 | AR59: 946326.47 | AS59: 118382.73 | AT59: 179512.77 | AU59: 0 | AV59: 3197331.1 | AW59: 1918241.1 | AX59: 1252362.9 | AY59: 4877198 | AZ59: 85743 | BA59: 1432338.9 | BB59: 275724.32 | BC59: 1391014.1 | BD59: 0 | BE59: 898644.3 | BF59: 397801.29 | BG59: 1027609.5 | BH59: 0 | BI59: 0 | BJ59: 9977.23 | BK59: 0 | BL59: 284231.23 | BM59: 20315913 | BN59: 204798.51 | BO59: 612202.29 | BP59: 68868.62 | BQ59: 802808.72 | BR59: 461314.01 | BS59: 4814685.7
B60: 52 | C60: 5615 | D60: 49 | E60: General Administrative Salaries and Expenses | G60: =HLOOKUP($E$3,'2024 Historical'!$C$3:$BC$261,Q60,FALSE) -> 5954569.8 | H60: =HLOOKUP($E$3,$S$3:$BS$269,Q60,FALSE) -> 6960365.1 | Q60: 58 | S60: 5839368.5 | T60: 2732904.9 | U60: 95709.29 | V60: 2057203 | W60: 3832196.2 | X60: 4851250.6 | Y60: 277403.22 | Z60: 75888.17 | AA60: 199921.02 | AB60: 10359411 | AC60: 277.41 | AD60: 5002890.6 | AE60: 490568.22 | AF60: 456944.74 | AG60: 311137.35 | AH60: 813319.83 | AI60: 206238.05 | AJ60: 883449.37 | AK60: 491449.58 | AL60: 1077130.9 | AM60: 130327.16 | AN60: 8097.17 | AO60: 0 | AP60: 53043204 | AQ60: 3807750.9 | AR60: 759666.71 | AS60: 965728.43 | AT60: 496971.83 | AU60: 0 | AV60: 6960365.1 | AW60: 1536103.4 | AX60: 1755126.7 | AY60: 314179.34 | AZ60: 103389.81 | BA60: 540123.64 | BB60: 196996.19 | BC60: 0 | BD60: 414640.17 | BE60: 2132664.1 | BF60: 167158.67 | BG60: 278571.56 | BH60: 111993.89 | BI60: 257887.28 | BJ60: 73938.59 | BK60: 1793364.3 | BL60: 361912.65 | BM60: 40216704 | BN60: 494973.54 | BO60: 487430.6 | BP60: 116840.73 | BQ60: 546558.99 | BR60: 2536221.1 | BS60: 4003299.2
B61: 53 | C61: 5620 | D61: 50 | E61: Office Supplies | G61: =HLOOKUP($E$3,'2024 Historical'!$C$3:$BC$261,Q61,FALSE) -> 3673240.7 | H61: =HLOOKUP($E$3,$S$3:$BS$269,Q61,FALSE) -> 3042151.4 | Q61: 59 | S61: 11208774 | T61: 179695.42 | U61: 4115.49 | V61: 3935 | W61: 451994.61 | X61: 592533.03 | Y61: 176767.78 | Z61: 26869.73 | AA61: 188321.87 | AB61: 1194859.1 | AC61: 527030.65 | AD61: 1151561.9 | AE61: 0 | AF61: 64277.67 | AG61: 252975.56 | AH61: 186126.96 | AI61: 93443.16 | AJ61: 0 | AK61: 51841.91 | AL61: 75655.22 | AM61: 10782.99 | AN61: 37117.03 | AO61: 20320.6 | AP61: 0 | AQ61: 8457639 | AR61: 367712.16 | AS61: 108461.34 | AT61: 154928.62 | AU61: 178393.8 | AV61: 3042151.4 | AW61: 400698.05 | AX61: 303482.44 | AY61: 64295.86 | AZ61: 26278.17 | BA61: 7333.42 | BB61: 155415.49 | BC61: 223096.3 | BD61: 34056.34 | BE61: 969924.14 | BF61: 54259.19 | BG61: 1143687.8 | BH61: 61201.27 | BI61: 9765.03 | BJ61: 20830.84 | BK61: 345142.68 | BL61: 0 | BM61: 465836.28 | BN61: 41628.9 | BO61: 0 | BP61: 42346.55 | BQ61: 711015.41 | BR61: 106333.38 | BS61: 3277962.9
B62: 54 | C62: 5625 | D62: 51 | E62: Administrative Expense Transferred - Credit | G62: =HLOOKUP($E$3,'2024 Historical'!$C$3:$BC$261,Q62,FALSE) -> 0 | H62: =HLOOKUP($E$3,$S$3:$BS$269,Q62,FALSE) -> 0 | Q62: 60 | S62: -435224.72 | T62: -788049.5 | U62: 0 | V62: 0 | W62: -405601.19 | X62: -5932560.7 | Y62: 0 | Z62: 0 | AA62: 0 | AB62: 0 | AC62: 0 | AD62: 0 | AE62: 0 | AF62: 0 | AG62: 0 | AH62: 0 | AI62: -13625.61 | AJ62: 0 | AK62: 0 | AL62: 0 | AM62: 0 | AN62: 0 | AO62: 0 | AP62: -99106492 | AQ62: 902108.64 | AR62: 0 | AS62: 0 | AT62: 0 | AU62: 0 | AV62: 0 | AW62: 0 | AX62: 0 | AY62: 0 | AZ62: 0 | BA62: 0 | BB62: 0 | BC62: -649998.48 | BD62: 0 | BE62: -129258.08 | BF62: 0 | BG62: 0 | BH62: 0 | BI62: 42541.08 | BJ62: 0 | BK62: 0 | BL62: 0 | BM62: 0 | BN62: 74989.55 | BO62: 0 | BP62: 0 | BQ62: 0 | BR62: -518682.15 | BS62: 0
B63: 55 | C63: 5630 | D63: 52 | E63: Outside Services Employed | G63: =HLOOKUP($E$3,'2024 Historical'!$C$3:$BC$261,Q63,FALSE) -> 1628724.7 | H63: =HLOOKUP($E$3,$S$3:$BS$269,Q63,FALSE) -> 2601549.5 | Q63: 61 | S63: 6406971.5 | T63: 507874.7 | U63: 94583.08 | V63: 0 | W63: 765992.03 | X63: 842958.97 | Y63: 94730.7 | Z63: 52804.31 | AA63: 431750.69 | AB63: 2159009.3 | AC63: 220075 | AD63: 2473934 | AE63: 66486.87 | AF63: 407669.08 | AG63: 172335.02 | AH63: 374892.71 | AI63: 156298.2 | AJ63: 44397.6 | AK63: 169761.7 | AL63: 446486.91 | AM63: 128975.75 | AN63: 27760.84 | AO63: 34767.59 | AP63: 34085154 | AQ63: 2219958.5 | AR63: 423263.97 | AS63: 817264.63 | AT63: 530290.31 | AU63: 101047.63 | AV63: 2601549.5 | AW63: 525473.85 | AX63: 397585.75 | AY63: 70099.96 | AZ63: 71567.43 | BA63: 263542.3 | BB63: 247513.18 | BC63: 262013.69 | BD63: 92718 | BE63: 797015.77 | BF63: 185993.71 | BG63: 403364.15 | BH63: 40877.43 | BI63: 160171.99 | BJ63: 154782.32 | BK63: 249674.13 | BL63: 194178.08 | BM63: 15217842 | BN63: 91271.25 | BO63: 305763.74 | BP63: 223088.21 | BQ63: 1200922.7 | BR63: 389310.14 | BS63: 1374092.8
B64: 56 | C64: 5640 | D64: 53 | E64: Injuries and Damages | G64: =HLOOKUP($E$3,'2024 Historical'!$C$3:$BC$261,Q64,FALSE) -> 649647.52 | H64: =HLOOKUP($E$3,$S$3:$BS$269,Q64,FALSE) -> 781312.98 | Q64: 62 | S64: 0 | T64: 0 | U64: 0 | V64: 0 | W64: 180478.54 | X64: 0 | Y64: 55752.04 | Z64: 5474.77 | AA64: 119348.54 | AB64: 506324.81 | AC64: 0 | AD64: 222513.22 | AE64: 94212.56 | AF64: 0 | AG64: 55444.68 | AH64: 60402.72 | AI64: 0 | AJ64: 0 | AK64: 0 | AL64: 116727.85 | AM64: 0 | AN64: 0 | AO64: 17138.61 | AP64: 727224.64 | AQ64: 3622488.4 | AR64: 194698.7 | AS64: 71268.78 | AT64: 46209.12 | AU64: 2500 | AV64: 781312.98 | AW64: 0 | AX64: 0 | AY64: 0 | AZ64: 40855.24 | BA64: 0 | BB64: 0 | BC64: 581079.36 | BD64: 41638.38 | BE64: 214376.83 | BF64: 0 | BG64: 0 | BH64: 8024.14 | BI64: 35228.66 | BJ64: 18980.94 | BK64: 304963.56 | BL64: 0 | BM64: 3277049.8 | BN64: 0 | BO64: 0 | BP64: 0 | BQ64: 10225.55 | BR64: 426238.04 | BS64: 436737.42
B65: 57 | C65: 5645 | D65: 54 | E65: OMERS Pensions and Benefits | G65: =HLOOKUP($E$3,'2024 Historical'!$C$3:$BC$261,Q65,FALSE) -> 89587.46 | H65: =HLOOKUP($E$3,$S$3:$BS$269,Q65,FALSE) -> 163053.33 | Q65: 63 | S65: -630212.97 | T65: 193773.72 | U65: 76405.44 | V65: 684082 | W65: 337421 | X65: 1168719.3 | Y65: 0 | Z65: 0 | AA65: 0 | AB65: 0 | AC65: 212271.09 | AD65: 0 | AE65: 0 | AF65: 948635.93 | AG65: 136999.13 | AH65: 351180.59 | AI65: 102260.43 | AJ65: 0 | AK65: 10397.63 | AL65: 183657.98 | AM65: 0 | AN65: 24357.36 | AO65: 9392.67 | AP65: 15027967 | AQ65: 495820.73 | AR65: 25263 | AS65: -16719.06 | AT65: 0 | AU65: 13770.22 | AV65: 163053.33 | AW65: 31278 | AX65: 113960.72 | AY65: 0 | AZ65: 49706.33 | BA65: 359031.78 | BB65: -2903 | BC65: 2326555.7 | BD65: 29855.04 | BE65: 518790.54 | BF65: 199042.29 | BG65: 0 | BH65: 0 | BI65: 0 | BJ65: 7716.8 | BK65: 1087781 | BL65: 0 | BM65: 0 | BN65: 0 | BO65: 52209.3 | BP65: 26742.48 | BQ65: 167368.49 | BR65: 18824.2 | BS65: 806540.46
B66: 58 | C66: 5646 | D66: 55 | E66: Employee Pensions and OPEB | G66: =HLOOKUP($E$3,'2024 Historical'!$C$3:$BC$261,Q66,FALSE) -> 0 | H66: =HLOOKUP($E$3,$S$3:$BS$269,Q66,FALSE) -> 0 | Q66: 64 | S66: 0 | T66: 0 | U66: 0 | V66: 238796 | W66: 0 | X66: 0 | Y66: 22423.06 | Z66: 0 | AA66: 0 | AB66: 0 | AC66: 123460.91 | AD66: 1971603.9 | AE66: -451 | AF66: 0 | AG66: 0 | AH66: 0 | AI66: 0 | AJ66: 501054.42 | AK66: 0 | AL66: 0 | AM66: 0 | AN66: 0 | AO66: 0 | AP66: 0 | AQ66: 0 | AR66: 0 | AS66: 0 | AT66: -21179 | AU66: -8649 | AV66: 0 | AW66: 0 | AX66: 0 | AY66: 0 | AZ66: 0 | BA66: 0 | BB66: 0 | BC66: 345500.04 | BD66: 0 | BE66: 0 | BF66: 0 | BG66: 0 | BH66: 21013.01 | BI66: 0 | BJ66: 10763.54 | BK66: 0 | BL66: 0 | BM66: 0 | BN66: 0 | BO66: 0 | BP66: 0 | BQ66: 0 | BR66: 0 | BS66: 0
B67: 59 | C67: 5647 | D67: 56 | E67: Employee Sick Leave | G67: =HLOOKUP($E$3,'2024 Historical'!$C$3:$BC$261,Q67,FALSE) -> 0 | H67: =HLOOKUP($E$3,$S$3:$BS$269,Q67,FALSE) -> 0 | Q67: 65 | S67: 0 | T67: 0 | U67: 2131.8 | V67: 0 | W67: 0 | X67: 0 | Y67: 0 | Z67: 0 | AA67: 0 | AB67: 0 | AC67: 0 | AD67: 0 | AE67: 0 | AF67: 0 | AG67: 0 | AH67: 0 | AI67: 0 | AJ67: 0 | AK67: 0 | AL67: 0 | AM67: 0 | AN67: 0 | AO67: 0 | AP67: 0 | AQ67: 0 | AR67: 0 | AS67: 0 | AT67: 0 | AU67: 0 | AV67: 0 | AW67: 0 | AX67: 0 | AY67: 0 | AZ67: 0 | BA67: 0 | BB67: 0 | BC67: 0 | BD67: 0 | BE67: 0 | BF67: 117576.94 | BG67: 0 | BH67: 0 | BI67: 0 | BJ67: 0 | BK67: 0 | BL67: 0 | BM67: 0 | BN67: 0 | BO67: 0 | BP67: 0 | BQ67: 0 | BR67: 0 | BS67: 0
B68: 60 | C68: 5650 | D68: 57 | E68: Franchise Requirements | G68: =HLOOKUP($E$3,'2024 Historical'!$C$3:$BC$261,Q68,FALSE) -> 0 | H68: =HLOOKUP($E$3,$S$3:$BS$269,Q68,FALSE) -> 0 | Q68: 66 | S68: 0 | T68: 0 | U68: 0 | V68: 0 | W68: 0 | X68: 0 | Y68: 0 | Z68: 0 | AA68: 0 | AB68: 0 | AC68: 0 | AD68: 0 | AE68: 0 | AF68: 0 | AG68: 0 | AH68: 0 | AI68: 0 | AJ68: 0 | AK68: 0 | AL68: 0 | AM68: 0 | AN68: 0 | AO68: 0 | AP68: 0 | AQ68: 0 | AR68: 0 | AS68: 0 | AT68: 0 | AU68: 0 | AV68: 0 | AW68: 0 | AX68: 0 | AY68: 0 | AZ68: 0 | BA68: 0 | BB68: 0 | BC68: 0 | BD68: 0 | BE68: 0 | BF68: 0 | BG68: 0 | BH68: 0 | BI68: 0 | BJ68: 0 | BK68: 0 | BL68: 0 | BM68: 0 | BN68: 0 | BO68: 0 | BP68: 0 | BQ68: 0 | BR68: 0 | BS68: 0
B69: 61 | C69: 5655 | D69: 58 | E69: Regulatory Expenses | G69: =HLOOKUP($E$3,'2024 Historical'!$C$3:$BC$261,Q69,FALSE) -> 985279.12 | H69: =HLOOKUP($E$3,$S$3:$BS$269,Q69,FALSE) -> 1159811.2 | Q69: 67 | S69: 3227250 | T69: 290981.14 | U69: 30329.24 | V69: 551470 | W69: 564325.88 | X69: 249209.26 | Y69: 170682.83 | Z69: 66350.33 | AA69: 175387.65 | AB69: 2533999.2 | AC69: 680826.78 | AD69: 509461.58 | AE69: 173036.22 | AF69: 173638.18 | AG69: 588506.31 | AH69: 343656.95 | AI69: 27084.8 | AJ69: 1411808.4 | AK69: 146942.22 | AL69: 178055.34 | AM69: 46591.85 | AN69: 64224.35 | AO69: 110979.25 | AP69: 6004806.1 | AQ69: 2574495.9 | AR69: 225540.5 | AS69: 324718.38 | AT69: 152440.86 | AU69: 172811.25 | AV69: 1159811.2 | AW69: 367747.79 | AX69: 311025.34 | AY69: 388799.37 | AZ69: 64092.15 | BA69: 439812.86 | BB69: 95604.09 | BC69: 822222.31 | BD69: 105658.31 | BE69: 561648.25 | BF69: 158032.34 | BG69: 542460.91 | BH69: 58182.46 | BI69: 64518.19 | BJ69: 26508.16 | BK69: 402337.25 | BL69: 81936.8 | BM69: 6338072.3 | BN69: 152984.35 | BO69: 203188.12 | BP69: 157693.54 | BQ69: 225047.43 | BR69: 2003354.9 | BS69: 777669.72
... B74: 66 | C74: 5680 | D74: 63 | E74: Electrical Safety Authority Fees | G74: =HLOOKUP($E$3,'2024 Historical'!$C$3:$BC$261,Q74,FALSE) -> 0 | H74: =HLOOKUP($E$3,$S$3:$BS$269,Q74,FALSE) -> 0 | Q74: 72 | S74: 510279.56 | T74: 20052.67 | U74: 0 | V74: 0 | W74: 0 | X74: 17644.26 | Y74: 11464.58 | Z74: 2213.42 | AA74: 0 | AB74: 78369.71 | AC74: 0 | AD74: 43562.98 | AE74: 9375.86 | AF74: 12718.34 | AG74: 14100.58 | AH74: 11768.95 | AI74: 5479.96 | AJ74: 0 | AK74: 0 | AL74: 0 | AM74: 2339.05 | AN74: 1633.83 | AO74: 4967.44 | AP74: 0 | AQ74: 0 | AR74: 14120.27 | AS74: 13438.24 | AT74: 0 | AU74: 33137.26 | AV74: 0 | AW74: 0 | AX74: 0 | AY74: 0 | AZ74: 5923.59 | BA74: 15107.57 | BB74: 3952.54 | BC74: 42055.6 | BD74: 9916.6 | BE74: 0 | BF74: 7891.89 | BG74: 0 | BH74: 2999.74 | BI74: 3879.28 | BJ74: 1748.25 | BK74: 0 | BL74: 4797.29 | BM74: 541967.56 | BN74: 7104.85 | BO74: 12219.95 | BP74: 6009.26 | BQ74: 0 | BR74: 0 | BS74: 12353.49
B75: 67 | E75: Sutotal: A&G Expenses | G75: =HLOOKUP($E$3,'2024 Historical'!$C$3:$BC$261,Q75,FALSE) -> 19469904 | H75: =HLOOKUP($E$3,$S$3:$BS$269,Q75,FALSE) -> 22047100 | Q75: 73 | S75: 1.1876775e+08 | T75: 5726259.1 | U75: 506387.56 | V75: 6481054 | W75: 10592239 | X75: 4717132.4 | Y75: 1410004.4 | Z75: 448986.61 | AA75: 1460202.9 | AB75: 25455687 | AC75: 8366880.1 | AD75: 15056696 | AE75: 2741392.8 | AF75: 4810623.8 | AG75: 4830177.9 | AH75: 4559379.8 | AI75: 944631.43 | AJ75: 6652515 | AK75: 1731219 | AL75: 4798064.1 | AM75: 393783.15 | AN75: 306751.76 | AO75: 512905.04 | AP75: 1.4334939e+08 | AQ75: 49774282 | AR75: 3952766 | AS75: 3365459.4 | AT75: 1780206.7 | AU75: 2727020.6 | AV75: 22047100 | AW75: 7903264.6 | AX75: 8532975.6 | AY75: 7544168.8 | AZ75: 1596349.1 | BA75: 3811790.5 | BB75: 1023116.7 | BC75: 6668178.8 | BD75: 1636780.6 | BE75: 9777971.5 | BF75: 1582357.4 | BG75: 4263621.8 | BH75: 576198.21 | BI75: 1462335.2 | BJ75: 581536.66 | BK75: 6456091.1 | BL75: 1488548.5 | BM75: 1.359437e+08 | BN75: 1705559.6 | BO75: 2414386.5 | BP75: 854670.17 | BQ75: 4861740.1 | BR75: 9936063.1 | BS75: 19634779
B76: 68 | C76: 5635 | D76: 64 | E76: Property Insurance | G76: =HLOOKUP($E$3,'2024 Historical'!$C$3:$BC$261,Q76,FALSE) -> 751235.98 | H76: =HLOOKUP($E$3,$S$3:$BS$269,Q76,FALSE) -> 853109.51 | Q76: 74 | S76: 5927256.8 | T76: 121401.03 | U76: 13654.7 | V76: 340370 | W76: 53157.17 | X76: 125576.3 | Y76: 3897.74 | Z76: 8833.02 | AA76: 38439.42 | AB76: 512639.83 | AC76: 227285.17 | AD76: 540790.46 | AE76: 65221.01 | AF76: 112694.95 | AG76: 21235.44 | AH76: 0 | AI76: 14326.97 | AJ76: 231726.48 | AK76: 76970.33 | AL76: 145865.34 | AM76: 11545.57 | AN76: 11458.06 | AO76: 5480.04 | AP76: 9258006.4 | AQ76: -0.74 | AR76: 140273.78 | AS76: 365330.98 | AT76: 36633.01 | AU76: 82814.77 | AV76: 853109.51 | AW76: 207121.48 | AX76: 326451.24 | AY76: 489805.5 | AZ76: 54842.18 | BA76: 265565.46 | BB76: 60269.64 | BC76: 235252.56 | BD76: 18682.58 | BE76: 171799.88 | BF76: 42565.75 | BG76: 174786.77 | BH76: 0 | BI76: 37310.16 | BJ76: 25353.52 | BK76: 76547.93 | BL76: 0 | BM76: 2020004.2 | BN76: 0 | BO76: 0 | BP76: 73087.56 | BQ76: 171251.5 | BR76: 475197.78 | BS76: 65503.06
B77: 69 | C77: 6210 | D77: 65 | E77: Life Insurance | G77: =HLOOKUP($E$3,'2024 Historical'!$C$3:$BC$261,Q77,FALSE) -> 0 | H77: =HLOOKUP($E$3,$S$3:$BS$269,Q77,FALSE) -> 0 | Q77: 75 | S77: 0 | T77: 0 | U77: 0 | V77: 0 | W77: 0 | X77: 0 | Y77: 0 | Z77: 0 | AA77: 0 | AB77: 0 | AC77: 0 | AD77: 0 | AE77: 0 | AF77: 0 | AG77: 0 | AH77: 0 | AI77: 0 | AJ77: 0 | AK77: 0 | AL77: 0 | AM77: 0 | AN77: 0 | AO77: 0 | AP77: 0 | AQ77: 0 | AR77: 0 | AS77: 0 | AT77: 0 | AU77: 0 | AV77: 0 | AW77: 0 | AX77: 0 | AY77: 0 | AZ77: 0 | BA77: 0 | BB77: 0 | BC77: 0 | BD77: 0 | BE77: 0 | BF77: 0 | BG77: 0 | BH77: 0 | BI77: 0 | BJ77: 0 | BK77: 0 | BL77: 0 | BM77: 0 | BN77: 0 | BO77: 0 | BP77: 0 | BQ77: 0 | BR77: 0 | BS77: 0
B78: 70 | E78: Subtotal: Insurance | G78: =HLOOKUP($E$3,'2024 Historical'!$C$3:$BC$261,Q78,FALSE) -> 751235.98 | H78: =HLOOKUP($E$3,$S$3:$BS$269,Q78,FALSE) -> 853109.51 | Q78: 76 | S78: 5927256.8 | T78: 121401.03 | U78: 13654.7 | V78: 340370 | W78: 53157.17 | X78: 125576.3 | Y78: 3897.74 | Z78: 8833.02 | AA78: 38439.42 | AB78: 512639.83 | AC78: 227285.17 | AD78: 540790.46 | AE78: 65221.01 | AF78: 112694.95 | AG78: 21235.44 | AH78: 0 | AI78: 14326.97 | AJ78: 231726.48 | AK78: 76970.33 | AL78: 145865.34 | AM78: 11545.57 | AN78: 11458.06 | AO78: 5480.04 | AP78: 9258006.4 | AQ78: -0.74 | AR78: 140273.78 | AS78: 365330.98 | AT78: 36633.01 | AU78: 82814.77 | AV78: 853109.51 | AW78: 207121.48 | AX78: 326451.24 | AY78: 489805.5 | AZ78: 54842.18 | BA78: 265565.46 | BB78: 60269.64 | BC78: 235252.56 | BD78: 18682.58 | BE78: 171799.88 | BF78: 42565.75 | BG78: 174786.77 | BH78: 0 | BI78: 37310.16 | BJ78: 25353.52 | BK78: 76547.93 | BL78: 0 | BM78: 2020004.2 | BN78: 0 | BO78: 0 | BP78: 73087.56 | BQ78: 171251.5 | BR78: 475197.78 | BS78: 65503.06
B79: 71 | C79: 5515 | D79: 46 | E79: Advertinsing | G79: =HLOOKUP($E$3,'2024 Historical'!$C$3:$BC$261,Q79,FALSE) -> 0 | H79: =HLOOKUP($E$3,$S$3:$BS$269,Q79,FALSE) -> 0 | Q79: 77 | S79: 0 | T79: 0 | U79: 0 | V79: 0 | W79: 0 | X79: 0 | Y79: 0 | Z79: 4223.73 | AA79: 5304.48 | AB79: 0 | AC79: 0 | AD79: 0 | AE79: 0 | AF79: 32317.22 | AG79: 804.3 | AH79: 0 | AI79: 0 | AJ79: 0 | AK79: 0 | AL79: 0 | AM79: 5962.2 | AN79: 0 | AO79: 0 | AP79: 0 | AQ79: 0 | AR79: 0 | AS79: 0 | AT79: 0 | AU79: 0 | AV79: 0 | AW79: 0 | AX79: 81687.18 | AY79: 0 | AZ79: 0 | BA79: 0 | BB79: 0 | BC79: 0 | BD79: 0 | BE79: 0 | BF79: 0 | BG79: 0 | BH79: 0 | BI79: 0 | BJ79: 0 | BK79: 178665.46 | BL79: 0 | BM79: 10712.2 | BN79: 0 | BO79: 8045.02 | BP79: 0 | BQ79: 0 | BR79: 0 | BS79: 0
B80: 72 | E80: Subtotal Advertising | G80: =HLOOKUP($E$3,'2024 Historical'!$C$3:$BC$261,Q80,FALSE) -> 0 | H80: =HLOOKUP($E$3,$S$3:$BS$269,Q80,FALSE) -> 0 | Q80: 78 | S80: 0 | T80: 0 | U80: 0 | V80: 0 | W80: 0 | X80: 0 | Y80: 0 | Z80: 4223.73 | AA80: 5304.48 | AB80: 0 | AC80: 0 | AD80: 0 | AE80: 0 | AF80: 32317.22 | AG80: 804.3 | AH80: 0 | AI80: 0 | AJ80: 0 | AK80: 0 | AL80: 0 | AM80: 5962.2 | AN80: 0 | AO80: 0 | AP80: 0 | AQ80: 0 | AR80: 0 | AS80: 0 | AT80: 0 | AU80: 0 | AV80: 0 | AW80: 0 | AX80: 81687.18 | AY80: 0 | AZ80: 0 | BA80: 0 | BB80: 0 | BC80: 0 | BD80: 0 | BE80: 0 | BF80: 0 | BG80: 0 | BH80: 0 | BI80: 0 | BJ80: 0 | BK80: 178665.46 | BL80: 0 | BM80: 10712.2 | BN80: 0 | BO80: 8045.02 | BP80: 0 | BQ80: 0 | BR80: 0 | BS80: 0
B81: 73 | E81: Total of Above Accounts | G81: =HLOOKUP($E$3,'2024 Historical'!$C$3:$BC$261,Q81,FALSE) -> 47204907 | H81: =HLOOKUP($E$3,$S$3:$BS$269,Q81,FALSE) -> 53004771 | Q81: 79 | S81: 2.9639175e+08 | T81: 15321298 | U81: 1262383.2 | V81: 15074897 | W81: 26137744 | X81: 11304893 | Y81: 3169576.9 | Z81: 855258.75 | AA81: 4197642.4 | AB81: 57332420 | AC81: 18580262 | AD81: 31938202 | AE81: 6654658.3 | AF81: 9430909.7 | AG81: 9420717.7 | AH81: 9121339.8 | AI81: 2171220.4 | AJ81: 19456800 | AK81: 4149311.9 | AL81: 8639967.4 | AM81: 1528571.9 | AN81: 582968.84 | AO81: 1240813.6 | AP81: 5.8601773e+08 | AQ81: 1.1494946e+08 | AR81: 8941962.6 | AS81: 9387527.9 | AT81: 3290211.6 | AU81: 6255527.5 | AV81: 53004771 | AW81: 15231774 | AX81: 17561604 | AY81: 23230084 | AZ81: 3937305.9 | BA81: 9635038.2 | BB81: 3870065 | BC81: 23241428 | BD81: 4174524.2 | BE81: 18035796 | BF81: 4548936.4 | BG81: 13084769 | BH81: 1764001.2 | BI81: 3237503.5 | BJ81: 1686068.7 | BK81: 20358581 | BL81: 3232172.3 | BM81: 3.1463616e+08 | BN81: 3961630.5 | BO81: 8001521.8 | BP81: 2375974.3 | BQ81: 8874224.4 | BR81: 44590875 | BS81: 38518419
B82: 74 | Q82: 80
B83: 75 | C83: Adjustments to OM&A for Benchmarking | Q83: 81
B84: 76 | C84: 5014 | E84: 5014 | G84: =HLOOKUP($E$3,'2024 Historical'!$C$3:$BC$261,Q84,FALSE) -> 0 | H84: =HLOOKUP($E$3,$S$3:$BS$269,Q84,FALSE) -> 0 | Q84: 82 | S84: 0 | T84: 0 | U84: 0 | V84: 0 | W84: 0 | X84: 0 | Y84: 0 | Z84: 0 | AA84: 0 | AB84: 106341.35 | AC84: 0 | AD84: 316136.95 | AE84: 0 | AF84: 0 | AG84: 0 | AH84: 166522.01 | AI84: 66938.75 | AJ84: 0 | AK84: 12221.44 | AL84: 21895.02 | AM84: 0 | AN84: 0 | AO84: 18011.42 | AP84: 450843.45 | AQ84: 1124705.8 | AR84: 0 | AS84: 0 | AT84: 0 | AU84: 0 | AV84: 0 | AW84: 0 | AX84: 0 | AY84: 3008.84 | AZ84: 15197.41 | BA84: 0 | BB84: 0 | BC84: 402106.55 | BD84: 0 | BE84: 0 | BF84: 0 | BG84: 49074.26 | BH84: 0 | BI84: 0 | BJ84: 0 | BK84: 0 | BL84: 0 | BM84: 303582.31 | BN84: 0 | BO84: 0 | BP84: 0 | BQ84: 0 | BR84: 273263.13 | BS84: 2736.19
B85: 77 | C85: 5015 | E85: 5015 | G85: =HLOOKUP($E$3,'2024 Historical'!$C$3:$BC$261,Q85,FALSE) -> 0 | H85: =HLOOKUP($E$3,$S$3:$BS$269,Q85,FALSE) -> 0 | Q85: 83 | S85: 0 | T85: 0 | U85: 0 | V85: 0 | W85: 0 | X85: 0 | Y85: 0 | Z85: 0 | AA85: 0 | AB85: 230375.9 | AC85: 0 | AD85: 17674.33 | AE85: 0 | AF85: 0 | AG85: 0 | AH85: 79529.12 | AI85: 33218 | AJ85: 0 | AK85: 98122.84 | AL85: 20507.26 | AM85: 0 | AN85: 0 | AO85: 10892.73 | AP85: 121683.44 | AQ85: 1239287.1 | AR85: 0 | AS85: 0 | AT85: 0 | AU85: 0 | AV85: 0 | AW85: 0 | AX85: 0 | AY85: 138811.13 | AZ85: 13200 | BA85: 0 | BB85: 0 | BC85: 41480.38 | BD85: 0 | BE85: 0 | BF85: 0 | BG85: 20770 | BH85: 0 | BI85: 0 | BJ85: 0 | BK85: 28534.67 | BL85: 0 | BM85: 955188.34 | BN85: 0 | BO85: 0 | BP85: 0 | BQ85: 0 | BR85: 643113.07 | BS85: 252872.98
B86: 78 | C86: 5112 | E86: 5112 | G86: =HLOOKUP($E$3,'2024 Historical'!$C$3:$BC$261,Q86,FALSE) -> 0 | H86: =HLOOKUP($E$3,$S$3:$BS$269,Q86,FALSE) -> 0 | Q86: 84 | S86: 0 | T86: 0 | U86: 0 | V86: 0 | W86: 0 | X86: 0 | Y86: 0 | Z86: 0 | AA86: 0 | AB86: 19851.81 | AC86: 0 | AD86: 875080.89 | AE86: 0 | AF86: 0 | AG86: 0 | AH86: 49486.44 | AI86: 13300.61 | AJ86: 0 | AK86: 19342.55 | AL86: 0 | AM86: 0 | AN86: 0 | AO86: 0 | AP86: 1404671.7 | AQ86: 552924.04 | AR86: 0 | AS86: 0 | AT86: 0 | AU86: 0 | AV86: 0 | AW86: 0 | AX86: 0 | AY86: 124006.52 | AZ86: 84588.45 | BA86: 0 | BB86: 2734.93 | BC86: 170981.32 | BD86: 0 | BE86: 0 | BF86: 0 | BG86: 82119.72 | BH86: 0 | BI86: 0 | BJ86: 0 | BK86: 14777.02 | BL86: 0 | BM86: 1105257.2 | BN86: 0 | BO86: 0 | BP86: 0 | BQ86: 0 | BR86: 134039.81 | BS86: 2829.02
B87: 79 | E87: Subtotal: HV Adjustment (to subtract from cost) | G87: =HLOOKUP($E$3,'2024 Historical'!$C$3:$BC$261,Q87,FALSE) -> 0 | H87: =HLOOKUP($E$3,$S$3:$BS$269,Q87,FALSE) -> 0 | Q87: 85 | S87: 0 | T87: 0 | U87: 0 | V87: 0 | W87: 0 | X87: 0 | Y87: 0 | Z87: 0 | AA87: 0 | AB87: 356569.06 | AC87: 0 | AD87: 1208892.2 | AE87: 0 | AF87: 0 | AG87: 0 | AH87: 295537.57 | AI87: 113457.36 | AJ87: 0 | AK87: 129686.83 | AL87: 42402.28 | AM87: 0 | AN87: 0 | AO87: 28904.15 | AP87: 1977198.5 | AQ87: 2916917 | AR87: 0 | AS87: 0 | AT87: 0 | AU87: 0 | AV87: 0 | AW87: 0 | AX87: 0 | AY87: 265826.49 | AZ87: 112985.86 | BA87: 0 | BB87: 2734.93 | BC87: 614568.25 | BD87: 0 | BE87: 0 | BF87: 0 | BG87: 151963.98 | BH87: 0 | BI87: 0 | BJ87: 0 | BK87: 43311.69 | BL87: 0 | BM87: 2364027.8 | BN87: 0 | BO87: 0 | BP87: 0 | BQ87: 0 | BR87: 1050416 | BS87: 258438.19
B88: 80 | E88: LV Adjustment | G88: =HLOOKUP($E$3,'2024 Historical'!$C$3:$BC$261,Q88,FALSE) -> 20994.78 | H88: =HLOOKUP($E$3,$S$3:$BS$269,Q88,FALSE) -> 21142.44 | Q88: 86 | S88: 208290.25 | T88: 0 | U88: 0 | V88: 75536.39 | W88: 0 | X88: 5011.08 | Y88: 52647.84 | Z88: 5011.08 | AA88: 35427.22 | AB88: 402460.89 | AC88: 220845.63 | AD88: 0 | AE88: 72243.2 | AF88: 44415.74 | AG88: 25347.72 | AH88: 50109.76 | AI88: 0 | AJ88: 54747.52 | AK88: 0 | AL88: 0 | AM88: 10022.16 | AN88: 105370.82 | AO88: 5011.08 | AP88: 0 | AQ88: 137975.21 | AR88: 139199.99 | AS88: 0 | AT88: 0 | AU88: 331702.61 | AV88: 21142.44 | AW88: 0 | AX88: 92792.54 | AY88: 117921.21 | AZ88: 0 | BA88: 122379.94 | BB88: 110525.28 | BC88: 0 | BD88: 61578.86 | BE88: 0 | BF88: 88454.83 | BG88: 0 | BH88: 15033.24 | BI88: 51891.26 | BJ88: 10022.16 | BK88: 0 | BL88: 0 | BM88: 0 | BN88: 28307.25 | BO88: 0 | BP88: 8552.96 | BQ88: 125865.69 | BR88: 10022.16 | BS88: 0
B89: 81 | E89: Total Adjusted OM&A Expense | G89: =HLOOKUP($E$3,'2024 Historical'!$C$3:$BC$261,Q89,FALSE) -> 47225902 | H89: =HLOOKUP($E$3,$S$3:$BS$269,Q89,FALSE) -> 53025914 | I89: ='Model Inputs'!I31 -> 57486055 | J89: ='Model Inputs'!J31 -> 62506243 | K89: ='Model Inputs'!K31 -> 62506243 | L89: ='Model Inputs'!L31 -> 62506243 | M89: ='Model Inputs'!M31 -> 62506243 | N89: ='Model Inputs'!N31 -> 62506243 | O89: ='Model Inputs'!O31 -> 62506243 | P89: 11 | Q89: 87 | S89: 2.9660004e+08 | T89: 15321298 | U89: 1262383.2 | V89: 15150433 | W89: 26137744 | X89: 11309904 | Y89: 3222224.8 | Z89: 860269.83 | AA89: 4233069.6 | AB89: 57378312 | AC89: 18801107 | AD89: 30729310 | AE89: 6726901.5 | AF89: 9475325.4 | AG89: 9446065.5 | AH89: 8875912 | AI89: 2057763.1 | AJ89: 19511547 | AK89: 4019625.1 | AL89: 8597565.1 | AM89: 1538594 | AN89: 688339.66 | AO89: 1216920.6 | AP89: 5.8404053e+08 | AQ89: 1.1217052e+08 | AR89: 9081162.5 | AS89: 9387527.9 | AT89: 3290211.6 | AU89: 6587230.2 | AV89: 53025914 | AW89: 15231774 | AX89: 17654396 | AY89: 23082179 | AZ89: 3824320.1 | BA89: 9757418.2 | BB89: 3977855.4 | BC89: 22626859 | BD89: 4236103 | BE89: 18035796 | BF89: 4637391.2 | BG89: 12932805 | BH89: 1779034.4 | BI89: 3289394.8 | BJ89: 1696090.9 | BK89: 20315269 | BL89: 3232172.3 | BM89: 3.1227214e+08 | BN89: 3989937.7 | BO89: 8001521.8 | BP89: 2384527.3 | BQ89: 9000090.1 | BR89: 43550481 | BS89: 38259981
B90: 82 | Q90: 88
B91: 83 | C91: Gross Capital Cost Additions Data | Q91: 89
B92: 84 | E92: Total Gross Capital Additions | G92: =HLOOKUP($E$3,'2024 Historical'!$C$3:$BC$261,Q92,FALSE) -> 47406387 | H92: =HLOOKUP($E$3,$S$3:$BS$269,Q92,FALSE) -> 52408922 | I92: ='Model Inputs'!I9 -> 56988500 | J92: ='Model Inputs'!J9 -> 66069400 | K92: ='Model Inputs'!K9 -> 66069400 | L92: ='Model Inputs'!L9 -> 66069400 | M92: ='Model Inputs'!M9 -> 66069400 | N92: ='Model Inputs'!N9 -> 66069400 | O92: ='Model Inputs'!O9 -> 66069400 | P92: 1 | Q92: 90 | S92: 5.3498345e+08 | T92: 41973000 | U92: 1149788.3 | V92: 14086481 | W92: 20935951 | X92: 18906000 | Y92: 1523030 | Z92: 61025.5 | AA92: 1736964.8 | AB92: 79562708 | AC92: 27840072 | AD92: 27752463 | AE92: 6702721.4 | AF92: 8622699 | AG92: 9716076.6 | AH92: 8942034 | AI92: 793483.11 | AJ92: 15005772 | AK92: 3155719.5 | AL92: 8158134 | AM92: 360476.97 | AN92: 142696.72 | AO92: 291372.83 | AP92: 1.410994e+09 | AQ92: 1.8220498e+08 | AR92: 37324279 | AS92: 3720574.4 | AT92: 3414329.2 | AU92: 4203540.6 | AV92: 52408922 | AW92: 14387445 | AX92: 14704176 | AY92: 20011440 | AZ92: 3444586.1 | BA92: 8836807.2 | BB92: 1554474.6 | BC92: 40738619 | BD92: 2891060.3 | BE92: 20424916 | BF92: 2697187.7 | BG92: 9008257.2 | BH92: 1267522.3 | BI92: 1546075.1 | BJ92: 383237.34 | BK92: 19558081 | BL92: 3303744.1 | BM92: 7.6308188e+08 | BN92: 2869061.1 | BO92: 8237348.6 | BP92: 996839.64 | BQ92: 12855808 | BR92: 44144705 | BS92: 46748875
B93: 85 | E93: HV Gross Capital Additions | G93: =HLOOKUP($E$3,'2024 Historical'!$C$3:$BC$261,Q93,FALSE) -> 0 | H93: =HLOOKUP($E$3,$S$3:$BS$269,Q93,FALSE) -> 0 | I93: ='Model Inputs'!I10 -> 0 | J93: ='Model Inputs'!J10 -> 0 | K93: ='Model Inputs'!K10 -> 0 | L93: ='Model Inputs'!L10 -> 0 | M93: ='Model Inputs'!M10 -> 0 | N93: ='Model Inputs'!N10 -> 0 | O93: ='Model Inputs'!O10 -> 0 | P93: 2 | Q93: 91 | S93: 3954753.5 | T93: 0 | U93: 0 | V93: 0 | W93: 0 | X93: 0 | Y93: 0 | Z93: 0 | AA93: 0 | AB93: 23413.16 | AC93: 0 | AD93: 2330.86 | AE93: 0 | AF93: 0 | AG93: 0 | AH93: 292238 | AI93: 32440.37 | AJ93: 0 | AK93: 159172.86 | AL93: 0 | AM93: 0 | AN93: 0 | AO93: 11000 | AP93: 4113418.3 | AQ93: 10721902 | AR93: 0 | AS93: 0 | AT93: 26294 | AU93: 0 | AV93: 0 | AW93: 0 | AX93: 0 | AY93: 469285.24 | AZ93: 0 | BA93: 0 | BB93: 0 | BC93: 0 | BD93: 0 | BE93: 0 | BF93: 0 | BG93: 65254.29 | BH93: 0 | BI93: 0 | BJ93: 0 | BK93: 0 | BL93: 0 | BM93: 0 | BN93: 0 | BO93: 0 | BP93: 0 | BQ93: 0 | BR93: 2882598.5 | BS93: 0
B94: 86 | Q94: 92
B95: 87 | C95: Output and Other Business Conditions | Q95: 93
B96: 88 | E96: Number of Customers | G96: =HLOOKUP($E$3,'2024 Historical'!$C$3:$BC$261,Q96,FALSE) -> 168224 | H96: =HLOOKUP($E$3,$S$3:$BS$269,Q96,FALSE) -> 169144 | I96: ='Model Inputs'!I13 -> 170131 | J96: ='Model Inputs'!J13 -> 171569 | K96: ='Model Inputs'!K13 -> 171569 | L96: ='Model Inputs'!L13 -> 171569 | M96: ='Model Inputs'!M13 -> 171569 | N96: ='Model Inputs'!N13 -> 171569 | O96: ='Model Inputs'!O13 -> 171569 | P96: 3 | Q96: 94 | S96: 1091413 | T96: 12602 | U96: 1620 | V96: 37582 | W96: 69674 | X96: 31133 | Y96: 7679 | Z96: 2750 | AA96: 12803 | AB96: 180526 | AC96: 63997 | AD96: 92488 | AE96: 19129 | AF96: 25293 | AG96: 31749 | AH96: 22867 | AI96: 3746 | AJ96: 48392 | AK96: 11956 | AL96: 23174 | AM96: 2690 | AN96: 1293 | AO96: 5647 | AP96: 1489686 | AQ96: 376506 | AR96: 24347 | AS96: 28488 | AT96: 11508 | AU96: 14908 | AV96: 169144 | AW96: 44892 | AX96: 45125 | AY96: 59682 | AZ96: 10113 | BA96: 27926 | BB96: 5950 | BC96: 80715 | BD96: 13034 | BE96: 63363 | BF96: 11819 | BG96: 34245 | BH96: 4428 | BI96: 6123 | BJ96: 2997 | BK96: 57559 | BL96: 8634 | BM96: 797081 | BN96: 15696 | BO96: 26550 | BP96: 4492 | BQ96: 24992 | BR96: 164365 | BS96: 116508
B97: 89 | E97: Delivery Volume | G97: =HLOOKUP($E$3,'2024 Historical'!$C$3:$BC$261,Q97,FALSE) -> 3.2316849e+09 | H97: =HLOOKUP($E$3,$S$3:$BS$269,Q97,FALSE) -> 3.2959384e+09 | I97: ='Model Inputs'!I14 -> 3299626511 | J97: ='Model Inputs'!J14 -> 3335463424 | K97: ='Model Inputs'!K14 -> 3335463424 | L97: ='Model Inputs'!L14 -> 3335463424 | M97: ='Model Inputs'!M14 -> 3335463424 | N97: ='Model Inputs'!N14 -> 3335463424 | O97: ='Model Inputs'!O14 -> 3335463424 | P97: 4 | Q97: 95 | S97: 2.7726987e+10 | T97: 2.9105436e+08 | U97: 29739690 | V97: 981915120 | W97: 1523440217 | X97: 5.0018099e+08 | Y97: 1.5347302e+08 | Z97: 30792919 | AA97: 2.3603672e+08 | AB97: 3703862439 | AC97: 1.2769485e+09 | AD97: 2.1883886e+09 | AE97: 3.3034236e+08 | AF97: 6.5572545e+08 | AG97: 5.8728806e+08 | AH97: 6.2170737e+08 | AI97: 71972789 | AJ97: 8.7107654e+08 | AK97: 2.634618e+08 | AL97: 528422256 | AM97: 74499669 | AN97: 20188013 | AO97: 1.4555006e+08 | AP97: 4.0351096e+10 | AQ97: 7.5430509e+09 | AR97: 3.3657442e+08 | AS97: 6.7894633e+08 | AT97: 2.405325e+08 | AU97: 3.1328503e+08 | AV97: 3.2959384e+09 | AW97: 1.0055216e+09 | AX97: 8.5941663e+08 | AY97: 1.3253928e+09 | AZ97: 3.0572271e+08 | BA97: 5.5626522e+08 | BB97: 1.0948527e+08 | BC97: 1.7416447e+09 | BD97: 2.7113407e+08 | BE97: 1.1457371e+09 | BF97: 193825198 | BG97: 6.170592e+08 | BH97: 88702039 | BI97: 107488472 | BJ97: 83675271 | BK97: 9.6835018e+08 | BL97: 191016525 | BM97: 2.4452508e+10 | BN97: 157994149 | BO97: 3.9751469e+08 | BP97: 1.1224306e+08 | BQ97: 4.4969718e+08 | BR97: 3.3807394e+09 | BS97: 3.0265616e+09
B98: 90 | E98: Annual Peak Demand | G98: =HLOOKUP($E$3,'2024 Historical'!$C$3:$BC$261,Q98,FALSE) -> 673584 | H98: =HLOOKUP($E$3,$S$3:$BS$269,Q98,FALSE) -> 714451 | I98: ='Model Inputs'!I15 -> 714451 | J98: ='Model Inputs'!J15 -> 714451 | K98: ='Model Inputs'!K15 -> 714451 | L98: ='Model Inputs'!L15 -> 714451 | M98: ='Model Inputs'!M15 -> 714451 | N98: ='Model Inputs'!N15 -> 714451 | O98: ='Model Inputs'!O15 -> 714451 | P98: 5 | Q98: 96 | S98: 5780902 | T98: 55498 | U98: 6352 | V98: 174388 | W98: 359352 | X98: 110706 | Y98: 31484 | Z98: 7781 | AA98: 58704 | AB98: 752109 | AC98: 262182 | AD98: 449400 | AE98: 66631 | AF98: 106630 | AG98: 123981 | AH98: 114813 | AI98: 16123 | AJ98: 159593 | AK98: 73275 | AL98: 113437 | AM98: 19602 | AN98: 4713 | AO98: 26769 | AP98: 7130848 | AQ98: 1527255 | AR98: 79581 | AS98: 115290 | AT98: 45275 | AU98: 53453 | AV98: 714451 | AW98: 209416 | AX98: 195030 | AY98: 283499 | AZ98: 59681 | BA98: 106903 | BB98: 22147 | BC98: 433447 | BD98: 52733 | BE98: 245426 | BF98: 43079 | BG98: 116479 | BH98: 16835 | BI98: 28943 | BJ98: 20950 | BK98: 178226 | BL98: 39848 | BM98: 4758686 | BN98: 41730 | BO98: 85747 | BP98: 19847 | BQ98: 82857 | BR98: 707965 | BS98: 577988
B99: 91 | E99: Distribution Circuit km | G99: =HLOOKUP($E$3,'2024 Historical'!$C$3:$BC$261,Q99,FALSE) -> 3122 | H99: =HLOOKUP($E$3,$S$3:$BS$269,Q99,FALSE) -> 3138 | I99: ='Model Inputs'!I16 -> 3138 | J99: ='Model Inputs'!J16 -> 3138 | K99: ='Model Inputs'!K16 -> 3138 | L99: ='Model Inputs'!L16 -> 3138 | M99: ='Model Inputs'!M16 -> 3138 | N99: ='Model Inputs'!N16 -> 3138 | O99: ='Model Inputs'!O16 -> 3138 | P99: 6 | Q99: 97 | S99: 51191 | T99: 2096 | U99: 92 | V99: 1218 | W99: 1508 | X99: 1633 | Y99: 162 | Z99: 39 | AA99: 174 | AB99: 4132 | AC99: 3324 | AD99: 4708 | AE99: 389 | AF99: 1481 | AG99: 1657 | AH99: 294 | AI99: 83 | AJ99: 2273 | AK99: 704 | AL99: 1654 | AM99: 97 | AN99: 21 | AO99: 73 | AP99: 125899 | AQ99: 13083 | AR99: 1811 | AS99: 699 | AT99: 246 | AU99: 396 | AV99: 3138 | AW99: 2987 | AX99: 1029 | AY99: 4672 | AZ99: 324 | BA99: 678 | BB99: 370 | BC99: 2106 | BD99: 225 | BE99: 2409 | BF99: 510 | BG99: 740 | BH99: 83 | BI99: 118 | BJ99: 714 | BK99: 1269 | BL99: 150 | BM99: 29712 | BN99: 359 | BO99: 502 | BP99: 243 | BQ99: 617 | BR99: 8557 | BS99: 5018
B100: 92 | Q100: 98
B101: 93 | Q101: 99
A102: Section 2: Actual Cost Calculations | Q102: 100
Q103: 101
Q104: 102
B105: 94 | C105: Actual Cost | Q105: 103
B106: 95 | Q106: 104
B107: 96 | C107: OM&A | G107: =HLOOKUP($E$3,'2024 Historical'!$C$3:$BC$261,Q107,FALSE) -> 47225902 | H107: =HLOOKUP($E$3,$S$3:$BS$269,Q107,FALSE) -> 53025914 | I107: =I89 -> 57486055 | J107: =J89 -> 62506243 | K107: =K89 -> 62506243 | L107: =L89 -> 62506243 | M107: =M89 -> 62506243 | N107: =N89 -> 62506243 | O107: =O89 -> 62506243 | Q107: 105 | S107: 2.9660004e+08 | T107: 15321298 | U107: 1262383.2 | V107: 15150433 | W107: 26137744 | X107: 11309904 | Y107: 3222224.8 | Z107: 860269.83 | AA107: 4233069.6 | AB107: 57378312 | AC107: 18801107 | AD107: 30729310 | AE107: 6726901.5 | AF107: 9475325.4 | AG107: 9446065.5 | AH107: 8875912 | AI107: 2057763.1 | AJ107: 19511547 | AK107: 4019625.1 | AL107: 8597565.1 | AM107: 1538594 | AN107: 688339.66 | AO107: 1216920.6 | AP107: 5.8404053e+08 | AQ107: 1.1217052e+08 | AR107: 9081162.5 | AS107: 9387527.9 | AT107: 3290211.6 | AU107: 6587230.2 | AV107: 53025914 | AW107: 15231774 | AX107: 17654396 | AY107: 23082179 | AZ107: 3824320.1 | BA107: 9757418.2 | BB107: 3977855.4 | BC107: 22626859 | BD107: 4236103 | BE107: 18035796 | BF107: 4637391.2 | BG107: 12932805 | BH107: 1779034.4 | BI107: 3289394.8 | BJ107: 1696090.9 | BK107: 20315269 | BL107: 3232172.3 | BM107: 3.1227214e+08 | BN107: 3989937.7 | BO107: 8001521.8 | BP107: 2384527.3 | BQ107: 9000090.1 | BR107: 43550481 | BS107: 38259981
B108: 97 | Q108: 106
B109: 98 | C109: Capital | Q109: 107
B110: 99 | E110: Rate of Return | G110: =HLOOKUP($E$3,'2024 Historical'!$C$3:$BC$261,Q110,FALSE) -> 0.06498 | H110: =HLOOKUP($E$3,$S$3:$BS$269,Q110,FALSE) -> 0.06282 | I110: ='Model Inputs'!I22 -> 0.064 | J110: ='Model Inputs'!J22 -> 0.064 | K110: ='Model Inputs'!K22 -> 0.064 | L110: ='Model Inputs'!L22 -> 0.064 | M110: ='Model Inputs'!M22 -> 0.064 | N110: ='Model Inputs'!N22 -> 0.064 | O110: ='Model Inputs'!O22 -> 0.064 | P110: 10 | Q110: 108 | S110: 0.06282 | T110: 0.06282 | U110: 0.06282 | V110: 0.06282 | W110: 0.06282 | X110: 0.06282 | Y110: 0.06282 | Z110: 0.06282 | AA110: 0.06282 | AB110: 0.06282 | AC110: 0.06282 | AD110: 0.06282 | AE110: 0.06282 | AF110: 0.06282 | AG110: 0.06282 | AH110: 0.06282 | AI110: 0.06282 | AJ110: 0.06282 | AK110: 0.06282 | AL110: 0.06282 | AM110: 0.06282 | AN110: 0.06282 | AO110: 0.06282 | AP110: 0.06282 | AQ110: 0.06282 | AR110: 0.06282 | AS110: 0.06282 | AT110: 0.06282 | AU110: 0.06282 | AV110: 0.06282 | AW110: 0.06282 | AX110: 0.06282 | AY110: 0.06282 | AZ110: 0.06282 | BA110: 0.06282 | BB110: 0.06282 | BC110: 0.06282 | BD110: 0.06282 | BE110: 0.06282 | BF110: 0.06282 | BG110: 0.06282 | BH110: 0.06282 | BI110: 0.06282 | BJ110: 0.06282 | BK110: 0.06282 | BL110: 0.06282 | BM110: 0.06282 | BN110: 0.06282 | BO110: 0.06282 | BP110: 0.06282 | BQ110: 0.06282 | BR110: 0.06282 | BS110: 0.06282
B111: 100 | E111: Depreciation Rate | G111: =HLOOKUP($E$3,'2024 Historical'!$C$3:$BC$261,Q111,FALSE) -> 0.0459 | H111: =HLOOKUP($E$3,$S$3:$BS$269,Q111,FALSE) -> 0.0459 | I111: 0.0459 | J111: 0.0459 | K111: 0.0459 | L111: 0.0459 | M111: 0.0459 | N111: =M111 -> 0.0459 | O111: =N111 -> 0.0459 | Q111: 109 | S111: 0.0459 | T111: 0.0459 | U111: 0.0459 | V111: 0.0459 | W111: 0.0459 | X111: 0.0459 | Y111: 0.0459 | Z111: 0.0459 | AA111: 0.0459 | AB111: 0.0459 | AC111: 0.0459 | AD111: 0.0459 | AE111: 0.0459 | AF111: 0.0459 | AG111: 0.0459 | AH111: 0.0459 | AI111: 0.0459 | AJ111: 0.0459 | AK111: 0.0459 | AL111: 0.0459 | AM111: 0.0459 | AN111: 0.0459 | AO111: 0.0459 | AP111: 0.0459 | AQ111: 0.0459 | AR111: 0.0459 | AS111: 0.0459 | AT111: 0.0459 | AU111: 0.0459 | AV111: 0.0459 | AW111: 0.0459 | AX111: 0.0459 | AY111: 0.0459 | AZ111: 0.0459 | BA111: 0.0459 | BB111: 0.0459 | BC111: 0.0459 | BD111: 0.0459 | BE111: 0.0459 | BF111: 0.0459 | BG111: 0.0459 | BH111: 0.0459 | BI111: 0.0459 | BJ111: 0.0459 | BK111: 0.0459 | BL111: 0.0459 | BM111: 0.0459 | BN111: 0.0459 | BO111: 0.0459 | BP111: 0.0459 | BQ111: 0.0459 | BR111: 0.0459 | BS111: 0.0459
B112: 101 | E112: Construction Cost Index | G112: =HLOOKUP($E$3,'2024 Historical'!$C$3:$BC$261,Q112,FALSE) -> 209.03043 | H112: =HLOOKUP($E$3,$S$3:$BS$269,Q112,FALSE) -> 215.23883 | I112: =H112*EXP('Model Inputs'!I21) -> 220.46705 | J112: =I112*EXP('Model Inputs'!J21) -> 225.37108 | K112: =J112*EXP('Model Inputs'!K21) -> 230.38418 | L112: =K112*EXP('Model Inputs'!L21) -> 235.5088 | M112: =L112*EXP('Model Inputs'!M21) -> 240.7474 | N112: =M112*EXP('Model Inputs'!N21) -> 246.10254 | O112: =N112*EXP('Model Inputs'!O21) -> 251.57679 | P112: 9 | Q112: 110 | S112: 215.23883 | T112: 215.23883 | U112: 215.23883 | V112: 215.23883 | W112: 215.23883 | X112: 215.23883 | Y112: 215.23883 | Z112: 215.23883 | AA112: 215.23883 | AB112: 215.23883 | AC112: 215.23883 | AD112: 215.23883 | AE112: 215.23883 | AF112: 215.23883 | AG112: 215.23883 | AH112: 215.23883 | AI112: 215.23883 | AJ112: 215.23883 | AK112: 215.23883 | AL112: 215.23883 | AM112: 215.23883 | AN112: 215.23883 | AO112: 215.23883 | AP112: 215.23883 | AQ112: 215.23883 | AR112: 215.23883 | AS112: 215.23883 | AT112: 215.23883 | AU112: 215.23883 | AV112: 215.23883 | AW112: 215.23883 | AX112: 215.23883 | AY112: 215.23883 | AZ112: 215.23883 | BA112: 215.23883 | BB112: 215.23883 | BC112: 215.23883 | BD112: 215.23883 | BE112: 215.23883 | BF112: 215.23883 | BG112: 215.23883 | BH112: 215.23883 | BI112: 215.23883 | BJ112: 215.23883 | BK112: 215.23883 | BL112: 215.23883 | BM112: 215.23883 | BN112: 215.23883 | BO112: 215.23883 | BP112: 215.23883 | BQ112: 215.23883 | BR112: 215.23883 | BS112: 215.23883
...

Sheet Results
C2: Summary of Cost Benchmarking Results
C3: ='Model Inputs'!F5 -> London Hydro Inc.
F6: ='Benchmarking Calculations'!G5 -> 2024 | G6: ='Benchmarking Calculations'!H5 -> 2025 | H6: =G6+1 -> 2026 | I6: =H6+1 -> 2027 | J6: =I6+1 -> 2028 | K6: =J6+1 -> 2029 | L6: =K6+1 -> 2030 | M6: =L6+1 -> 2031 | N6: =M6+1 -> 2032
F7: (History) | G7: (History) | H7: (Bridge) | I7: (Test Year)
C8: Cost Benchmarking Summary
D10: Actual Total Cost | F10: ='Benchmarking Calculations'!G121 -> 1.2369124e+08 | G10: ='Benchmarking Calculations'!H121 -> 1.3232563e+08 | H10: ='Benchmarking Calculations'!I121 -> 1.4222897e+08 | I10: ='Benchmarking Calculations'!J121 -> 1.5242235e+08 | J10: ='Benchmarking Calculations'!K121 -> 1.5737249e+08 | K10: ='Benchmarking Calculations'!L121 -> 1.6220047e+08 | L10: ='Benchmarking Calculations'!M121 -> 1.6690931e+08 | M10: ='Benchmarking Calculations'!N121 -> 1.7150195e+08 | N10: ='Benchmarking Calculations'!O121 -> 1.7598126e+08
D12: Predicted Total Cost | F12: ='Benchmarking Calculations'!G257 -> 1.3400334e+08 | G12: ='Benchmarking Calculations'!H257 -> 1.3939455e+08 | H12: ='Benchmarking Calculations'!I257 -> 1.4696664e+08 | I12: ='Benchmarking Calculations'!J257 -> 1.5401849e+08 | J12: ='Benchmarking Calculations'!K257 -> 1.6052303e+08 | K12: ='Benchmarking Calculations'!L257 -> 1.6733683e+08 | L12: ='Benchmarking Calculations'!M257 -> 1.7443505e+08 | M12: ='Benchmarking Calculations'!N257 -> 1.81758e+08 | N12: ='Benchmarking Calculations'!O257 -> 1.8939874e+08
D14: Difference | F14: =F10-F12 -> -10312105 | G14: =G10-G12 -> -7068925.7 | H14: =H10-H12 -> -4737674.8 | I14: =I10-I12 -> -1596147.6 | J14: =IF(ISNUMBER(J12),J10-J12,"na") -> -3150539.7 | K14: =IF(ISNUMBER(K12),K10-K12,"na") -> -5136357.7 | L14: =IF(ISNUMBER(L12),L10-L12,"na") -> -7525734.9 | M14: =IF(ISNUMBER(M12),M10-M12,"na") -> -10256048 | N14: =IF(ISNUMBER(N12),N10-N12,"na") -> -13417482
D16: Percentage Difference (Cost Performance) | F16: =LN(F10/F12) -> -0.080076304 | G16: =LN(G10/G12) -> -0.052042664 | H16: =LN(H10/H12) -> -0.032767432 | I16: =LN(I10/I12) -> -0.010417424 | J16: =IF(ISNUMBER(J14),LN(J10/J12),"na") -> -0.019821877 | K16: =IF(ISNUMBER(K14),LN(K10/K12),"na") -> -0.031175674 | L16: =IF(ISNUMBER(L14),LN(L10/L12),"na") -> -0.044101825 | M16: =IF(ISNUMBER(M14),LN(M10/M12),"na") -> -0.058081483 | N16: =IF(ISNUMBER(N14),LN(N10/N12),"na") -> -0.073477028
D18: Three-Year Average Performance | H18: =AVERAGE(F16:H16) -> -0.054962133 | I18: =AVERAGE(G16:I16) -> -0.031742506 | J18: =AVERAGE(H16:J16) -> -0.021002244 | K18: =AVERAGE(I16:K16) -> -0.020471658 | L18: =AVERAGE(J16:L16) -> -0.031699792 | M18: =AVERAGE(K16:M16) -> -0.044452994 | N18: =AVERAGE(L16:N16) -> -0.058553445
D20: Stretch Factor Cohort
E22: Annual Result | F22: =IF(F16<-0.25,1,IF(F16<-0.1,2,IF(F16<0.1,3,IF(F16<0.25,4,5)))) -> 3 | G22: =IF(G16<-0.25,1,IF(G16<-0.1,2,IF(G16<0.1,3,IF(G16<0.25,4,5)))) -> 3 | H22: =IF(H16<-0.25,1,IF(H16<-0.1,2,IF(H16<0.1,3,IF(H16<0.25,4,5)))) -> 3 | I22: =IF($I$16<-0.25,1,IF($I$16<-0.1,2,IF($I$16<0.1,3,IF($I$16<0.25,4,5)))) -> 3 | J22: =IF(ISNUMBER(J16),IF(J16<-0.25,1,IF(J16<-0.1,2,IF(J16<0.1,3,IF(J16<0.25,4,5)))),"na") -> 3 | K22: =IF(ISNUMBER(K16),IF(K16<-0.25,1,IF(K16<-0.1,2,IF(K16<0.1,3,IF(K16<0.25,4,5)))),"na") -> 3 | L22: =IF(ISNUMBER(L16),IF(L16<-0.25,1,IF(L16<-0.1,2,IF(L16<0.1,3,IF(L16<0.25,4,5)))),"na") -> 3 | M22: =IF(ISNUMBER(M16),IF(M16<-0.25,1,IF(M16<-0.1,2,IF(M16<0.1,3,IF(M16<0.25,4,5)))),"na") -> 3 | N22: =IF(ISNUMBER(N16),IF(N16<-0.25,1,IF(N16<-0.1,2,IF(N16<0.1,3,IF(N16<0.25,4,5)))),"na") -> 3
E24: Three Year Average | H24: =IF(H$18<-0.25,1,IF(H$18<-0.1,2,IF(H$18<0.1,3,IF(H$18<0.25,4,5)))) -> 3 | I24: =IF(I$18<-0.25,1,IF(I$18<-0.1,2,IF(I$18<0.1,3,IF(I$18<0.25,4,5)))) -> 3 | J24: =IF(J$18<-0.25,1,IF(J$18<-0.1,2,IF(J$18<0.1,3,IF(J$18<0.25,4,5)))) -> 3 | K24: =IF(K$18<-0.25,1,IF(K$18<-0.1,2,IF(K$18<0.1,3,IF(K$18<0.25,4,5)))) -> 3 | L24: =IF(L$18<-0.25,1,IF(L$18<-0.1,2,IF(L$18<0.1,3,IF(L$18<0.25,4,5)))) -> 3 | M24: =IF(M$18<-0.25,1,IF(M$18<-0.1,2,IF(M$18<0.1,3,IF(M$18<0.25,4,5)))) -> 3 | N24: =IF(N$18<-0.25,1,IF(N$18<-0.1,2,IF(N$18<0.1,3,IF(N$18<0.25,4,5)))) -> 3

Sheet 2024 Historical
C3: Alectra Utilities Corporation | D3: Algoma Power Inc. | E3: Atikokan Hydro Inc. | F3: Bluewater Power Distribution Corporation | G3: Burlington Hydro Inc. | H3: Canadian Niagara Power Inc. | I3: Centre Wellington Hydro Ltd. | J3: Cooperative Hydro Embrun Inc. | K3: E.L.K. Energy Inc. | L3: Elexicon Energy Inc. | M3: Entegrus Powerlines Inc. | N3: ENWIN Utilities Ltd. | O3: EPCOR Electricity Distribution Ontario Inc. | P3: ERTH Power Corporation | Q3: Essex Powerlines Corporation | R3: Festival Hydro Inc. | S3: Fort Frances Power Corporation | T3: Greater Sudbury Hydro Inc. | U3: Grimsby Power Incorporated | V3: Halton Hills Hydro Inc. | W3: Hearst Power Distribution Company Limited | X3: Hydro 2000 Inc. | Y3: Hydro Hawkesbury Inc. | Z3: Hydro One Networks Inc. | AA3: Hydro Ottawa Limited | AB3: Innpower Corporation | AC3: Kingston Hydro Corporation | AD3: Lakefront Utilities Inc. | AE3: Lakeland Power Distribution Ltd. | AF3: London Hydro Inc. | AG3: Milton Hydro Distribution Inc. | AH3: Newmarket-Tay Power Distribution Ltd. | AI3: Niagara Peninsula Energy Inc. | AJ3: Niagara-on-the-Lake Hydro Inc. | AK3: North Bay Hydro Distribution Limited | AL3: Northern Ontario Wires Inc. | AM3: Oakville Hydro Electricity Distribution Inc. | AN3: Orangeville Hydro Limited | AO3: Oshawa PUC Networks Inc. | AP3: Ottawa River Power Corporation | AQ3: PUC Distribution Inc. | AR3: Renfrew Hydro Inc. | AS3: Rideau St. Lawrence Distribution Inc. | AT3: Sioux Lookout Hydro Inc. | AU3: Synergy North Corporation | AV3: Tillsonburg Hydro Inc. | AW3: Toronto Hydro-Electric System Limited | AX3: Wasaga Distribution Inc. | AY3: Welland Hydro-Electric System Corp. | AZ3: Wellington North Power Inc. | BA3: Westario Power Inc. | BB3: Enova Power Corp. | BC3: GrandBridge Energy Inc.
C5: 2024 | D5: 2024 | E5: 2024 | F5: 2024 | G5: 2024 | H5: 2024 | I5: 2024 | J5: 2024 | K5: 2024 | L5: 2024 | M5: 2024 | N5: 2024 | O5: 2024 | P5: 2024 | Q5: 2024 | R5: 2024 | S5: 2024 | T5: 2024 | U5: 2024 | V5: 2024 | W5: 2024 | X5: 2024 | Y5: 2024 | Z5: 2024 | AA5: 2024 | AB5: 2024 | AC5: 2024 | AD5: 2024 | AE5: 2024 | AF5: 2024 | AG5: 2024 | AH5: 2024 | AI5: 2024 | AJ5: 2024 | AK5: 2024 | AL5: 2024 | AM5: 2024 | AN5: 2024 | AO5: 2024 | AP5: 2024 | AQ5: 2024 | AR5: 2024 | AS5: 2024 | AT5: 2024 | AU5: 2024 | AV5: 2024 | AW5: 2024 | AX5: 2024 | AY5: 2024 | AZ5: 2024 | BA5: 2024 | BB5: 2024 | BC5: 2024
A9: OM&A Data (Detail may be hidden or expanded using the +/- buttons to the left of the row numbers)
A10: 5005 | B10: Operation Supervision and Engineering | C10: 9022995.7 | D10: 112690.9 | E10: 40670.42 | F10: 637119 | G10: 0 | H10: 123734.35 | I10: 93906.89 | J10: 0 | K10: 123114.7 | L10: 3256907.8 | M10: 878479.88 | N10: 2738440.6 | O10: 357799.94 | P10: 406025.75 | Q10: 56432.9 | R10: 125511.8 | S10: 170666.22 | T10: 1597801 | U10: 167296.43 | V10: 451575.04 | W10: 0 | X10: 0 | Y10: 0 | Z10: 5242061 | AA10: 8811174.2 | AB10: 384622.23 | AC10: 294655.12 | AD10: 31464.97 | AE10: 0 | AF10: 2170961.1 | AG10: 0 | AH10: 856378.03 | AI10: 869865.82 | AJ10: 57765.73 | AK10: 401555 | AL10: 203021.55 | AM10: 3531413.2 | AN10: 655403.01 | AO10: 230378.54 | AP10: 122981.33 | AQ10: 550871.91 | AR10: 56430.07 | AS10: 241311.49 | AT10: 0 | AU10: 378446.19 | AV10: 124466.44 | AW10: 21821156 | AX10: 0 | AY10: 321730.15 | AZ10: 120863.71 | BA10: 0 | BB10: 1436816.8 | BC10: 1847199
A11: 5010 | B11: Load Dispatching | C11: 13478739 | D11: 125684.14 | E11: 0 | F11: 235914 | G11: 1618163 | H11: 294919.48 | I11: 20188.62 | J11: 0 | K11: 813.74 | L11: 1894430.3 | M11: 136509.33 | N11: 781487.76 | O11: 79491.69 | P11: 11626.54 | Q11: 202102.91 | R11: 108399.33 | S11: 0 | T11: 809098.58 | U11: 112616.89 | V11: 0 | W11: 0 | X11: 13230 | Y11: 0 | Z11: 1628247.1 | AA11: 3177132.4 | AB11: 76436.39 | AC11: 762569.55 | AD11: 0 | AE11: 40515.85 | AF11: 3626183.6 | AG11: 614389.76 | AH11: 17675.67 | AI11: 12689.79 | AJ11: 77385.45 | AK11: 240318 | AL11: 0 | AM11: 1663012.3 | AN11: 0 | AO11: 175852.19 | AP11: 21753.02 | AQ11: 505250.43 | AR11: 0 | AS11: 0 | AT11: 0 | AU11: 1067723.5 | AV11: 0 | AW11: 5349271.2 | AX11: 2971.8 | AY11: 264508.22 | AZ11: 0 | BA11: 0 | BB11: 2367921.2 | BC11: 1401986.5
A12: 5012 | B12: Station Buildings and Fixtures | C12: 0 | D12: 127084.42 | E12: 0 | F12: 12355 | G12: 132540.19 | H12: 229950.89 | I12: 67771.02 | J12: 0 | K12: 0 | L12: 284455.25 | M12: 0 | N12: 0 | O12: 37722.72 | P12: 0 | Q12: 0 | R12: 37335.69 | S12: 29484.34 | T12: 148047.87 | U12: 27303.12 | V12: 62276.61 | W12: 0 | X12: 0 | Y12: 0 | Z12: 1775210.3 | AA12: 4857803.8 | AB12: 82204.86 | AC12: 72117.12 | AD12: 0 | AE12: 0 | AF12: 703468.89 | AG12: 0 | AH12: 62522.2 | AI12: 65014.99 | AJ12: 0 | AK12: 74353 | AL12: 10134.96 | AM12: 389647.55 | AN12: 0 | AO12: 274828.62 | AP12: 93880.1 | AQ12: 590801.01 | AR12: 423.88 | AS12: 3735.43 | AT12: 0 | AU12: 155894.37 | AV12: 0 | AW12: 179547.19 | AX12: 0 | AY12: 13971.27 | AZ12: 24636.25 | BA12: 0 | BB12: 93245.37 | BC12: 6212.73
A13: 5014 | B13: Transformer Station Equipment - Operation Labor | C13: 0 | D13: 0 | E13: 0 | F13: 0 | G13: 0 | H13: 0 | I13: 0 | J13: 0 | K13: 0 | L13: 112926.55 | M13: 0 | N13: 289867.55 | O13: 0 | P13: 0 | Q13: 0 | R13: 171657.47 | S13: 62210 | T13: 0 | U13: 14700.82 | V13: 31334.54 | W13: 0 | X13: 0 | Y13: 60061.73 | Z13: 501044.47 | AA13: 899315.39 | AB13: 0 | AC13: 0 | AD13: 0 | AE13: 0 | AF13: 0 | AG13: 0 | AH13: 0 | AI13: 7891.25 | AJ13: 5149.31 | AK13: 0 | AL13: 0 | AM13: 351641.75 | AN13: 0 | AO13: 0 | AP13: 0 | AQ13: 24410.58 | AR13: 0 | AS13: 0 | AT13: 0 | AU13: 0 | AV13: 0 | AW13: 38595.11 | AX13: 0 | AY13: 0 | AZ13: 0 | BA13: 0 | BB13: 276507.22 | BC13: 0
A14: 5015 | B14: Transformer Station Equipment - Operation Supplies and Expenses | C14: 0 | D14: 0 | E14: 0 | F14: 0 | G14: 0 | H14: 0 | I14: 0 | J14: 0 | K14: 0 | L14: 172940.51 | M14: 0 | N14: 22568.3 | O14: 0 | P14: 0 | Q14: 0 | R14: 68304.12 | S14: 43615.6 | T14: 0 | U14: 87256.76 | V14: 24609.71 | W14: 0 | X14: 0 | Y14: 12771.07 | Z14: 133402.81 | AA14: 1124406.1 | AB14: 0 | AC14: 0 | AD14: 0 | AE14: 0 | AF14: 0 | AG14: 0 | AH14: 0 | AI14: 135138.32 | AJ14: 1070.78 | AK14: 0 | AL14: 0 | AM14: 32691.41 | AN14: 0 | AO14: 0 | AP14: 0 | AQ14: 13955.36 | AR14: 0 | AS14: 0 | AT14: 0 | AU14: 30331.52 | AV14: 0 | AW14: 8422.36 | AX14: 0 | AY14: 0 | AZ14: 0 | BA14: 0 | BB14: 795346.14 | BC14: 277393.06
A15: 5016 | B15: Distribution Station Equipment - Operation Labor | C15: 2030404.7 | D15: 31376.67 | E15: 27391.75 | F15: 0 | G15: 419629.39 | H15: 19243.72 | I15: 0 | J15: 0 | K15: 0 | L15: 170924.41 | M15: 106449.99 | N15: 0 | O15: 3405 | P15: 11759.94 | Q15: 0 | R15: 0 | S15: 0 | T15: 491933.94 | U15: 0 | V15: 260980.9 | W15: 0 | X15: 0 | Y15: 55834.21 | Z15: 4474817.9 | AA15: 1187537.2 | AB15: 6227.93 | AC15: 103704.15 | AD15: 71146.03 | AE15: 10156.88 | AF15: 181470.22 | AG15: 16158 | AH15: 20338.61 | AI15: 0 | AJ15: 0 | AK15: 283 | AL15: 12523.23 | AM15: 40067.41 | AN15: 6182.59 | AO15: 103452.82 | AP15: 16364.81 | AQ15: 181742.84 | AR15: 4766.05 | AS15: 2269.99 | AT15: 0 | AU15: 0 | AV15: 0 | AW15: 4289161.4 | AX15: 27798.82 | AY15: 0 | AZ15: 7787.65 | BA15: 0 | BB15: 61415.3 | BC15: 0
A16: 5017 | B16: Distribution Station Equipment - Operation Supplies and Expenses | C16: 1540899.1 | D16: 44245.49 | E16: 2906 | F16: 50196 | G16: 548598.95 | H16: 29041.43 | I16: 40898.58 | J16: 1131.47 | K16: 0 | L16: 58387.14 | M16: 121558.45 | N16: 0 | O16: 1680 | P16: 2144 | Q16: 0 | R16: 0 | S16: 0 | T16: 261620.96 | U16: 3437.88 | V16: 29786.86 | W16: 0 | X16: 0 | Y16: 1991.45 | Z16: 1265569.4 | AA16: 206168.42 | AB16: 41100 | AC16: 8586.48 | AD16: 237.5 | AE16: 0 | AF16: 109305.86 | AG16: 13044.15 | AH16: 36358.41 | AI16: 0 | AJ16: 0 | AK16: 29 | AL16: 11000.04 | AM16: 2049.35 | AN16: 40700.5 | AO16: 0 | AP16: 762.5 | AQ16: 82725.15 | AR16: 39278.59 | AS16: 0 | AT16: 0 | AU16: 191196.62 | AV16: 19169.3 | AW16: 2437799.7 | AX16: 14529.72 | AY16: 73328.14 | AZ16: 21874.1 | BA16: 0 | BB16: 17530.01 | BC16: 0
A17: 5020 | B17: Overhead Distribution Lines and Feeders - Operation Labor | C17: 15370068 | D17: 31302.67 | E17: 263235.12 | F17: 26861 | G17: 251058.27 | H17: 109662.87 | I17: 3006.54 | J17: 0 | K17: 11834.35 | L17: 1452299.1 | M17: 149735.13 | N17: 2321845.2 | O17: 81463.92 | P17: 24935.09 | Q17: 146073.45 | R17: 12697.71 | S17: 36745.49 | T17: 219520.06 | U17: 83925.82 | V17: 591077.29 | W17: 3336.94 | X17: 0 | Y17: 0 | Z17: 9029137.6 | AA17: 166156.88 | AB17: 25951.23 | AC17: 125935.97 | AD17: 165522.5 | AE17: 51862.42 | AF17: 162245.35 | AG17: 22205.29 | AH17: 14157.54 | AI17: 75869.75 | AJ17: 109199.43 | AK17: 23636 | AL17: 201693.74 | AM17: 253769 | AN17: 14259.18 | AO17: 590871.35 | AP17: 40276.97 | AQ17: 474871.38 | AR17: 34197.42 | AS17: 1770.6 | AT17: 378596.53 | AU17: 211310.87 | AV17: 433.33 | AW17: 488795.24 | AX17: 0 | AY17: 71835.93 | AZ17: 22066.65 | BA17: 0 | BB17: 1594956.1 | BC17: 303570.31
A18: 5025 | B18: Overhead Distribution Lines and Feeders - Operation Supplies and Expenses | C18: 7886048.6 | D18: 87285.9 | E18: 48027.86 | F18: 117284 | G18: 606009.25 | H18: 11166.15 | I18: 9972.69 | J18: 0 | K18: 105.69 | L18: 805802.31 | M18: 5252.2 | N18: 69564.13 | O18: 9812.35 | P18: 0 | Q18: 95153.8 | R18: 40560.18 | S18: 4336.61 | T18: 427546.57 | U18: 19522.55 | V18: 172342.86 | W18: 77473.13 | X18: 0 | Y18: 0 | Z18: 444016.06 | AA18: 92182.5 | AB18: 8163.08 | AC18: 83858.28 | AD18: 22301.81 | AE18: 0 | AF18: 336377.56 | AG18: 0 | AH18: 20138.64 | AI18: 96486.46 | AJ18: 93324.94 | AK18: 0 | AL18: 3324.49 | AM18: 171768.83 | AN18: 19063.28 | AO18: 305842.48 | AP18: 1275 | AQ18: 354601.47 | AR18: 20371.3 | AS18: 0 | AT18: 104119.24 | AU18: 795743.11 | AV18: 15284.91 | AW18: 2868755.7 | AX18: 0 | AY18: 66969.72 | AZ18: 15618.88 | BA18: 0 | BB18: 714613.98 | BC18: 142728
A19: 5035 | B19: Overhead Distribution Transformers - Operation | C19: 0 | D19: -2652.7 | E19: 0 | F19: 83982 | G19: 8794.06 | H19: 30885.68 | I19: 0 | J19: 765 | K19: 10454.58 | L19: 0 | M19: 12 | N19: 64761.91 | O19: 31572.35 | P19: 0 | Q19: 24835.76 | R19: 7552.94 | S19: 0 | T19: 53536.7 | U19: 2073.9 | V19: 60596.9 | W19: 0 | X19: 0 | Y19: 5605.65 | Z19: 0 | AA19: 129946.64 | AB19: 0 | AC19: 3489.58 | AD19: 0 | AE19: 909.37 | AF19: 53087.98 | AG19: 0 | AH19: 4515.13 | AI19: 0 | AJ19: 0 | AK19: 20651 | AL19: 4990 | AM19: 12925.77 | AN19: 3985.53 | AO19: 0 | AP19: 169.35 | AQ19: 25706.05 | AR19: 9592.95 | AS19: 9886.87 | AT19: 32490.36 | AU19: 193843.12 | AV19: 194.4 | AW19: 0 | AX19: 0 | AY19: 0 | AZ19: 6953.36 | BA19: 0 | BB19: 0 | BC19: 56482.29
A20: 5040 | B20: Underground Distribution Lines and Feeders - Operation Labor | C20: 5665674.1 | D20: 12083.56 | E20: 0 | F20: 884575 | G20: 51810.36 | H20: 88541.23 | I20: 0 | J20: 0 | K20: 142946.66 | L20: -1452153.6 | M20: 431337.57 | N20: 664833.88 | O20: 38919.21 | P20: 12133.1 | Q20: 84436.96 | R20: 6944.71 | S20: 6233.79 | T20: 99403.97 | U20: 4924.28 | V20: 43873.73 | W20: 0 | X20: 0 | Y20: 0 | Z20: 1578723.8 | AA20: 463706.42 | AB20: 8545.4 | AC20: 42041.26 | AD20: 9479.53 | AE20: 14961.69 | AF20: 161452.09 | AG20: 0 | AH20: 261152.48 | AI20: 66862.98 | AJ20: 19.8 | AK20: 42389 | AL20: 2248.17 | AM20: 314244.49 | AN20: 6264.75 | AO20: 23256.53 | AP20: 1169.43 | AQ20: 244668.66 | AR20: 1897.67 | AS20: 0 | AT20: 0 | AU20: 2267.05 | AV20: 405.6 | AW20: 563355.61 | AX20: 0 | AY20: 256487.03 | AZ20: 0 | BA20: 420785.12 | BB20: 125934.14 | BC20: 83455.85
A21: 5045 | B21: Underground Distribution Lines and Feeders - Operation Supplies and Expenses | C21: 14315184 | D21: 0 | E21: 0 | F21: 396708 | G21: 648991.29 | H21: 189274.08 | I21: 0 | J21: 0 | K21: 0 | L21: 1794776.6 | M21: 51773.7 | N21: 530831.06 | O21: 709.69 | P21: 1680 | Q21: 18988.76 | R21: 481.37 | S21: 815.38 | T21: 4934.6 | U21: 51818.99 | V21: 98565.62 | W21: 176.5 | X21: 0 | Y21: 0 | Z21: 148005.37 | AA21: 4480395.9 | AB21: 140682.04 | AC21: 41710.8 | AD21: 0 | AE21: 0 | AF21: 235028.56 | AG21: -650.77 | AH21: 129634.33 | AI21: 417222.21 | AJ21: 5933.69 | AK21: 194588 | AL21: 3944.24 | AM21: 33254.18 | AN21: 2279.68 | AO21: 0 | AP21: 0 | AQ21: 47787.64 | AR21: 465 | AS21: 0 | AT21: 6214.18 | AU21: 8087.2 | AV21: 147.85 | AW21: 4440624.1 | AX21: 0 | AY21: 2400 | AZ21: 14283.27 | BA21: 0 | BB21: 212823.83 | BC21: 101582.65
... A29: 5096 | B29: Other Rent (Distribution) | C29: 0 | D29: 3132.22 | E29: 4763.8 | F29: 0 | G29: 0 | H29: 0 | I29: 0 | J29: 0 | K29: 0 | L29: 0 | M29: 0 | N29: 0 | O29: 158806.29 | P29: 979 | Q29: 134965.56 | R29: 0 | S29: 0 | T29: 0 | U29: 0 | V29: 0 | W29: 3600 | X29: 0 | Y29: 0 | Z29: 0 | AA29: 155355.18 | AB29: 0 | AC29: 0 | AD29: 21664.74 | AE29: 0 | AF29: 0 | AG29: 0 | AH29: 0 | AI29: 0 | AJ29: 0 | AK29: 0 | AL29: 0 | AM29: 0 | AN29: 16876.28 | AO29: 0 | AP29: 86900.04 | AQ29: 186415.19 | AR29: 2549.07 | AS29: 0 | AT29: 0 | AU29: 0 | AV29: 0 | AW29: 0 | AX29: 0 | AY29: 0 | AZ29: 0 | BA29: 0 | BB29: 0 | BC29: 4383.67
B30: Subtotal: Operation | C30: =SUM(C10:C29) -> 85996672 | D30: =SUM(D10:D29) -> 1826736.5 | E30: =SUM(E10:E29) -> 470047.67 | F30: =SUM(F10:F29) -> 4048279 | G30: =SUM(G10:G29) -> 5043595.2 | H30: =SUM(H10:H29) -> 2194330.8 | I30: =SUM(I10:I29) -> 469246.69 | J30: =SUM(J10:J29) -> 63782.99 | ... BC30: =SUM(BC10:BC29) -> 5177934.5
A31: 5105 | B31: Maintenance Supervision and Engineering | C31: 7746832.8 | D31: 103671.66 | E31: 0 | F31: 0 | G31: 0 | H31: 18573.26 | I31: 53190.58 | J31: 0 | K31: 0 | L31: 610477.32 | M31: 1145716.7 | N31: 0 | O31: 180612.06 | P31: 0 | Q31: 5316.59 | R31: 0 | S31: 96839.35 | T31: 0 | U31: 152892.86 | V31: 0 | W31: 24959.69 | X31: 0 | Y31: 0 | Z31: 11054227 | AA31: 1219499.5 | AB31: 0 | AC31: 58076.9 | AD31: 0 | AE31: 527722.74 | AF31: 1485448.3 | AG31: 0 | AH31: 10595.57 | AI31: 345269.89 | AJ31: 1432.38 | AK31: 444214 | AL31: 0 | AM31: 758887.59 | AN31: 0 | AO31: 147231.73 | AP31: 19927.43 | AQ31: 0 | AR31: 0 | AS31: 0 | AT31: 0 | AU31: 2298582 | AV31: 91.8 | AW31: 22773357 | AX31: 110358.58 | AY31: 147156.19 | AZ31: 90917.46 | BA31: 0 | BB31: 0 | BC31: 11319.87
A32: 5110 | B32: Maintenance of Buildings and Fixtures | C32: 238402.79 | D32: 400 | E32: 0 | F32: 0 | G32: 451215.39 | H32: 89074.23 | I32: 0 | J32: 9111.48 | K32: 0 | L32: 88573.24 | M32: 0 | N32: 0 | O32: 46910.75 | P32: 19366.86 | Q32: 0 | R32: 10459.83 | S32: 20573.93 | T32: 40490.89 | U32: 0 | V32: 0 | W32: 0 | X32: 0 | Y32: 0 | Z32: 1693128.1 | AA32: 0 | AB32: 0 | AC32: 89466.56 | AD32: 0 | AE32: 0 | AF32: 162061.84 | AG32: 0 | AH32: 0 | AI32: 0 | AJ32: 0 | AK32: 36863 | AL32: 190.65 | AM32: 27270.44 | AN32: 0 | AO32: 31857.78 | AP32: 33732.48 | AQ32: 161729.12 | AR32: 0 | AS32: 0 | AT32: 0 | AU32: 11781.33 | AV32: 0 | AW32: 18459869 | AX32: 0 | AY32: 31776.33 | AZ32: 0 | BA32: 6142.53 | BB32: 231856.55 | BC32: 0
A33: 5112 | B33: Maintenance of Transformer Station Equipment | C33: 0 | D33: 0 | E33: 0 | F33: 0 | G33: 0 | H33: 0 | I33: 0 | J33: 0 | K33: 0 | L33: 54256.06 | M33: 0 | N33: 400771.78 | O33: 0 | P33: 0 | Q33: 0 | R33: 59211.33 | S33: 15859.44 | T33: 0 | U33: 26951.41 | V33: 0 | W33: 0 | X33: 0 | Y33: 0 | Z33: 1523722.7 | AA33: 1021911.1 | AB33: 0 | AC33: 0 | AD33: 0 | AE33: 0 | AF33: 0 | AG33: 0 | AH33: 0 | AI33: 23900.14 | AJ33: 92598.38 | AK33: 0 | AL33: 0 | AM33: 136133.4 | AN33: 0 | AO33: 0 | AP33: 0 | AQ33: 235626.41 | AR33: 0 | AS33: 0 | AT33: 0 | AU33: 17340.19 | AV33: 0 | AW33: 1276428.4 | AX33: 0 | AY33: 0 | AZ33: 0 | BA33: 0 | BB33: 534835.58 | BC33: 3963.36
A34: 5114 | B34: Maintenance of Distribution Station Equipement | C34: 5627414.6 | D34: 51941.4 | E34: 11448.35 | F34: 72467 | G34: 375530.55 | H34: 46545.35 | I34: 32297.94 | J34: 9462.04 | K34: 0 | L34: 3122389.9 | M34: 138576.86 | N34: -18.19 | O34: 92311.25 | P34: 34430.97 | Q34: 0 | R34: 24436.59 | S34: 0 | T34: 12112.31 | U34: 0 | V34: 148575.87 | W34: 0 | X34: 0 | Y34: 0 | Z34: 14348389 | AA34: 1209628.7 | AB34: 131451.69 | AC34: 224358.5 | AD34: 0 | AE34: 391298.58 | AF34: 779674.3 | AG34: 0 | AH34: 111111.09 | AI34: 72176.6 | AJ34: 0 | AK34: 96890 | AL34: 8956.41 | AM34: 144580.62 | AN34: 0 | AO34: 490321.33 | AP34: 155258.92 | AQ34: 204916.9 | AR34: 182.16 | AS34: 80620.55 | AT34: 0 | AU34: 204742.97 | AV34: 0 | AW34: 492159.48 | AX34: 0 | AY34: 161851.37 | AZ34: 25496.21 | BA34: 181732.09 | BB34: 54909.9 | BC34: 479.88
A35: 5120 | B35: Maintenance of Poles, Towers and Fixtures | C35: 1192128.4 | D35: 114114.32 | E35: 2454.17 | F35: 13210 | G35: 31558.9 | H35: 129218.61 | I35: 58253.89 | J35: 5873.54 | K35: 115450.83 | L35: 34554.58 | M35: 213445.87 | N35: 553395.86 | O35: 9951.5 | P35: 61985.86 | Q35: 89317.53 | R35: 103406.39 | S35: 7688.36 | T35: 118259.52 | U35: 4112.33 | V35: 82020.135 | W35: 120649.03 | X35: 11652.75 | Y35: 6458.06 | Z35: 25048879 | AA35: 970457.01 | AB35: 42189.95 | AC35: 68117.76 | AD35: 0 | AE35: 87185.01 | AF35: 512001.35 | AG35: 185972.57 | AH35: 31056.8 | AI35: 206444.45 | AJ35: 76690.44 | AK35: 96220 | AL35: 20183.96 | AM35: 35457.09 | AN35: 4458.65 | AO35: 461115.24 | AP35: 13329.32 | AQ35: 7256.66 | AR35: 1445.05 | AS35: 23991.19 | AT35: 69978.23 | AU35: 259218.14 | AV35: 23004.42 | AW35: 1286151.9 | AX35: 85422.36 | AY35: 124809.94 | AZ35: 14431.68 | BA35: 123131 | BB35: 447216.74 | BC35: 246753.28
A36: 5125 | B36: Maintenance of Overhead Conductors and Devices | C36: 4005089.9 | D36: 854630.5 | E36: 43084.44 | F36: 195873 | G36: 2511435.3 | H36: 446966.64 | I36: 33747.04 | J36: 4966 | K36: 208403.13 | L36: 874580.83 | M36: 625900.58 | N36: 0 | O36: 44293.75 | P36: 219141.84 | Q36: 151205.1 | R36: 88643.62 | S36: 5063.04 | T36: 323712.78 | U36: 77308.24 | V36: 0 | W36: 162689.83 | X36: 2011.2 | Y36: 36034.85 | Z36: 38374943 | AA36: 1087504.6 | AB36: 83383.3 | AC36: 249633.26 | AD36: 0 | AE36: 34275 | AF36: 1521266.4 | AG36: 456835.22 | AH36: 280366.78 | AI36: 1001258.8 | AJ36: 150450.55 | AK36: 217468 | AL36: 412655.6 | AM36: 38343.26 | AN36: 30963.75 | AO36: 0 | AP36: 53572.24 | AQ36: 809660.95 | AR36: 17125.58 | AS36: 264292.04 | AT36: 0 | AU36: 1167353.2 | AV36: 30160.43 | AW36: 6710805.2 | AX36: 136951.89 | AY36: 610470.69 | AZ36: 19739.71 | BA36: 298919.12 | BB36: 1709534.3 | BC36: 1247527.8
A37: 5130 | B37: Maintenance of Overhead Services | C37: 0 | D37: 220721.16 | E37: 11382.24 | F37: 380078 | G37: 681990.66 | H37: 266889.77 | I37: 77833 | J37: 0 | K37: 97883.25 | L37: 33443.41 | M37: 380339.4 | N37: 70020.63 | O37: 290578.19 | P37: 303155.45 | Q37: 147918.59 | R37: 1106618.2 | S37: 12001.66 | T37: 243025.97 | U37: 48380.47 | V37: 0 | W37: 4872.53 | X37: 0 | Y37: 9752.06 | Z37: 10081460 | AA37: 293019.25 | AB37: 256641.38 | AC37: 96609.84 | AD37: 111516.44 | AE37: 772082.51 | AF37: 286690.83 | AG37: 0 | AH37: 0 | AI37: 243105.11 | AJ37: 55225.41 | AK37: 274658 | AL37: 11539.13 | AM37: 39550.59 | AN37: 15665.37 | AO37: 0 | AP37: 52324.57 | AQ37: 8306.63 | AR37: 33585.87 | AS37: 26496.22 | AT37: 0 | AU37: 683239.73 | AV37: 19868.46 | AW37: 679085.16 | AX37: 72647 | AY37: 364608.32 | AZ37: 18428.64 | BA37: 156964.39 | BB37: 1894950.9 | BC37: 1124977.1
A38: 5135 | B38: Overhead Distribution Lines and Feeders - Right of Way | C38: 5561591.8 | D38: 4060639.8 | E38: 59809.73 | F38: 264862 | G38: 870138.2 | H38: 610107.96 | I38: 84200.72 | J38: 9720 | K38: 53735.73 | L38: 1571789.3 | M38: 193659.42 | N38: 1301139.1 | O38: 162312.03 | P38: 189304.06 | Q38: 471968.92 | R38: 140510.96 | S38: 62367.57 | T38: 691347.5 | U38: 73269.12 | V38: 352283.42 | W38: 26999.05 | X38: 7450 | Y38: 113881.24 | Z38: 1.1263776e+08 | AA38: 6937370.1 | AB38: 434244.02 | AC38: 209929.36 | AD38: 99417.65 | AE38: 221647.7 | AF38: 1537575 | AG38: 446140.59 | AH38: 398422.99 | AI38: 731976.97 | AJ38: 67026.19 | AK38: 803201 | AL38: 182389.4 | AM38: 550697.68 | AN38: 96184.5 | AO38: 169743.13 | AP38: 137121 | AQ38: 724440.41 | AR38: 135081.27 | AS38: 39222.61 | AT38: 75010.37 | AU38: 2527645.3 | AV38: 81673.8 | AW38: 3647224.8 | AX38: 170914.48 | AY38: 356541.93 | AZ38: 69361.63 | BA38: 278123.52 | BB38: 921357.92 | BC38: 1263202.2
A39: 5145 | B39: Maintenance of Underground Conduit | C39: 0 | D39: 0 | E39: 0 | F39: 29899 | G39: 1637.02 | H39: 25136.17 | I39: 48.98 | J39: 0 | K39: 349.68 | L39: 8744.62 | M39: 8711.92 | N39: 0 | O39: 372.04 | P39: 0 | Q39: 0 | R39: 29144 | S39: 0 | T39: 100349.64 | U39: 375.35 | V39: 0 | W39: 165.52 | X39: 0 | Y39: 0 | Z39: 58000.44 | AA39: 221188.48 | AB39: 0 | AC39: 38694.66 | AD39: 0 | AE39: 0 | AF39: 447590.5 | AG39: 0 | AH39: 2701.76 | AI39: 17354.14 | AJ39: 156.04 | AK39: 46920 | AL39: 1662.1 | AM39: 17.91 | AN39: 0 | AO39: 251705.58 | AP39: 482.89 | AQ39: 13571.66 | AR39: 0 | AS39: 81.07 | AT39: 0 | AU39: 110236.59 | AV39: 0 | AW39: 4597138.9 | AX39: 0 | AY39: 357.25 | AZ39: 75.63 | BA39: 0 | BB39: 67890.97 | BC39: 214474.93
A40: 5150 | B40: Maintenance of Underground Conductors and Devices | C40: 2530227.4 | D40: 0 | E40: 0 | F40: 14605 | G40: 297033.55 | H40: 34573.52 | I40: 16614.82 | J40: 1297.5 | K40: 55154.04 | L40: 282328.06 | M40: 77229.52 | N40: 0 | O40: 38266.11 | P40: 48305.41 | Q40: 71135.52 | R40: 89030.81 | S40: 418.85 | T40: 56763.6 | U40: 11904.7 | V40: 25574.44 | W40: 6609.89 | X40: 0 | Y40: 9542.79 | Z40: 1680243.3 | AA40: 759364.28 | AB40: 9494.56 | AC40: 149467.66 | AD40: 0 | AE40: 20598.78 | AF40: 1617151.6 | AG40: 83432.04 | AH40: 276927.92 | AI40: 294196.36 | AJ40: 32041.61 | AK40: 78309 | AL40: 56236.7 | AM40: 474144.98 | AN40: 3331.56 | AO40: 0 | AP40: 17530.87 | AQ40: 195188.14 | AR40: 1347.83 | AS40: 5527.26 | AT40: 0 | AU40: 245914.62 | AV40: 14770.43 | AW40: 13416937 | AX40: 154680.57 | AY40: 108851.44 | AZ40: 0 | BA40: 35935.62 | BB40: 865754.87 | BC40: 1365236.5
A41: 5155 | B41: Maintenance of Underground Services | C41: 0 | D41: 0 | E41: 0 | F41: 46713 | G41: 833446.41 | H41: 76966.8 | I41: 96251.94 | J41: 1720 | K41: 133284.58 | L41: 257485.61 | M41: 309114.46 | N41: 537621.41 | O41: 249870.13 | P41: -299940.86 | Q41: 152390.97 | R41: 127428.93 | S41: 3166.47 | T41: 142079.34 | U41: 20250 | V41: 0 | W41: 2632.35 | X41: 4274 | Y41: 12414.62 | Z41: 8569240.9 | AA41: 251214.98 | AB41: 73845.62 | AC41: 80964.8 | AD41: 16366.82 | AE41: 230635.56 | AF41: 616677.31 | AG41: 0 | AH41: 117725.22 | AI41: 225757.01 | AJ41: 56227.01 | AK41: 205211 | AL41: 8049.3 | AM41: 563.26 | AN41: 89262.42 | AO41: 60085.89 | AP41: 35570.21 | AQ41: 11871.53 | AR41: 7156.6 | AS41: 6756.33 | AT41: 0 | AU41: 141405.46 | AV41: 19154.97 | AW41: 25642.08 | AX41: 120985.57 | AY41: 143706.28 | AZ41: 21986.04 | BA41: 256201.76 | BB41: 530902.69 | BC41: 279748.6
A42: 5160 | B42: Maintenance of Line Transformers | C42: 471241.29 | D42: 25845.88 | E42: 644.4 | F42: 36247 | G42: 42973.86 | H42: 86168.42 | I42: 32096.81 | J42: 1570 | K42: 16076.79 | L42: 55157.86 | M42: 76270.14 | N42: 26793.57 | O42: 41433.91 | P42: 88230.88 | Q42: 42289.42 | R42: 40829.58 | S42: -8013.92 | T42: 148533.02 | U42: 12172.28 | V42: 0 | W42: 53766.78 | X42: -35 | Y42: 23074.73 | Z42: 3656023.5 | AA42: 57951.67 | AB42: 27006.28 | AC42: 49521.43 | AD42: 13130.46 | AE42: 20158.96 | AF42: 113809.78 | AG42: 171689.37 | AH42: 121206.42 | AI42: 107878.52 | AJ42: 53117.73 | AK42: 175777 | AL42: 5378.83 | AM42: 18631.97 | AN42: 18343.84 | AO42: 0 | AP42: 65813.68 | AQ42: 33634.09 | AR42: 2781.5 | AS42: 6592.9 | AT42: 329.86 | AU42: 120863.87 | AV42: 28172.75 | AW42: 1326827.7 | AX42: -4530.85 | AY42: 201149.83 | AZ42: 2808.1 | BA42: 86379.38 | BB42: 327912.6 | BC42: 45494.16
A43: 5175 | B43: Maintenance of Meters | C43: 1481416.1 | D43: 611799.23 | E43: 45995.33 | F43: 151515 | G43: 201105.45 | H43: 546425.62 | I43: 0 | J43: 0 | K43: 311649.3 | L43: 449382.89 | M43: 388893.7 | N43: 0 | O43: 198963.95 | P43: 177084.15 | Q43: 2976.59 | R43: 150323.41 | S43: 45021.5 | T43: 90022.17 | U43: 0 | V43: 0 | W43: 4687.8 | X43: 2571.18 | Y43: 2359.16 | Z43: 6085210.9 | AA43: 1497566.6 | AB43: 30917.16 | AC43: 0 | AD43: 99265.92 | AE43: 16490.91 | AF43: 808.27 | AG43: 169828.7 | AH43: 4656 | AI43: 0 | AJ43: 71374.96 | AK43: 24616 | AL43: 1685 | AM43: 51127.2 | AN43: 0 | AO43: 0 | AP43: 89.96 | AQ43: 58941.88 | AR43: 0 | AS43: 4281.08 | AT43: 2210.67 | AU43: 4433.66 | AV43: 1399.76 | AW43: 382888.5 | AX43: 58946.62 | AY43: 139736.64 | AZ43: 14156.03 | BA43: 388163.15 | BB43: 0 | BC43: 722430.88
B44: Subtotal: Maintenance | C44: =SUM(C31:C43) -> 28854345 | D44: =SUM(D31:D43) -> 6043763.9 | E44: =SUM(E31:E43) -> 174818.66 | F44: =SUM(F31:F43) -> 1205469 | G44: =SUM(G31:G43) -> 6298065.3 | H44: =SUM(H31:H43) -> 2376646.4 | I44: =SUM(I31:I43) -> 484535.72 | J44: =SUM(J31:J43) -> 43720.56 | ... BC44: =SUM(BC31:BC43) -> 6525608.5
A45: 5305 | B45: Supervision (Billing and Collection) | C45: 1812857.2 | D45: 137153.29 | E45: 3569.28 | F45: 198764 | G45: 0 | H45: 144205.08 | I45: 58586.68 | J45: 0 | K45: 140915.23 | L45: 161455.79 | M45: 533683.01 | N45: 0 | O45: 142938.27 | P45: 105895.12 | Q45: 190616.96 | R45: 89012.89 | S45: 29041.79 | T45: 179403.42 | U45: 75962.17 | V45: 183612.61 | W45: 0 | X45: 0 | Y45: 0 | Z45: 239998.08 | AA45: 0 | AB45: 297730.13 | AC45: 0 | AD45: 0 | AE45: 174837.9 | AF45: 434071.37 | AG45: 0 | AH45: 279732.01 | AI45: 1144342 | AJ45: 63772 | AK45: 0 | AL45: 140679.15 | AM45: 537609.99 | AN45: 142672.68 | AO45: 127989.18 | AP45: 63961.66 | AQ45: 12273.14 | AR45: 0 | AS45: 0 | AT45: 0 | AU45: 0 | AV45: 72236.18 | AW45: 793383.8 | AX45: 0 | AY45: 0 | AZ45: 66313.95 | BA45: 0 | BB45: 78802.69 | BC45: 731794.12
A46: 5310 | B46: Meter Reading Expense | C46: 428837.9 | D46: 171292.86 | E46: 32056.37 | F46: 323182 | G46: 262055.79 | H46: 92779.97 | I46: 116592.68 | J46: -89.63 | K46: 54749.35 | L46: 251552.23 | M46: 0 | N46: 821675.53 | O46: 200369.24 | P46: 155061.28 | Q46: 2467.84 | R46: 228618.54 | S46: 12168.53 | T46: 0 | U46: 68117.57 | V46: 3022.44 | W46: 23994.75 | X46: 0 | Y46: 32238.73 | Z46: 10669265 | AA46: 405751.73 | AB46: 22382.65 | AC46: 297901.48 | AD46: 185861.13 | AE46: 107025.72 | AF46: 1737313.2 | AG46: 312937.11 | AH46: 601964.72 | AI46: 820961.93 | AJ46: 118809.04 | AK46: 411374 | AL46: 235083.08 | AM46: 1299246.1 | AN46: 206484.05 | AO46: 752186.46 | AP46: 42110.5 | AQ46: 305532.52 | AR46: 31349.72 | AS46: 23510.87 | AT46: 10685.08 | AU46: 247253.26 | AV46: 74654.31 | AW46: 5090229.2 | AX46: 169216.27 | AY46: 0 | AZ46: 61093.14 | BA46: 155816.17 | BB46: 1184018.9 | BC46: 531712
A47: 5315 | B47: Customer Billing | C47: 16169154 | D47: 205484.59 | E47: 157013.61 | F47: 1437414 | G47: 1193786.6 | H47: 355814.27 | I47: 437471.39 | J47: 312269.59 | K47: 687527.64 | L47: 6037583.7 | M47: 1325920.5 | N47: 1776297.7 | O47: 612184.3 | P47: 925297.13 | Q47: 1060852.5 | R47: 769031.4 | S47: 198046.81 | T47: 814473.76 | U47: 538845.39 | V47: 692538.31 | W47: 263998.87 | X47: 236011.62 | Y47: 337718.58 | Z47: 40400864 | AA47: 8169874.6 | AB47: 587885.18 | AC47: 467707.72 | AD47: 227986.66 | AE47: 497911.95 | AF47: 1562976.7 | AG47: 521366.01 | AH47: 892704.31 | AI47: 3306670.9 | AJ47: 605913.95 | AK47: 636155 | AL47: 324059.32 | AM47: 1517596.1 | AN47: 486256.46 | AO47: 1612098.4 | AP47: 583442.58 | AQ47: 394026.5 | AR47: 434388.48 | AS47: 428515.67 | AT47: 211882.69 | AU47: 1537822.8 | AV47: 427424.49 | AW47: 31532486 | AX47: 541243.89 | AY47: 1104692.9 | AZ47: 134281.57 | BA47: 478624.02 | BB47: 3037407.3 | BC47: 2904731.8
A48: 5320 | B48: Collecting | C48: 7629484.8 | D48: 153805.6 | E48: 0 | F48: 360734 | G48: 251121.88 | H48: 431412.53 | I48: 109586.66 | J48: 0 | K48: 38570.42 | L48: 1344950.6 | M48: 846034.44 | N48: 40189.45 | O48: 135853.56 | P48: 478793.98 | Q48: 368207.26 | R48: 167688.05 | S48: 24508.31 | T48: 216868.35 | U48: 33953.75 | V48: 419261.75 | W48: 61427.22 | X48: 3147.1 | Y48: 150590.48 | Z48: 8943266.2 | AA48: 895148.05 | AB48: 271583.3 | AC48: 169632.72 | AD48: 49079.82 | AE48: 115283.31 | AF48: 753983.87 | AG48: 586330.66 | AH48: 625931.66 | AI48: 501893.75 | AJ48: 92497.8 | AK48: 264990 | AL48: 114954.82 | AM48: 337403.77 | AN48: 261647.54 | AO48: 319816.35 | AP48: 212993.71 | AQ48: 102075.64 | AR48: 59560.07 | AS48: 34913.89 | AT48: 83487.28 | AU48: 434917.61 | AV48: 79611.98 | AW48: 5215587.4 | AX48: 412875.87 | AY48: 426074.35 | AZ48: 122316.74 | BA48: 135894.41 | BB48: 3331849.2 | BC48: 390365.29
A49: 5325 | B49: Collecting - Cash Over and Short | C49: 0 | D49: 0 | E49: 34.02 | F49: 0 | G49: 0 | H49: 0 | I49: 0.82 | J49: 0 | K49: 0 | L49: 0 | M49: 0 | N49: 0 | O49: 0 | P49: 0 | Q49: 0 | R49: 0 | S49: 3.03 | T49: 0 | U49: 0 | V49: 0 | W49: 0 | X49: 0 | Y49: 0 | Z49: 0 | AA49: 0 | AB49: 10 | AC49: 0 | AD49: -1779.5 | AE49: 0 | AF49: 0 | AG49: 0 | AH49: 0 | AI49: 0 | AJ49: 0 | AK49: 0 | AL49: -1.35 | AM49: 0 | AN49: 0 | AO49: 0 | AP49: -411.76 | AQ49: 0 | AR49: 8.41 | AS49: 0 | AT49: 0 | AU49: 0 | AV49: 0 | AW49: 0 | AX49: 0 | AY49: -64.91 | AZ49: -4 | BA49: 0 | BB49: 27.69 | BC49: -245.8
A50: 5330 | B50: Collection Charges | C50: 0 | D50: 0 | E50: 0 | F50: 0 | G50: 184154.4 | H50: 0 | I50: 0 | J50: 288 | K50: 0 | L50: 0 | M50: 0 | N50: 0 | O50: 0 | P50: 0 | Q50: 0 | R50: 0 | S50: -1031.72 | T50: 0 | U50: 1971.9 | V50: 0 | W50: 671.02 | X50: 750 | Y50: 0 | Z50: 0 | AA50: 3.7 | AB50: 0 | AC50: 0 | AD50: 0 | AE50: 0 | AF50: -53692 | AG50: 53627.85 | AH50: 0 | AI50: 0 | AJ50: 0 | AK50: 0 | AL50: 2224.14 | AM50: 32006.66 | AN50: 0 | AO50: 0 | AP50: -15235 | AQ50: 0 | AR50: 0 | AS50: 0 | AT50: 4674.4 | AU50: 0 | AV50: 0 | AW50: 0 | AX50: 825.4 | AY50: 0 | AZ50: 0 | BA50: 15498.53 | BB50: 0 | BC50: 16855.83
A51: 5340 | B51: Miscellaneous Customer Account Expenses | C51: 16768860 | D51: 261299.54 | E51: 0 | F51: 0 | G51: 773616.72 | H51: 547775.36 | I51: 0 | J51: 0 | K51: 726.61 | L51: 2537939 | M51: 939042.55 | N51: 0 | O51: 2400 | P51: 0 | Q51: 10949.03 | R51: 162477.67 | S51: 0 | T51: 92259.73 | U51: 99.96 | V51: 0 | W51: 25827.84 | X51: 0 | Y51: 0 | Z51: 6328051.2 | AA51: 532617.42 | AB51: 394059.01 | AC51: 0 | AD51: 60658.46 | AE51: 124869.68 | AF51: 0 | AG51: 0 | AH51: 0 | AI51: 78905.16 | AJ51: 3498.05 | AK51: 0 | AL51: 3575.67 | AM51: 346614.48 | AN51: 28292.56 | AO51: 0 | AP51: 34209.6 | AQ51: 0 | AR51: 0 | AS51: 8003.66 | AT51: 0 | AU51: 0 | AV51: 122048.75 | AW51: 0 | AX51: 0 | AY51: 23443.74 | AZ51: 95975.23 | BA51: 0 | BB51: 4948782 | BC51: 1720765.8
B52: Subtotal : Billing and Collections | C52: =SUM(C45:C51) -> 42809194 | D52: =SUM(D45:D51) -> 929035.88 | E52: =SUM(E45:E51) -> 192673.28 | F52: =SUM(F45:F51) -> 2320094 | G52: =SUM(G45:G51) -> 2664735.4 | H52: =SUM(H45:H51) -> 1571987.2 | I52: =SUM(I45:I51) -> 722238.23 | J52: =SUM(J45:J51) -> 312467.96 | ... BC52: =SUM(BC45:BC51) -> 6295979.1
A53: 5405 | B53: Supervision (Community Relations) | C53: 1235841.3 | D53: 0 | E53: 0 | F53: 0 | G53: 0 | H53: 0 | I53: 0 | J53: 0 | K53: 0 | L53: 78912.46 | M53: 0 | N53: 0 | O53: 0 | P53: 391.7 | Q53: 0 | R53: 1190 | S53: 0 | T53: 154025.46 | U53: 0 | V53: 0 | W53: 0 | X53: 0 | Y53: 0 | Z53: 0 | AA53: 0 | AB53: 0 | AC53: 0 | AD53: 0 | AE53: 0 | AF53: 0 | AG53: 0 | AH53: 153878.61 | AI53: 0 | AJ53: 0 | AK53: 0 | AL53: 0 | AM53: 0 | AN53: 0 | AO53: 82193.72 | AP53: 0 | AQ53: 0 | AR53: 0 | AS53: 0 | AT53: 0 | AU53: 0 | AV53: 0 | AW53: 0 | AX53: 0 | AY53: 38674.55 | AZ53: 0 | BA53: 0 | BB53: 190073.04 | BC53: 6440.58
A54: 5410 | B54: Community Relations - Sundry | C54: 974624.72 | D54: 7983.1 | E54: 0 | F54: 405102 | G54: 0 | H54: 102.59 | I54: 27790.39 | J54: 1525 | K54: 3121.05 | L54: 484076.22 | M54: 14643.06 | N54: 200404.57 | O54: 1336.79 | P54: 67066.78 | Q54: 27925.74 | R54: 0 | S54: 33809.53 | T54: 1010208.8 | U54: 0 | V54: 0 | W54: 4945.56 | X54: 0 | Y54: 0 | Z54: 1063530 | AA54: 6697096.6 | AB54: 56589.35 | AC54: 0 | AD54: 17836.92 | AE54: 10286.22 | AF54: 183183.07 | AG54: 20339.99 | AH54: 169116.51 | AI54: 88443.97 | AJ54: 0 | AK54: 0 | AL54: 0 | AM54: 76738.82 | AN54: 54367.74 | AO54: 228521.01 | AP54: 24000.39 | AQ54: 738875.32 | AR54: 68 | AS54: 267 | AT54: 0 | AU54: 0 | AV54: 0 | AW54: 6170.58 | AX54: 20219.33 | AY54: 6110.7 | AZ54: 13994.64 | BA54: 207.5 | BB54: 691986.16 | BC54: 101700.6
A55: 5420 | B55: Community Safety Program | C55: 0 | D55: 0 | E55: 0 | F55: 0 | G55: 23910.94 | H55: 1950 | I55: 2925 | J55: 0 | K55: 0 | L55: 13724.03 | M55: 0 | N55: 0 | O55: 15662.83 | P55: 0 | Q55: 0 | R55: 0 | S55: 0 | T55: 0 | U55: 0 | V55: 0 | W55: 0 | X55: 0 | Y55: 0 | Z55: 449236.33 | AA55: 0 | AB55: 0 | AC55: 1809.13 | AD55: 0 | AE55: 0 | AF55: 13783.8 | AG55: 0 | AH55: 0 | AI55: 0 | AJ55: 0 | AK55: 0 | AL55: 0 | AM55: 0 | AN55: 0 | AO55: 346088.86 | AP55: 5510 | AQ55: 37243.39 | AR55: 11020 | AS55: -10875.88 | AT55: 0 | AU55: 13972.85 | AV55: 0 | AW55: 2477512.6 | AX55: 0 | AY55: 898 | AZ55: 0 | BA55: 0 | BB55: 56302.53 | BC55: 47139.39
A56: 5425 | B56: Miscellaneous Customer Service and Informational Expenses | C56: 0 | D56: 26704.87 | E56: 0 | F56: 3402 | G56: 0 | H56: 79911.38 | I56: 12084.59 | J56: 0 | K56: 0 | L56: 0 | M56: 0 | N56: 0 | O56: 244861.83 | P56: -9435 | Q56: 0 | R56: 0 | S56: 29906.28 | T56: 0 | U56: 0 | V56: 0 | W56: 0 | X56: 0 | Y56: 0 | Z56: 1722239.4 | AA56: 0 | AB56: 270 | AC56: 237355.41 | AD56: 0 | AE56: 24576.03 | AF56: 0 | AG56: 0 | AH56: 0 | AI56: 0 | AJ56: 2850 | AK56: 0 | AL56: 0 | AM56: 7960.06 | AN56: 0 | AO56: 532849.25 | AP56: 0 | AQ56: 0 | AR56: 3388.14 | AS56: 20641 | AT56: 0 | AU56: 0 | AV56: 0 | AW56: 0 | AX56: 0 | AY56: 0 | AZ56: 0 | BA56: 13422 | BB56: 0 | BC56: 0
B57: Subtotal: Community Relations | C57: =SUM(C53:C56) -> 2210466 | D57: =SUM(D53:D56) -> 34687.97 | E57: =SUM(E53:E56) -> 0 | F57: =SUM(F53:F56) -> 408504 | G57: =SUM(G53:G56) -> 23910.94 | H57: =SUM(H53:H56) -> 81963.97 | I57: =SUM(I53:I56) -> 42799.98 | J57: =SUM(J53:J56) -> 1525 | ... BC57: =SUM(BC53:BC56) -> 155280.57
A58: 5605 | B58: Executive Salaries and Expenses | C58: 9011012.6 | D58: 694411.52 | E58: 9171.35 | F58: 1437057 | G58: 2876668.5 | H58: 683221.24 | I58: 0 | J58: 44908.64 | K58: -21314.73 | L58: 2672816.4 | M58: 803474 | N58: 1533736.2 | O58: 1565780.5 | P58: 63361.2 | Q58: 516023.82 | R58: 1904785 | S58: 234423.79 | T58: 1458019.9 | U58: 331522.96 | V58: 461025.53 | W58: 15220.81 | X58: 28808 | Y58: 174270.88 | Z58: 6690313.2 | AA58: 2843702.6 | AB58: 301718.51 | AC58: 368677.47 | AD58: 32936.43 | AE58: 80815.64 | AF58: 2020698.3 | AG58: 20078.44 | AH58: 2013834 | AI58: 639200.56 | AJ58: 609001.59 | AK58: 0 | AL58: 28946.63 | AM58: 0 | AN58: 534385.34 | AO58: 1593336.2 | AP58: 54581.12 | AQ58: 619108.77 | AR58: 182098.5 | AS58: 571452.01 | AT58: 192915.23 | AU58: 1516424.2 | AV58: 129532.52 | AW58: 7890172.7 | AX58: 366837.09 | AY58: 562372.77 | AZ58: 71607.89 | BA58: 766590.04 | BB58: 2459793.2 | BC58: 2578761.1
A59: 5610 | B59: Management Salaries and Expenses | C59: 37302302 | D59: 546288.83 | E59: 145491.74 | F59: 0 | G59: 84402.77 | H59: 777964.25 | I59: 433780.46 | J59: 144636.27 | K59: 258406.34 | L59: 2374731.5 | M59: 4229581.5 | N59: 0 | O59: 45285.77 | P59: 1156995.6 | Q59: 1584758.6 | R59: 0 | S59: 0 | T59: 937939.84 | U59: 236900.09 | V59: 1125558.2 | W59: 0 | X59: 95585.67 | Y59: 112011 | Z59: 36256900 | AA59: 12985443 | AB59: 956253.78 | AC59: 115703.45 | AD59: 133131.23 | AE59: 0 | AF59: 2775368.6 | AG59: 1115025.4 | AH59: 981767.02 | AI59: 4499446.9 | AJ59: 87748.78 | AK59: 1398240 | AL59: 219267.5 | AM59: 1073633.9 | AN59: 0 | AO59: 878147.99 | AP59: 367415.21 | AQ59: 930289.09 | AR59: 0 | AS59: 0 | AT59: 9956.93 | AU59: 0 | AV59: 264609.25 | AW59: 15396861 | AX59: 285673.73 | AY59: 492506.19 | AZ59: 53804.03 | BA59: 723832.1 | BB59: 550925.11 | BC59: 3468745.4
A60: 5615 | B60: General Administrative Salaries and Expenses | C60: 6188647.5 | D60: 2765825.7 | E60: 86654.68 | F60: 1788870 | G60: 3288720.5 | H60: 4749651 | I60: 272713.64 | J60: 72415.96 | K60: 313318.96 | L60: 10792920 | M60: 167437.35 | N60: 4713813.8 | O60: 484569.64 | P60: 408283.68 | Q60: 274642.46 | R60: 425370.4 | S60: 207764.42 | T60: 752992.37 | U60: 478548.26 | V60: 1325042.6 | W60: 135027.8 | X60: 8142.8 | Y60: 0 | Z60: 64830965 | AA60: 3527136.8 | AB60: 1148617.6 | AC60: 953274.83 | AD60: 307802.67 | AE60: 0 | AF60: 5954569.8 | AG60: 1366014.4 | AH60: 1758059.1 | AI60: 599457.66 | AJ60: 103853.5 | AK60: 497770 | AL60: 187722.16 | AM60: 0 | AN60: 430579.88 | AO60: 1903191 | AP60: 254245.79 | AQ60: 412066.27 | AR60: 101845.76 | AS60: 185908.66 | AT60: 72639.9 | AU60: 1816595.5 | AV60: 462169.98 | AW60: 39620817 | AX60: 399015.88 | AY60: 359824.6 | AZ60: 112829.22 | BA60: 536650.76 | BB60: 2976086.4 | BC60: 3314734.6
A61: 5620 | B61: Office Supplies | C61: 10910835 | D61: 186849.55 | E61: 6240.47 | F61: 7664 | G61: 309601.46 | H61: 560015.69 | I61: 171572.48 | J61: 20450.82 | K61: 298174.75 | L61: 1010203.5 | M61: 505690.31 | N61: 839802.33 | O61: 0 | P61: 58338.71 | Q61: 264865.74 | R61: 230618.34 | S61: 83436.66 | T61: 0 | U61: 55103.19 | V61: 92748.42 | W61: 10112.28 | X61: 41491.06 | Y61: 24132.26 | Z61: 0 | AA61: 6935898.3 | AB61: 326887.32 | AC61: 98857.18 | AD61: 141798.56 | AE61: 145721.31 | AF61: 3673240.7 | AG61: 609796.1 | AH61: 291485.54 | AI61: 69788.22 | AJ61: 25058.41 | AK61: 2009 | AL61: 152879.1 | AM61: 220819.98 | AN61: 33573.68 | AO61: 956414.35 | AP61: 48061.91 | AQ61: 1058863.7 | AR61: 45311.45 | AS61: 10586.29 | AT61: 19773.1 | AU61: 387886.7 | AV61: 0 | AW61: 740397.72 | AX61: 59117.27 | AY61: 0 | AZ61: 60188.33 | BA61: 693653.95 | BB61: 141772.06 | BC61: 3193686.8
A62: 5625 | B62: Administrative Expense Transferred - Credit | C62: -493972.52 | D62: -735843 | E62: 0 | F62: 0 | G62: -359770.79 | H62: -5647774.5 | I62: 0 | J62: 0 | K62: 0 | L62: 0 | M62: 0 | N62: 0 | O62: 0 | P62: 0 | Q62: 0 | R62: 0 | S62: -12855.5 | T62: 0 | U62: 0 | V62: 0 | W62: 0 | X62: 0 | Y62: 0 | Z62: -1.0527058e+08 | AA62: 1067180.2 | AB62: 0 | AC62: 0 | AD62: 0 | AE62: 0 | AF62: 0 | AG62: 0 | AH62: 0 | AI62: 0 | AJ62: 0 | AK62: 0 | AL62: 0 | AM62: -391704 | AN62: 0 | AO62: -192989.77 | AP62: 0 | AQ62: 0 | AR62: 0 | AS62: 40067.8 | AT62: 0 | AU62: 0 | AV62: 0 | AW62: 0 | AX62: 66495.35 | AY62: 0 | AZ62: 0 | BA62: 0 | BB62: -301746.43 | BC62: -922.98
A63: 5630 | B63: Outside Services Employed | C63: 6108405.3 | D63: 457011.3 | E63: 88442.26 | F63: 0 | G63: 595780.87 | H63: 879176.47 | I63: 94082.74 | J63: 77409.23 | K63: 454627.23 | L63: 640712.73 | M63: 187727.24 | N63: 4077746.9 | O63: 69208.35 | P63: 590108.49 | Q63: 346454.19 | R63: 148798.68 | S63: 73631.86 | T63: 43725 | U63: 163411.11 | V63: 155525.34 | W63: 120432.09 | X63: 35932.03 | Y63: 49709.17 | Z63: 18760860 | AA63: 2120879.5 | AB63: 165873.72 | AC63: 650225.73 | AD63: 856842.2 | AE63: 98487.8 | AF63: 1628724.7 | AG63: 782157.89 | AH63: 373145.64 | AI63: 72999.96 | AJ63: 61520.5 | AK63: 230571 | AL63: 296157.7 | AM63: 306588.35 | AN63: 82769.35 | AO63: 545693.74 | AP63: 202154.63 | AQ63: 258790.44 | AR63: 49544.14 | AS63: 172921.35 | AT63: 73741.66 | AU63: 286484.64 | AV63: 218255.03 | AW63: 16375096 | AX63: 80725.3 | AY63: 330786.17 | AZ63: 220891.34 | BA63: 149729.31 | BB63: 232768.48 | BC63: 1280208.4
A64: 5640 | B64: Injuries and Damages | C64: 0 | D64: 0 | E64: 0 | F64: 0 | G64: 164748.6 | H64: 0 | I64: 50247.31 | J64: 4661.79 | K64: 225805.97 | L64: 500399.76 | M64: 0 | N64: 385249.67 | O64: 95432.99 | P64: -22786.09 | Q64: 33879.34 | R64: 51780.15 | S64: 0 | T64: 0 | U64: 0 | V64: 105682.26 | W64: 0 | X64: 0 | Y64: 15178.49 | Z64: 841257.55 | AA64: 4356788.2 | AB64: 83326.64 | AC64: 62269.63 | AD64: 43932.96 | AE64: 0 | AF64: 649647.52 | AG64: 0 | AH64: 0 | AI64: 0 | AJ64: 33550.2 | AK64: 0 | AL64: 0 | AM64: 239777.46 | AN64: 36409.86 | AO64: 210222.89 | AP64: 0 | AQ64: 0 | AR64: 7735.3 | AS64: 26531.28 | AT64: 16890.38 | AU64: 282517.52 | AV64: 0 | AW64: 3287024.3 | AX64: 0 | AY64: 0 | AZ64: 0 | BA64: 9322.58 | BB64: 417784.52 | BC64: 397597.45
A65: 5645 | B65: OMERS Pensions and Benefits | C65: 395173.09 | D65: 198305.01 | E65: 73282.2 | F65: 476551 | G65: 292945.6 | H65: 1056259.5 | I65: 0 | J65: 0 | K65: 46.1 | L65: 0 | M65: 213964.69 | N65: 0 | O65: 0 | P65: 914831.15 | Q65: 151374.82 | R65: 121845.15 | S65: 153774.71 | T65: 0 | U65: 10803.15 | V65: 175326.84 | W65: -0.02 | X65: 23735.78 | Y65: 28758.46 | Z65: 32201034 | AA65: 1636203.2 | AB65: 24249 | AC65: 38061.53 | AD65: 0 | AE65: 11145.03 | AF65: 89587.46 | AG65: 31557.18 | AH65: 109468.62 | AI65: 0 | AJ65: 35471.99 | AK65: 484758 | AL65: -8709 | AM65: 2172933.2 | AN65: 19265.26 | AO65: 1184203.1 | AP65: 157397.68 | AQ65: 0 | AR65: 0 | AS65: 0 | AT65: 4208.4 | AU65: 1148028.5 | AV65: 0 | AW65: 0 | AX65: 0 | AY65: 281764.64 | AZ65: 25826.12 | BA65: 192105.41 | BB65: 11134.79 | BC65: 250743.8
A66: 5646 | B66: Employee Pensions and OPEB | C66: 0 | D66: 0 | E66: 0 | F66: 253560 | G66: 0 | H66: 0 | I66: 23437.91 | J66: 0 | K66: 0 | L66: 0 | M66: 107063.78 | N66: 1936257.5 | O66: 23716 | P66: 0 | Q66: 0 | R66: 0 | S66: 0 | T66: 507411.7 | U66: 0 | V66: 0 | W66: 0 | X66: 0 | Y66: 0 | Z66: 0 | AA66: 0 | AB66: 0 | AC66: 0 | AD66: 0 | AE66: -6495 | AF66: 0 | AG66: 0 | AH66: 0 | AI66: 0 | AJ66: 0 | AK66: 0 | AL66: 0 | AM66: 344300.03 | AN66: 0 | AO66: 0 | AP66: 0 | AQ66: 0 | AR66: 25549.94 | AS66: 0 | AT66: 17105.99 | AU66: 0 | AV66: 0 | AW66: 0 | AX66: 0 | AY66: 0 | AZ66: 0 | BA66: 0 | BB66: 0 | BC66: 0
A67: 5647 | B67: Employee Sick Leave | C67: 0 | D67: 0 | E67: 0 | F67: 0 | G67: 0 | H67: 0 | I67: 0 | J67: 0 | K67: 0 | L67: 0 | M67: 0 | N67: 0 | O67: 0 | P67: 0 | Q67: 0 | R67: 0 | S67: 0 | T67: 0 | U67: 0 | V67: 0 | W67: 0 | X67: 0 | Y67: 0 | Z67: 0 | AA67: 0 | AB67: 0 | AC67: 0 | AD67: 0 | AE67: 0 | AF67: 0 | AG67: 0 | AH67: 0 | AI67: 0 | AJ67: 0 | AK67: 0 | AL67: 0 | AM67: 0 | AN67: 0 | AO67: 0 | AP67: 105319.92 | AQ67: 0 | AR67: 0 | AS67: 0 | AT67: 0 | AU67: 0 | AV67: 0 | AW67: 0 | AX67: 0 | AY67: 0 | AZ67: 0 | BA67: 0 | BB67: 0 | BC67: 0
A68: 5650 | B68: Franchise Requirements | C68: 0 | D68: 0 | E68: 0 | F68: 0 | G68: 0 | H68: 0 | I68: 0 | J68: 0 | K68: 0 | L68: 0 | M68: 0 | N68: 0 | O68: 0 | P68: 0 | Q68: 0 | R68: 0 | S68: 0 | T68: 0 | U68: 0 | V68: 0 | W68: 0 | X68: 0 | Y68: 0 | Z68: 0 | AA68: 0 | AB68: 0 | AC68: 0 | AD68: 0 | AE68: 0 | AF68: 0 | AG68: 0 | AH68: 0 | AI68: 0 | AJ68: 0 | AK68: 0 | AL68: 0 | AM68: 0 | AN68: 0 | AO68: 0 | AP68: 0 | AQ68: 0 | AR68: 0 | AS68: 0 | AT68: 0 | AU68: 0 | AV68: 0 | AW68: 0 | AX68: 0 | AY68: 0 | AZ68: 0 | BA68: 0 | BB68: 0 | BC68: 0
A69: 5655 | B69: Regulatory Expenses | C69: 3048255.6 | D69: 242964.31 | E69: 21523.56 | F69: 553201 | G69: 537779.25 | H69: 247014.38 | I69: 158014.11 | J69: 77655.58 | K69: 211903.85 | L69: 1386824.9 | M69: 671615.91 | N69: 526818.55 | O69: 213073.08 | P69: 150070.36 | Q69: 342079.2 | R69: 30709.22 | S69: 29872.59 | T69: 834748.74 | U69: 130423.34 | V69: 182794.73 | W69: 76535.55 | X69: 95179.06 | Y69: 118115.66 | Z69: 4686320.2 | AA69: 4343504 | AB69: 240036.24 | AC69: 282653.4 | AD69: 128725.64 | AE69: 95486.59 | AF69: 985279.12 | AG69: 416106.61 | AH69: 381475.18 | AI69: 432175.49 | AJ69: 69342.3 | AK69: 429078 | AL69: 61148.55 | AM69: 868544.46 | AN69: 129965.86 | AO69: 469050.16 | AP69: 157417.66 | AQ69: 499726.17 | AR69: 58106.06 | AS69: 73003.7 | AT69: 24879.72 | AU69: 412680.49 | AV69: 79328.89 | AW69: 6625027 | AX69: 211731.72 | AY69: 293915.64 | AZ69: 166599.62 | BA69: 214855.48 | BB69: 2127101 | BC69: 705811.5
... A74: 5680 | B74: Electrical Safety Authority Fees | C74: 499512 | D74: 18041 | E74: 2094 | F74: 0 | G74: 0 | H74: 17194 | I74: 10975.68 | J74: 2216 | K74: 0 | L74: 75959.13 | M74: 0 | N74: 42720 | O74: 8724 | P74: 12323 | Q74: 13854 | R74: 11231.56 | S74: 5392 | T74: 0 | U74: 0 | V74: 0 | W74: 2248 | X74: 1621 | Y74: 4911.6 | Z74: 0 | AA74: 0 | AB74: 13117.22 | AC74: 13116 | AD74: 0 | AE74: 15574.38 | AF74: 0 | AG74: 0 | AH74: 0 | AI74: 0 | AJ74: 5660 | AK74: 14657 | AL74: 3888.96 | AM74: 40193.2 | AN74: 9449.88 | AO74: 0 | AP74: 8198 | AQ74: 0 | AR74: 2974 | AS74: 3723.96 | AT74: 2703 | AU74: 0 | AV74: 4611 | AW74: 517770.66 | AX74: 6898.27 | AY74: 11743 | AZ74: 5694.84 | BA74: 0 | BB74: 0 | BC74: 11128
B75: Sutotal: A&G Expenses | C75: =SUM(C58:C74) -> 1.1402016e+08 | D75: =SUM(D58:D74) -> 5526410.7 | E75: =SUM(E58:E74) -> 483663.17 | F75: =SUM(F58:F74) -> 5961867 | G75: =SUM(G58:G74) -> 9389532.1 | H75: =SUM(H58:H74) -> 4696931.1 | I75: =SUM(I58:I74) -> 1353539.9 | J75: =SUM(J58:J74) -> 466454.29 | ... BC75: =SUM(BC58:BC74) -> 16896306
A76: 5635 | B76: Property Insurance | C76: 5941335.3 | D76: 111496.75 | E76: 12058 | F76: 308415 | G76: 61419.54 | H76: 109835.08 | I76: 3687.08 | J76: 7815.64 | K76: 34401.22 | L76: 471204.36 | M76: 226509.48 | N76: 540885.48 | O76: 52901.16 | P76: 102506.95 | Q76: 19106.04 | R76: 0 | S76: 12914.14 | T76: 210563.46 | U76: 69821.77 | V76: 131902.84 | W76: 9918.51 | X76: 10771.94 | Y76: 4779.47 | Z76: 6245219 | AA76: 196747.95 | AB76: 124270.64 | AC76: 218522.28 | AD76: 37909.17 | AE76: 73225.04 | AF76: 751235.98 | AG76: 122709.64 | AH76: 277405.39 | AI76: 443073.51 | AJ76: 48258.73 | AK76: 238521 | AL76: 56808.36 | AM76: 207046.98 | AN76: 16920.27 | AO76: 124111.11 | AP76: 40065.71 | AQ76: 222262.4 | AR76: 0 | AS76: 32955.6 | AT76: 23453.05 | AU76: 71295.83 | AV76: 0 | AW76: 2299739.8 | AX76: 0 | AY76: 0 | AZ76: 63841.92 | BA76: 148238.23 | BB76: 446850.13 | BC76: 61112.78
A77: 6210 | B77: Life Insurance | C77: 0 | D77: 0 | E77: 0 | F77: 0 | G77: 0 | H77: 0 | I77: 0 | J77: 0 | K77: 0 | L77: 0 | M77: 0 | N77: 0 | O77: 0 | P77: 0 | Q77: 0 | R77: 0 | S77: 0 | T77: 0 | U77: 0 | V77: 0 | W77: 0 | X77: 0 | Y77: 0 | Z77: 0 | AA77: 0 | AB77: 0 | AC77: 0 | AD77: 0 | AE77: 0 | AF77: 0 | AG77: 0 | AH77: 0 | AI77: 0 | AJ77: 0 | AK77: 0 | AL77: 0 | AM77: 0 | AN77: 0 | AO77: 0 | AP77: 0 | AQ77: 0 | AR77: 0 | AS77: 0 | AT77: 0 | AU77: 0 | AV77: 0 | AW77: 0 | AX77: 0 | AY77: 0 | AZ77: 0 | BA77: 0 | BB77: 0 | BC77: 0
B78: Subtotal: Insurance | C78: =SUM(C76:C77) -> 5941335.3 | D78: =SUM(D76:D77) -> 111496.75 | E78: =SUM(E76:E77) -> 12058 | F78: =SUM(F76:F77) -> 308415 | G78: =SUM(G76:G77) -> 61419.54 | H78: =SUM(H76:H77) -> 109835.08 | I78: =SUM(I76:I77) -> 3687.08 | J78: =SUM(J76:J77) -> 7815.64 | ... BC78: =SUM(BC76:BC77) -> 61112.78
A79: 5515 | B79: Advertinsing | C79: 0 | D79: 0 | E79: 0 | F79: 0 | G79: 0 | H79: 0 | I79: 0 | J79: 1175.02 | K79: 626.92 | L79: 0 | M79: 0 | N79: 0 | O79: 0 | P79: 12376.93 | Q79: 9617.79 | R79: 0 | S79: 0 | T79: 0 | U79: 0 | V79: 0 | W79: 6019.51 | X79: 0 | Y79: 0 | Z79: 0 | AA79: 0 | AB79: 0 | AC79: 0 | AD79: 0 | AE79: 0 | AF79: 0 | AG79: 0 | AH79: 9469.97 | AI79: 0 | AJ79: 0 | AK79: 0 | AL79: 0 | AM79: 1500 | AN79: 0 | AO79: 0 | AP79: 0 | AQ79: 0 | AR79: 0 | AS79: 0 | AT79: 0 | AU79: 144074.55 | AV79: 0 | AW79: 11660.81 | AX79: 0 | AY79: 7366 | AZ79: 0 | BA79: 0 | BB79: 0 | BC79: 0
B80: Subtotal Advertising | C80: =C79 -> 0 | D80: =D79 -> 0 | E80: =E79 -> 0 | F80: =F79 -> 0 | G80: =G79 -> 0 | H80: =H79 -> 0 | I80: =I79 -> 0 | J80: =J79 -> 1175.02 | ... BC80: =BC79 -> 0
B81: Total of Above Accounts Used for Benchmarking | C81: =SUM(C10:C12,C15:C29,C31:C32,C34:C43,C45:C51,C53:C56,C58:C74,C76:C77,C79) -> 2.7983217e+08 | D81: =SUM(D10:D12,D15:D29,D31:D32,D34:D43,D45:D51,D53:D56,D58:D74,D76:D77,D79) -> 14472132 | E81: =SUM(E10:E12,E15:E29,E31:E32,E34:E43,E45:E51,E53:E56,E58:E74,E76:E77,E79) -> 1333260.8 | F81: =SUM(F10:F12,F15:F29,F31:F32,F34:F43,F45:F51,F53:F56,F58:F74,F76:F77,F79) -> 14252628 | G81: =SUM(G10:G12,G15:G29,G31:G32,G34:G43,G45:G51,G53:G56,G58:G74,G76:G77,G79) -> 23481258 | H81: =SUM(H10:H12,H15:H29,H31:H32,H34:H43,H45:H51,H53:H56,H58:H74,H76:H77,H79) -> 11031694 | I81: =SUM(I10:I12,I15:I29,I31:I32,I34:I43,I45:I51,I53:I56,I58:I74,I76:I77,I79) -> 3076047.6 | J81: =SUM(J10:J12,J15:J29,J31:J32,J34:J43,J45:J51,J53:J56,J58:J74,J76:J77,J79) -> 896941.46 | ... BC81: =SUM(BC10:BC12,BC15:BC29,BC31:BC32,BC34:BC43,BC45:BC51,BC53:BC56,BC58:BC74,BC76:BC77,BC79) -> 34830865
A83: Adjustments to OM&A for Benchmarking
A84: 5014 | B84: 5014 | C84: 0 | D84: 0 | E84: 0 | F84: 0 | G84: 0 | H84: 0 | I84: 0 | J84: 0 | K84: 0 | L84: 112926.55 | M84: 0 | N84: 289867.55 | O84: 0 | P84: 0 | Q84: 0 | R84: 171657.47 | S84: 62210 | T84: 0 | U84: 14700.82 | V84: 31334.54 | W84: 0 | X84: 0 | Y84: 60061.73 | Z84: 501044.47 | AA84: 899315.39 | AB84: 0 | AC84: 0 | AD84: 0 | AE84: 0 | AF84: 0 | AG84: 0 | AH84: 0 | AI84: 7891.25 | AJ84: 5149.31 | AK84: 0 | AL84: 0 | AM84: 351641.75 | AN84: 0 | AO84: 0 | AP84: 0 | AQ84: 24410.58 | AR84: 0 | AS84: 0 | AT84: 0 | AU84: 0 | AV84: 0 | AW84: 38595.11 | AX84: 0 | AY84: 0 | AZ84: 0 | BA84: 0 | BB84: 276507.22 | BC84: 0
A85: 5015 | B85: 5015 | C85: 0 | D85: 0 | E85: 0 | F85: 0 | G85: 0 | H85: 0 | I85: 0 | J85: 0 | K85: 0 | L85: 172940.51 | M85: 0 | N85: 22568.3 | O85: 0 | P85: 0 | Q85: 0 | R85: 68304.12 | S85: 43615.6 | T85: 0 | U85: 87256.76 | V85: 24609.71 | W85: 0 | X85: 0 | Y85: 12771.07 | Z85: 133402.81 | AA85: 1124406.1 | AB85: 0 | AC85: 0 | AD85: 0 | AE85: 0 | AF85: 0 | AG85: 0 | AH85: 0 | AI85: 135138.32 | AJ85: 1070.78 | AK85: 0 | AL85: 0 | AM85: 32691.41 | AN85: 0 | AO85: 0 | AP85: 0 | AQ85: 13955.36 | AR85: 0 | AS85: 0 | AT85: 0 | AU85: 30331.52 | AV85: 0 | AW85: 8422.36 | AX85: 0 | AY85: 0 | AZ85: 0 | BA85: 0 | BB85: 795346.14 | BC85: 277393.06
A86: 5112 | B86: 5112 | C86: 0 | D86: 0 | E86: 0 | F86: 0 | G86: 0 | H86: 0 | I86: 0 | J86: 0 | K86: 0 | L86: 54256.06 | M86: 0 | N86: 400771.78 | O86: 0 | P86: 0 | Q86: 0 | R86: 59211.33 | S86: 15859.44 | T86: 0 | U86: 26951.41 | V86: 0 | W86: 0 | X86: 0 | Y86: 0 | Z86: 1523722.7 | AA86: 1021911.1 | AB86: 0 | AC86: 0 | AD86: 0 | AE86: 0 | AF86: 0 | AG86: 0 | AH86: 0 | AI86: 23900.14 | AJ86: 92598.38 | AK86: 0 | AL86: 0 | AM86: 136133.4 | AN86: 0 | AO86: 0 | AP86: 0 | AQ86: 235626.41 | AR86: 0 | AS86: 0 | AT86: 0 | AU86: 17340.19 | AV86: 0 | AW86: 1276428.4 | AX86: 0 | AY86: 0 | AZ86: 0 | BA86: 0 | BB86: 534835.58 | BC86: 3963.36
B87: Subtotal: HV Adjustment (to subtract from cost) | C87: =SUM(C84:C86) -> 0 | D87: =SUM(D84:D86) -> 0 | E87: =SUM(E84:E86) -> 0 | F87: =SUM(F84:F86) -> 0 | G87: =SUM(G84:G86) -> 0 | H87: =SUM(H84:H86) -> 0 | I87: =SUM(I84:I86) -> 0 | J87: =SUM(J84:J86) -> 0 | ... BC87: =SUM(BC84:BC86) -> 281356.42
B88: LV Adjustment | C88: 197630.12 | D88: 0 | E88: 0 | F88: 73085.04 | G88: 0 | H88: 5011.08 | I88: 51224.04 | J88: 5011.08 | K88: 33168.25 | L88: 383801.63 | M88: 203763.34 | N88: 0 | O88: 63584.16 | P88: 41025.55 | Q88: 24668.4 | R88: 46376.88 | S88: 0 | T88: 53177.42 | U88: 0 | V88: 0 | W88: 10022.16 | X88: 100217.35 | Y88: 5011.08 | Z88: 0 | AA88: 132939.23 | AB88: 129021.7 | AC88: 0 | AD88: 0 | AE88: 301030.66 | AF88: 20994.78 | AG88: 0 | AH88: 80210.82 | AI88: 116011.97 | AJ88: 0 | AK88: 113028.08 | AL88: 106206.4 | AM88: 0 | AN88: 56242.58 | AO88: 0 | AP88: 81729.61 | AQ88: 0 | AR88: 15033.24 | AS88: 46761.34 | AT88: 9186.98 | AU88: 0 | AV88: 0 | AW88: 0 | AX88: 18685.74 | AY88: 0 | AZ88: 7539.72 | BA88: 114162.04 | BB88: 10694.9 | BC88: 0
B89: Total Adjusted OM&A Expense | C89: =C81+C88-C87 -> 2.800298e+08 | D89: =D81+D88-D87 -> 14472132 | E89: =E81+E88-E87 -> 1333260.8 | F89: =F81+F88-F87 -> 14325713 | G89: =G81+G88-G87 -> 23481258 | H89: =H81+H88-H87 -> 11036706 | I89: =I81+I88-I87 -> 3127271.7 | J89: =J81+J88-J87 -> 901952.54 | ... BC89: =BC81+BC88-BC87 -> 34549508
A91: Gross Capital Cost Additions Data
B92: Total Gross Capital Additions | C92: 4.9837076e+08 | D92: 16875000 | E92: 759753.27 | F92: 13635050 | G92: 26469678 | H92: 18302000 | I92: 2655042.8 | J92: 156474.71 | K92: 3517983.7 | L92: 46484818 | M92: 19381210 | N92: 21292797 | O92: 5920812.7 | P92: 9091286 | Q92: 9875531.7 | R92: 9385546.5 | S92: 458248.61 | T92: 15257112 | U92: 2892497.9 | V92: 7396130 | W92: 233420.9 | X92: 119198.59 | Y92: 510733.24 | Z92: 1129659608 | AA92: 1.6796269e+08 | AB92: 34290031 | AC92: 4390546.8 | AD92: 4462403.5 | AE92: 5227460.3 | AF92: 47406387 | AG92: 11916703 | AH92: 29143748 | AI92: 15877220 | AJ92: 3614976.1 | AK92: 9769125.3 | AL92: 2483700.8 | AM92: 45693884 | AN92: 2931342.1 | AO92: 13713721 | AP92: 2370695.9 | AQ92: 10040770 | AR92: 863099.49 | AS92: 903450 | AT92: 571673.42 | AU92: 16218602 | AV92: 2463127.3 | AW92: 7.4869582e+08 | AX92: 4800946.7 | AY92: 7123687.4 | AZ92: 954859.29 | BA92: 8699003 | BB92: 50015009 | BC92: 38036073
B93: HV Gross Capital Additions | C93: 3198198.4 | J93: 0 | N93: 253326.91 | Q93: 0 | R93: 132078 | S93: 138696.17 | U93: 233299.48 | V93: 0 | W93: 0 | Y93: 58234.12 | Z93: 3005740.6 | AA93: 1804866.6 | AB93: 0 | AD93: 132985.61 | AI93: 302480.33 | AM93: 0 | AP93: 0 | AQ93: 28645.59 | BB93: 11356954
A95: Output and Other Business Conditions
B96: Number of Customers | C96: 1086178 | D96: 12510 | E96: 1620 | F96: 37404 | G96: 69561 | H96: 30921 | I96: 7553 | J96: 2705 | K96: 12743 | L96: 179017 | M96: 63484 | N96: 92004 | O96: 19052 | P96: 24962 | Q96: 31547 | R96: 22581 | S96: 3745 | T96: 48230 | U96: 11946 | V96: 23128 | W96: 2680 | X96: 1280 | Y96: 5656 | Z96: 1477590 | AA96: 371749 | AB96: 23506 | AC96: 28423 | AD96: 11371 | AE96: 14773 | AF96: 168224 | AG96: 44067 | AH96: 45039 | AI96: 59172 | AJ96: 10083 | AK96: 27852 | AL96: 5952 | AM96: 78368 | AN96: 13021 | AO96: 62880 | AP96: 11775 | AQ96: 34142 | AR96: 4418 | AS96: 6074 | AT96: 2973 | AU96: 57373 | AV96: 8553 | AW96: 795394 | AX96: 15675 | AY96: 26253 | AZ96: 4388 | BA96: 24829 | BB96: 163411 | BC96: 115328
B97: Delivery Volume | C97: 2.7034536e+10 | D97: 2.7110483e+08 | E97: 28522759 | F97: 953862086 | G97: 1502712382 | H97: 4.8581944e+08 | I97: 1.4899217e+08 | J97: 31457252 | K97: 246117376 | L97: 3594149979 | M97: 1.2523014e+09 | N97: 2.1628114e+09 | O97: 3.1455199e+08 | P97: 6.2908552e+08 | Q97: 5.6556908e+08 | R97: 6.021197e+08 | S97: 68838291 | T97: 8.3862476e+08 | U97: 2.5991189e+08 | V97: 505510926 | W97: 73308995 | X97: 19016326 | Y97: 1.3917281e+08 | Z97: 3.8347151e+10 | AA97: 7.2980685e+09 | AB97: 3.0700808e+08 | AC97: 6.6434114e+08 | AD97: 2.3297772e+08 | AE97: 2.9501873e+08 | AF97: 3.2316849e+09 | AG97: 9.6944153e+08 | AH97: 8.2911723e+08 | AI97: 1.2907532e+09 | AJ97: 2.8781988e+08 | AK97: 5.3428585e+08 | AL97: 1.1284027e+08 | AM97: 1.6830386e+09 | AN97: 2.6370362e+08 | AO97: 1.0974331e+09 | AP97: 180324917 | AQ97: 5.965811e+08 | AR97: 86756868 | AS97: 1.0235547e+08 | AT97: 80051393 | AU97: 9.3723302e+08 | AV97: 179401959 | AW97: 23728746387 | AX97: 150690344 | AY97: 384936745 | AZ97: 1.1203206e+08 | BA97: 4.3530375e+08 | BB97: 3.3177309e+09 | BC97: 2.8954028e+09
B98: Annual Peak Demand | C98: 5256976 | D98: 47551 | E98: 5943 | F98: 161749 | G98: 340325 | H98: 103988 | I98: 30827 | J98: 7495 | K98: 60500 | L98: 701130 | M98: 253015 | N98: 455500 | O98: 60706 | P98: 100995 | Q98: 125452 | R98: 111290 | S98: 15109 | T98: 156061 | U98: 63564 | V98: 109468 | W98: 15027 | X98: 4353 | Y98: 26275 | Z98: 6654979 | AA98: 1448806 | AB98: 71721 | AC98: 113531 | AD98: 42180 | AE98: 48652 | AF98: 673584 | AG98: 189055 | AH98: 180898 | AI98: 264231 | AJ98: 51929 | AK98: 100544 | AL98: 21676 | AM98: 389078 | AN98: 51685 | AO98: 229662 | AP98: 36190 | AQ98: 112797 | AR98: 15373 | AS98: 23290 | AT98: 20922 | AU98: 174301 | AV98: 39040 | AW98: 4343380 | AX98: 37505 | AY98: 81934 | AZ98: 19855 | BA98: 78705 | BB98: 678505 | BC98: 533906
B99: Distribution Circuit km | C99: 51137 | D99: 2171 | E99: 92 | F99: 1234 | G99: 1518 | H99: 1663 | I99: 161 | J99: 39 | K99: 174 | L99: 4089 | M99: 3288 | N99: 4721 | O99: 403 | P99: 454 | Q99: 1650 | R99: 288 | S99: 83 | T99: 2270 | U99: 700 | V99: 1690 | W99: 97 | X99: 21 | Y99: 73 | Z99: 125229 | AA99: 12914 | AB99: 1813 | AC99: 694 | AD99: 246 | AE99: 395 | AF99: 3122 | AG99: 2931 | AH99: 1029 | AI99: 4649 | AJ99: 323 | AK99: 678 | AL99: 370 | AM99: 2081 | AN99: 225 | AO99: 2386 | AP99: 510 | AQ99: 739 | AR99: 83 | AS99: 115 | AT99: 714 | AU99: 1271 | AV99: 148 | AW99: 29391 | AX99: 308 | AY99: 498 | AZ99: 239 | BA99: 605 | BB99: 8114 | BC99: 2164
A105: Actual Cost
A107: OM&A | C107: 2.800298e+08 | D107: 14472132 | E107: 1333260.8 | F107: 14325713 | G107: 23481258 | H107: 11036706 | I107: 3127271.7 | J107: 901952.54 | K107: 4533418.6 | L107: 52948563 | M107: 17448850 | N107: 30147802 | O107: 6581740 | P107: 8609863.5 | Q107: 8669503.6 | R107: 7438918.1 | S107: 1920340.5 | T107: 17035465 | U107: 3918346.9 | V107: 8340797.8 | W107: 1452278.3 | X107: 744507.23 | Y107: 1409278.1 | Z107: 643574939 | AA107: 1.0722601e+08 | AB107: 9106744.2 | AC107: 8438504.2 | AD107: 3188052.5 | AE107: 6757482.1 | AF107: 47225902 | AG107: 12706432 | AH107: 15079727 | AI107: 21894508 | AJ107: 3825385 | AK107: 9298073.1 | AL107: 3825875.1 | AM107: 21439118 | AN107: 4142957.6 | AO107: 17290034 | AP107: 4073876.4 | AQ107: 12775971 | AR107: 1727396.1 | AS107: 2929823.6 | AT107: 1617457.6 | AU107: 20027876 | AV107: 3231948.6 | AW107: 3.0188632e+08 | AX107: 3809359.4 | AY107: 8058891 | AZ107: 2125192.8 | BA107: 7401450.6 | BB107: 44511907 | BC107: 34830865
A109: Capital
B110: Rate of Return | C110: 0.06498 | D110: 0.06498 | E110: 0.06498 | F110: 0.06498 | G110: 0.06498 | H110: 0.06498 | I110: 0.06498 | J110: 0.06498 | K110: 0.06498 | L110: 0.06498 | M110: 0.06498 | N110: 0.06498 | O110: 0.06498 | P110: 0.06498 | Q110: 0.06498 | R110: 0.06498 | S110: 0.06498 | T110: 0.06498 | U110: 0.06498 | V110: 0.06498 | W110: 0.06498 | X110: 0.06498 | Y110: 0.06498 | Z110: 0.06498 | AA110: 0.06498 | AB110: 0.06498 | AC110: 0.06498 | AD110: 0.06498 | AE110: 0.06498 | AF110: 0.06498 | AG110: 0.06498 | AH110: 0.06498 | AI110: 0.06498 | AJ110: 0.06498 | AK110: 0.06498 | AL110: 0.06498 | AM110: 0.06498 | AN110: 0.06498 | AO110: 0.06498 | AP110: 0.06498 | AQ110: 0.06498 | AR110: 0.06498 | AS110: 0.06498 | AT110: 0.06498 | AU110: 0.06498 | AV110: 0.06498 | AW110: 0.06498 | AX110: 0.06498 | AY110: 0.06498 | AZ110: 0.06498 | BA110: 0.06498 | BB110: 0.06498 | BC110: 0.06498
B111: Depreciation Rate | C111: 0.0459 | D111: 0.0459 | E111: 0.0459 | F111: 0.0459 | G111: 0.0459 | H111: 0.0459 | I111: 0.0459 | J111: 0.0459 | K111: 0.0459 | L111: 0.0459 | M111: 0.0459 | N111: 0.0459 | O111: 0.0459 | P111: 0.0459 | Q111: 0.0459 | R111: 0.0459 | S111: 0.0459 | T111: 0.0459 | U111: 0.0459 | V111: 0.0459 | W111: 0.0459 | X111: 0.0459 | Y111: 0.0459 | Z111: 0.0459 | AA111: 0.0459 | AB111: 0.0459 | AC111: 0.0459 | AD111: 0.0459 | AE111: 0.0459 | AF111: 0.0459 | AG111: 0.0459 | AH111: 0.0459 | AI111: 0.0459 | AJ111: 0.0459 | AK111: 0.0459 | AL111: 0.0459 | AM111: 0.0459 | AN111: 0.0459 | AO111: 0.0459 | AP111: 0.0459 | AQ111: 0.0459 | AR111: 0.0459 | AS111: 0.0459 | AT111: 0.0459 | AU111: 0.0459 | AV111: 0.0459 | AW111: 0.0459 | AX111: 0.0459 | AY111: 0.0459 | AZ111: 0.0459 | BA111: 0.0459 | BB111: 0.0459 | BC111: 0.0459
B112: Construction Cost Index | C112: 209.03043 | D112: 209.03043 | E112: 209.03043 | F112: 209.03043 | G112: 209.03043 | H112: 209.03043 | I112: 209.03043 | J112: 209.03043 | K112: 209.03043 | L112: 209.03043 | M112: 209.03043 | N112: 209.03043 | O112: 209.03043 | P112: 209.03043 | Q112: 209.03043 | R112: 209.03043 | S112: 209.03043 | T112: 209.03043 | U112: 209.03043 | V112: 209.03043 | W112: 209.03043 | X112: 209.03043 | Y112: 209.03043 | Z112: 209.03043 | AA112: 209.03043 | AB112: 209.03043 | AC112: 209.03043 | AD112: 209.03043 | AE112: 209.03043 | AF112: 209.03043 | AG112: 209.03043 | AH112: 209.03043 | AI112: 209.03043 | AJ112: 209.03043 | AK112: 209.03043 | AL112: 209.03043 | AM112: 209.03043 | AN112: 209.03043 | AO112: 209.03043 | AP112: 209.03043 | AQ112: 209.03043 | AR112: 209.03043 | AS112: 209.03043 | AT112: 209.03043 | AU112: 209.03043 | AV112: 209.03043 | AW112: 209.03043 | AX112: 209.03043 | AY112: 209.03043 | AZ112: 209.03043 | BA112: 209.03043 | BB112: 209.03043 | BC112: 209.03043
B113: Capital Price | C113: 22.779323 | D113: 22.779323 | E113: 22.779323 | F113: 22.779323 | G113: 22.779323 | H113: 22.779323 | I113: 22.779323 | J113: 22.779323 | K113: 22.779323 | L113: 22.779323 | M113: 22.779323 | N113: 22.779323 | O113: 22.779323 | P113: 22.779323 | Q113: 22.779323 | R113: 22.779323 | S113: 22.779323 | T113: 22.779323 | U113: 22.779323 | V113: 22.779323 | W113: 22.779323 | X113: 22.779323 | Y113: 22.779323 | Z113: 22.779323 | AA113: 22.779323 | AB113: 22.779323 | AC113: 22.779323 | AD113: 22.779323 | AE113: 22.779323 | AF113: 22.779323 | AG113: 22.779323 | AH113: 22.779323 | AI113: 22.779323 | AJ113: 22.779323 | AK113: 22.779323 | AL113: 22.779323 | AM113: 22.779323 | AN113: 22.779323 | AO113: 22.779323 | AP113: 22.779323 | AQ113: 22.779323 | AR113: 22.779323 | AS113: 22.779323 | AT113: 22.779323 | AU113: 22.779323 | AV113: 22.779323 | AW113: 22.779323 | AX113: 22.779323 | AY113: 22.779323 | AZ113: 22.779323 | BA113: 22.779323 | BB113: 22.779323 | BC113: 22.779323
B114: Gross Plant Additions | C114: 4.9837076e+08 | D114: 16875000 | E114: 759753.27 | F114: 13635050 | G114: 26469678 | H114: 18302000 | I114: 2655042.8 | J114: 156474.71 | K114: 3517983.7 | L114: 46484818 | M114: 19381210 | N114: 21292797 | O114: 5920812.7 | P114: 9091286 | Q114: 9875531.7 | R114: 9385546.5 | S114: 458248.61 | T114: 15257112 | U114: 2892497.9 | V114: 7396130 | W114: 233420.9 | X114: 119198.59 | Y114: 510733.24 | Z114: 1129659608 | AA114: 1.6796269e+08 | AB114: 34290031 | AC114: 4390546.8 | AD114: 4462403.5 | AE114: 5227460.3 | AF114: 47406387 | AG114: 11916703 | AH114: 29143748 | AI114: 15877220 | AJ114: 3614976.1 | AK114: 9769125.3 | AL114: 2483700.8 | AM114: 45693884 | AN114: 2931342.1 | AO114: 13713721 | AP114: 2370695.9 | AQ114: 10040770 | AR114: 863099.49 | AS114: 903450 | AT114: 571673.42 | AU114: 16218602 | AV114: 2463127.3 | AW114: 7.4869582e+08 | AX114: 4800946.7 | AY114: 7123687.4 | AZ114: 954859.29 | BA114: 8699003 | BB114: 50015009 | BC114: 38036073
B115: HV Capital Additions | C115: 3198198.4 | J115: 0 | N115: 253326.91 | Q115: 0 | R115: 132078 | S115: 138696.17 | U115: 233299.48 | V115: 0 | W115: 0 | Y115: 58234.12 | Z115: 3005740.6 | AA115: 1804866.6 | AB115: 0 | AD115: 132985.61 | AI115: 302480.33 | AM115: 0 | AP115: 0 | AQ115: 28645.59 | BB115: 11356954
B116: Quantity of Capital Additions | C116: 2368901.8 | D116: 80729.875 | E116: 3634.654 | F116: 65229.978 | G116: 126630.74 | H116: 87556.632 | I116: 12701.705 | J116: 748.57385 | K116: 16830.008 | L116: 222383.02 | M116: 92719.564 | N116: 100652.67 | O116: 28325.124 | P116: 43492.645 | Q116: 47244.47 | R116: 44268.524 | S116: 1528.7365 | T116: 72989.911 | U116: 12721.586 | V116: 35383.031 | W116: 1116.6839 | X116: 570.24517 | Y116: 2164.7524 | Z116: 5389903.7 | AA116: 794897.77 | AB116: 164043.25 | AC116: 21004.343 | AD116: 20711.903 | AE116: 25008.131 | AF116: 226791.8 | AG116: 57009.419 | AH116: 139423.47 | AI116: 74509.441 | AJ116: 17294.019 | AK116: 46735.423 | AL116: 11882.006 | AM116: 218599.2 | AN116: 14023.519 | AO116: 65606.341 | AP116: 11341.391 | AQ116: 47897.93 | AR116: 4129.0615 | AS116: 4322.0981 | AT116: 2734.8814 | AU116: 77589.671 | AV116: 11783.583 | AW116: 3581755.2 | AX116: 22967.693 | AY116: 34079.668 | AZ116: 4568.0397 | BA116: 41615.966 | BB116: 184939.85 | BC116: 181964.29
B117: Quantity of Capital Removed | C117: 1373250.3 | D117: 43342.854 | E117: 1436.0531 | F117: 38358.343 | G117: 74091.038 | H117: 49762.35 | I117: 6252.5041 | J117: 1348.5088 | K117: 6917.9936 | L117: 192715.19 | M117: 59009.669 | N117: 97315.518 | O117: 14374.656 | P117: 24306.843 | Q117: 28306.147 | R117: 20452.606 | S117: 2441.4536 | T117: 46615.081 | U117: 10049.748 | V117: 31596.501 | W117: 1041.5952 | X117: 436.60508 | Y117: 1589.5536 | Z117: 2699236.4 | AA117: 481049.45 | AB117: 34946.188 | AC117: 22437.016 | AD117: 8429.0231 | AE117: 14287.045 | AF117: 150578.32 | AG117: 48601.966 | AH117: 44826.64 | AI117: 69402.256 | AJ117: 11776.131 | AK117: 31717.446 | AL117: 3591.992 | AM117: 97174.26 | AN117: 10059.012 | AO117: 62505.697 | AP117: 7585.3425 | AQ117: 42692.586 | AR117: 3370.8748 | AS117: 3448.7624 | AT117: 2359.6917 | AU117: 58539.665 | AV117: 7328.8536 | AW117: 1927567.3 | AX117: 11249.431 | AY117: 15114.231 | AZ117: 4009.7093 | BA117: 22943.009 | BB117: 184036.14 | BC117: 108567.11
B118: Capital Quantity | C118: 30913959 | D118: 981675.78 | E118: 33485.16 | F118: 862565.37 | G118: 1666723.5 | H118: 1121941.3 | I118: 142669.33 | J118: 28779.342 | K118: 160630.83 | L118: 4228255.9 | M118: 1319323.6 | N118: 2123500.9 | O118: 327123.81 | P118: 548746.65 | Q118: 635629.98 | R118: 469406.47 | S118: 52277.993 | T118: 1041953.9 | U118: 221620.59 | V118: 692163.46 | W118: 22767.794 | X118: 9645.7333 | Y118: 35205.997 | Z118: 61497562 | AA118: 10794228 | AB118: 890451.93 | AC118: 487391.2 | AD118: 195921.73 | AE118: 321985.68 | AF118: 3356787 | AG118: 1067273.8 | AH118: 1071212.1 | AI118: 1517138.9 | AJ118: 262078.48 | AK118: 706029.87 | AL118: 86546.919 | AM118: 2238511.2 | AN118: 223115.1 | AO118: 1364880.5 | AP118: 169014.06 | AQ118: 935327.03 | AR118: 74197.724 | AS118: 76009.771 | AT118: 51784.596 | AU118: 1294424 | AV118: 164124.74 | AW118: 43649118 | AX118: 256803.9 | AY118: 348251.52 | AZ118: 87915.831 | BA118: 518520.65 | BB118: 4010405.6 | BC118: 2438693.7
B119: Capital Cost | C119: 7.0419906e+08 | D119: 22361909 | E119: 762769.28 | F119: 19648655 | G119: 37966834 | H119: 25557064 | I119: 3249910.8 | J119: 655573.93 | K119: 3659061.5 | L119: 96316805 | M119: 30053298 | N119: 48371913 | O119: 7451658.8 | P119: 12500077 | Q119: 14479220 | R119: 10692761 | S119: 1190857.3 | T119: 23735005 | U119: 5048366.9 | V119: 15767015 | W119: 518634.94 | X119: 219723.27 | Y119: 801968.77 | Z119: 1.4008728e+09 | AA119: 2.4588521e+08 | AB119: 20283892 | AC119: 11102441 | AD119: 4462964.3 | AE119: 7334615.7 | AF119: 76465334 | AG119: 24311775 | AH119: 24401486 | AI119: 34559397 | AJ119: 5969970.2 | AK119: 16082882 | AL119: 1971480.2 | AM119: 50991770 | AN119: 5082410.8 | AO119: 31091054 | AP119: 3850025.7 | AQ119: 21306116 | AR119: 1690173.9 | AS119: 1731451.1 | AT119: 1179618 | AU119: 29486101 | AV119: 3738650.5 | AW119: 9.9429735e+08 | AX119: 5849818.9 | AY119: 7932933.8 | AZ119: 2002663.1 | BA119: 11811549 | BB119: 91354324 | BC119: 55551790
A121: Total Actual Cost | C121: 9.8422885e+08 | D121: 36834041 | E121: 2096030.1 | F121: 33974368 | G121: 61448092 | H121: 36593770 | I121: 6377182.5 | J121: 1557526.5 | K121: 8192480.1 | L121: 1.4926537e+08 | M121: 47502148 | N121: 78519715 | O121: 14033399 | P121: 21109940 | Q121: 23148724 | R121: 18131680 | S121: 3111197.8 | T121: 40770471 | U121: 8966713.8 | V121: 24107813 | W121: 1970913.3 | X121: 964230.5 | Y121: 2211246.9 | Z121: 2.0444477e+09 | AA121: 3.5311122e+08 | AB121: 29390636 | AC121: 19540946 | AD121: 7651016.8 | AE121: 14092098 | AF121: 1.2369124e+08 | AG121: 37018206 | AH121: 39481213 | AI121: 56453905 | AJ121: 9795355.2 | AK121: 25380955 | AL121: 5797355.3 | AM121: 72430887 | AN121: 9225368.4 | AO121: 48381088 | AP121: 7923902.2 | AQ121: 34082087 | AR121: 3417570 | AS121: 4661274.7 | AT121: 2797075.6 | AU121: 49513977 | AV121: 6970599 | AW121: 1.2961837e+09 | AX121: 9659178.2 | AY121: 15991825 | AZ121: 4127855.9 | BA121: 19213000 | BB121: 1.3586623e+08 | BC121: 90382655
A125: Predicted Cost
B127: Output Quantity
B128: Number of Customers | C128: 1086178 | D128: 12510 | E128: 1620 | F128: 37404 | G128: 69561 | H128: 30921 | I128: 7553 | J128: 2705 | K128: 12743 | L128: 179017 | M128: 63484 | N128: 92004 | O128: 19052 | P128: 24962 | Q128: 31547 | R128: 22581 | S128: 3745 | T128: 48230 | U128: 11946 | V128: 23128 | W128: 2680 | X128: 1280 | Y128: 5656 | Z128: 1477590 | AA128: 371749 | AB128: 23506 | AC128: 28423 | AD128: 11371 | AE128: 14773 | AF128: 168224 | AG128: 44067 | AH128: 45039 | AI128: 59172 | AJ128: 10083 | AK128: 27852 | AL128: 5952 | AM128: 78368 | AN128: 13021 | AO128: 62880 | AP128: 11775 | AQ128: 34142 | AR128: 4418 | AS128: 6074 | AT128: 2973 | AU128: 57373 | AV128: 8553 | AW128: 795394 | AX128: 15675 | AY128: 26253 | AZ128: 4388 | BA128: 24829 | BB128: 163411 | BC128: 115328
B129: Delivery Volume | C129: 2.7034536e+10 | D129: 2.7110483e+08 | E129: 28522759 | F129: 953862086 | G129: 1502712382 | H129: 4.8581944e+08 | I129: 1.4899217e+08 | J129: 31457252 | K129: 246117376 | L129: 3594149979 | M129: 1.2523014e+09 | N129: 2.1628114e+09 | O129: 3.1455199e+08 | P129: 6.2908552e+08 | Q129: 5.6556908e+08 | R129: 6.021197e+08 | S129: 68838291 | T129: 8.3862476e+08 | U129: 2.5991189e+08 | V129: 505510926 | W129: 73308995 | X129: 19016326 | Y129: 1.3917281e+08 | Z129: 3.8347151e+10 | AA129: 7.2980685e+09 | AB129: 3.0700808e+08 | AC129: 6.6434114e+08 | AD129: 2.3297772e+08 | AE129: 2.9501873e+08 | AF129: 3.2316849e+09 | AG129: 9.6944153e+08 | AH129: 8.2911723e+08 | AI129: 1.2907532e+09 | AJ129: 2.8781988e+08 | AK129: 5.3428585e+08 | AL129: 1.1284027e+08 | AM129: 1.6830386e+09 | AN129: 2.6370362e+08 | AO129: 1.0974331e+09 | AP129: 180324917 | AQ129: 5.965811e+08 | AR129: 86756868 | AS129: 1.0235547e+08 | AT129: 80051393 | AU129: 9.3723302e+08 | AV129: 179401959 | AW129: 23728746387 | AX129: 150690344 | AY129: 384936745 | AZ129: 1.1203206e+08 | BA129: 4.3530375e+08 | BB129: 3.3177309e+09 | BC129: 2.8954028e+09
B130: Annual Peak Demand | C130: 5256976 | D130: 47551 | E130: 5943 | F130: 161749 | G130: 340325 | H130: 103988 | I130: 30827 | J130: 7495 | K130: 60500 | L130: 701130 | M130: 253015 | N130: 455500 | O130: 60706 | P130: 100995 | Q130: 125452 | R130: 111290 | S130: 15109 | T130: 156061 | U130: 63564 | V130: 109468 | W130: 15027 | X130: 4353 | Y130: 26275 | Z130: 6654979 | AA130: 1448806 | AB130: 71721 | AC130: 113531 | AD130: 42180 | AE130: 48652 | AF130: 673584 | AG130: 189055 | AH130: 180898 | AI130: 264231 | AJ130: 51929 | AK130: 100544 | AL130: 21676 | AM130: 389078 | AN130: 51685 | AO130: 229662 | AP130: 36190 | AQ130: 112797 | AR130: 15373 | AS130: 23290 | AT130: 20922 | AU130: 174301 | AV130: 39040 | AW130: 4343380 | AX130: 37505 | AY130: 81934 | AZ130: 19855 | BA130: 78705 | BB130: 678505 | BC130: 533906
B131: Capacity Proxy | C131: 6110911.3 | D131: 52764 | E131: 8722 | F131: 219364 | G131: 379690 | H131: 116948 | I131: 39945 | J131: 7643 | K131: 65612 | L131: 750598 | M131: 314474 | N131: 656700 | O131: 70523 | P131: 136289 | Q131: 143420 | R131: 116734 | S131: 18859 | T131: 206940 | U131: 69436 | V131: 214152 | W131: 22617 | X131: 7653 | Y131: 40003 | Z131: 6841022 | AA131: 1518168 | AB131: 71721 | AC131: 147462 | AD131: 50701 | AE131: 69984 | AF131: 719375 | AG131: 194762 | AH131: 204588 | AI131: 269269 | AJ131: 52067 | AK131: 138403 | AL131: 26895 | AM131: 389078 | AN131: 53650 | AO131: 244040 | AP131: 47940 | AQ131: 156336 | AR131: 19991 | AS131: 39622 | AT131: 22753 | AU131: 221752 | AV131: 48436 | AW131: 5018278 | AX131: 37505 | AY131: 104372 | AZ131: 19855 | BA131: 94390 | BB131: 681698 | BC131: 580026
B133: Input Prices
...

Sheet 2023 Historical
B3: 1 | C3: Click to Choose a Distributor | D3: Alectra Utilities Corporation | E3: Algoma Power Inc. | F3: Atikokan Hydro Inc. | G3: Bluewater Power Distribution Corporation | H3: Burlington Hydro Inc. | I3: Canadian Niagara Power Inc. | J3: Centre Wellington Hydro Ltd. | K3: Chapleau Public Utilities Corporation | L3: Cooperative Hydro Embrun Inc. | M3: E.L.K. Energy Inc. | N3: Elexicon Energy Inc. | O3: Entegrus Powerlines Inc. | P3: ENWIN Utilities Ltd. | Q3: EPCOR Electricity Distribution Ontario Inc. | R3: ERTH Power Corporation | S3: Essex Powerlines Corporation | T3: Festival Hydro Inc. | U3: Fort Frances Power Corporation | V3: Greater Sudbury Hydro Inc. | W3: Grimsby Power Incorporated | X3: Halton Hills Hydro Inc. | Y3: Hearst Power Distribution Company Limited | Z3: Hydro 2000 Inc. | AA3: Hydro Hawkesbury Inc. | AB3: Hydro One Networks Inc. | AC3: Hydro Ottawa Limited | AD3: Innpower Corporation | AE3: Kingston Hydro Corporation | AF3: Lakefront Utilities Inc. | AG3: Lakeland Power Distribution Ltd. | AH3: London Hydro Inc. | AI3: Milton Hydro Distribution Inc. | AJ3: Newmarket-Tay Power Distribution Ltd. | AK3: Niagara Peninsula Energy Inc. | AL3: Niagara-on-the-Lake Hydro Inc. | AM3: North Bay Hydro Distribution Limited | AN3: Northern Ontario Wires Inc. | AO3: Oakville Hydro Electricity Distribution Inc. | AP3: Orangeville Hydro Limited | AQ3: Oshawa PUC Networks Inc. | AR3: Ottawa River Power Corporation | AS3: PUC Distribution Inc. | AT3: Renfrew Hydro Inc. | AU3: Rideau St. Lawrence Distribution Inc. | AV3: Sioux Lookout Hydro Inc. | AW3: Synergy North Corporation | AX3: Tillsonburg Hydro Inc. | AY3: Toronto Hydro-Electric System Limited | AZ3: Wasaga Distribution Inc. | BA3: Welland Hydro-Electric System Corp. | BB3: Wellington North Power Inc. | BC3: Westario Power Inc. | BD3: Enova Power Corp. | BE3: GrandBridge Energy Inc.
B4: 2
A5: Data Item Number | B5: 3 | D5: 2023 | E5: 2023 | F5: 2023 | G5: 2023 | H5: 2023 | I5: 2023 | J5: 2023 | K5: 2023 | L5: 2023 | M5: 2023 | N5: 2023 | O5: 2023 | P5: 2023 | Q5: 2023 | R5: 2023 | S5: 2023 | T5: 2023 | U5: 2023 | V5: 2023 | W5: 2023 | X5: 2023 | Y5: 2023 | Z5: 2023 | AA5: 2023 | AB5: 2023 | AC5: 2023 | AD5: 2023 | AE5: 2023 | AF5: 2023 | AG5: 2023 | AH5: 2023 | AI5: 2023 | AJ5: 2023 | AK5: 2023 | AL5: 2023 | AM5: 2023 | AN5: 2023 | AO5: 2023 | AP5: 2023 | AQ5: 2023 | AR5: 2023 | AS5: 2023 | AT5: 2023 | AU5: 2023 | AV5: 2023 | AW5: 2023 | AX5: 2023 | AY5: 2023 | AZ5: 2023 | BA5: 2023 | BB5: 2023 | BC5: 2023 | BD5: 2023 | BE5: 2023
B6: 4
B7: 5
B8: 6
B9: 7
B10: 8 | D10: 10807886 | E10: 98655.8 | F10: 20450.41 | G10: 781117 | H10: 0 | I10: 89004.46 | J10: 137361.92 | K10: 0 | L10: 0 | M10: 128172.22 | N10: 2588696.7 | O10: 973291.54 | P10: 2697068.3 | Q10: 303036.23 | R10: 347643.57 | S10: 67188.43 | T10: 243931.22 | U10: 171703.07 | V10: 1604934.5 | W10: 128226.41 | X10: 460826.07 | Y10: 0 | Z10: 0 | AA10: 0 | AB10: 5277402.1 | AC10: 0 | AD10: 347419.24 | AE10: 261007.61 | AF10: 113412.57 | AG10: 0 | AH10: 2830544.6 | AI10: 0 | AJ10: 491183.86 | AK10: 822453.86 | AL10: 41550.44 | AM10: 375877.24 | AN10: 214487.05 | AO10: 3687015.2 | AP10: 530405.38 | AQ10: 203575.75 | AR10: 162397.81 | AS10: 611583.98 | AT10: 51984.27 | AU10: 161569.18 | AV10: 0 | AW10: 413644.27 | AX10: 104180.18 | AY10: 19131131 | AZ10: 0 | BA10: 264929.34 | BB10: 111221.22 | BC10: 0 | BD10: 3338893.8 | BE10: 1779192.7
B11: 9 | D11: 13788991 | E11: 153247.91 | F11: 0 | G11: 224310 | H11: 1546336.4 | I11: 222744.45 | J11: 13507.73 | K11: 0 | L11: 0 | M11: 0 | N11: 1466186.1 | O11: 137330.64 | P11: 649126.51 | Q11: 52641.76 | R11: 24042.97 | S11: 32845.12 | T11: 88599.28 | U11: 0 | V11: 673498.08 | W11: 125126.93 | X11: 0 | Y11: 0 | Z11: 10842 | AA11: 0 | AB11: 1093030.3 | AC11: 3197359.3 | AD11: 76795.53 | AE11: 745563.71 | AF11: 0 | AG11: 38658.11 | AH11: 3159908.3 | AI11: 483056.74 | AJ11: 9362.37 | AK11: 12111.3 | AL11: 76827.57 | AM11: 253761.89 | AN11: 0 | AO11: 1767388.3 | AP11: 0 | AQ11: 0 | AR11: 13427.05 | AS11: 419688.56 | AT11: 0 | AU11: 0 | AV11: 0 | AW11: 1036590 | AX11: 0 | AY11: 6099527.5 | AZ11: 13847 | BA11: 438035.01 | BB11: 0 | BC11: 0 | BD11: 1705682.2 | BE11: 1378718.4
B12: 10 | D12: 0 | E12: 95262.33 | F12: 0 | G12: 9662 | H12: 113803.47 | I12: 190292.69 | J12: 63905.69 | K12: 0 | L12: 0 | M12: 0 | N12: 554259.77 | O12: 0 | P12: 0 | Q12: 36862.91 | R12: 0 | S12: 0 | T12: 32970.92 | U12: 32274.84 | V12: 196083.77 | W12: 26783.2 | X12: 42851.67 | Y12: 0 | Z12: 0 | AA12: 0 | AB12: 1998591.7 | AC12: 2242897.8 | AD12: 59384.62 | AE12: 56347.7 | AF12: 0 | AG12: 0 | AH12: 513102.56 | AI12: 0 | AJ12: 54718.47 | AK12: 76240.09 | AL12: 0 | AM12: 86375.53 | AN12: 4090.5 | AO12: 391581.7 | AP12: 0 | AQ12: 231044.74 | AR12: 98947.18 | AS12: 675024.04 | AT12: 581 | AU12: 10222.97 | AV12: 0 | AW12: 153647.93 | AX12: 0 | AY12: 136361.28 | AZ12: 0 | BA12: 13605.07 | BB12: 21667.23 | BC12: 0 | BD12: 88105.95 | BE12: 7570.61
B13: 11 | D13: 0 | E13: 0 | F13: 0 | G13: 0 | H13: 0 | I13: 0 | J13: 0 | K13: 0 | L13: 0 | M13: 0 | N13: 28701.65 | O13: 0 | P13: 273108.51 | Q13: 0 | R13: 0 | S13: 0 | T13: 168854.69 | U13: 47355.41 | V13: 0 | W13: 11208.52 | X13: 14199.34 | Y13: 0 | Z13: 0 | AA13: 55692.29 | AB13: 477108.32 | AC13: 344571.68 | AD13: 0 | AE13: 0 | AF13: 0 | AG13: 0 | AH13: 0 | AI13: 0 | AJ13: 0 | AK13: 4660.63 | AL13: 1015.78 | AM13: 0 | AN13: 0 | AO13: 167622.23 | AP13: 0 | AQ13: 0 | AR13: 0 | AS13: 21565.4 | AT13: 0 | AU13: 0 | AV13: 0 | AW13: 0 | AX13: 0 | AY13: 168270.34 | AZ13: 0 | BA13: 0 | BB13: 0 | BC13: 0 | BD13: 649781.22 | BE13: 0
B14: 12 | D14: 0 | E14: 0 | F14: 0 | G14: 0 | H14: 0 | I14: 0 | J14: 0 | K14: 0 | L14: 0 | M14: 0 | N14: 127497.53 | O14: 0 | P14: 21105.6 | Q14: 0 | R14: 0 | S14: 0 | T14: 59303.93 | U14: 20329.63 | V14: 0 | W14: 79043.52 | X14: 18067.18 | Y14: 0 | Z14: 0 | AA14: 15581.57 | AB14: 125952.69 | AC14: 73190.71 | AD14: 0 | AE14: 0 | AF14: 0 | AG14: 0 | AH14: 0 | AI14: 0 | AJ14: 0 | AK14: 137899.24 | AL14: 810.61 | AM14: 0 | AN14: 0 | AO14: 61045.77 | AP14: 0 | AQ14: 0 | AR14: 0 | AS14: 12780.25 | AT14: 0 | AU14: 0 | AV14: 0 | AW14: 4642.52 | AX14: 0 | AY14: 34137.35 | AZ14: 0 | BA14: 0 | BB14: 0 | BC14: 0 | BD14: 718191.43 | BE14: 295107.28
B15: 13 | D15: 2765392.9 | E15: 42293.52 | F15: 16897.15 | G15: 0 | H15: 296060.95 | I15: 12708.82 | J15: 0 | K15: 4709.8 | L15: 0 | M15: 0 | N15: 145750.21 | O15: 80391.5 | P15: 0 | Q15: 3183 | R15: 5455.11 | S15: 0 | T15: 0 | U15: 0 | V15: 527092.31 | W15: 0 | X15: 258416.9 | Y15: 0 | Z15: 0 | AA15: 174.76 | AB15: 4257246.5 | AC15: 809019.44 | AD15: 10001.56 | AE15: 84779.1 | AF15: 88418.93 | AG15: 12005.08 | AH15: 118820.37 | AI15: 7325.3 | AJ15: 73961.54 | AK15: 0 | AL15: 0 | AM15: 0 | AN15: 40343.36 | AO15: 40984.34 | AP15: 3507.7 | AQ15: 0 | AR15: 8239.31 | AS15: 226154.6 | AT15: 12218.08 | AU15: 608.1 | AV15: 0 | AW15: 0 | AX15: 722.2 | AY15: 4802972.4 | AZ15: 19564.19 | BA15: 0 | BB15: 11908.14 | BC15: 0 | BD15: 187237.76 | BE15: 0
B16: 14 | D16: 1566007.2 | E16: 15582.74 | F16: 0 | G16: 53304 | H16: 601216.86 | I16: 20388.55 | J16: 25874.91 | K16: 1432 | L16: 1099.9 | M16: 0 | N16: 62082.64 | O16: 146728.46 | P16: 0 | Q16: 2368 | R16: 1240 | S16: 0 | T16: 0 | U16: 0 | V16: 226588.02 | W16: 3340.14 | X16: 37694.22 | Y16: 0 | Z16: 0 | AA16: 2479.59 | AB16: 1195113.1 | AC16: 180037.44 | AD16: 14881.61 | AE16: 22471.9 | AF16: 514.28 | AG16: 0 | AH16: 116445.82 | AI16: 10600.36 | AJ16: 19743.06 | AK16: 0 | AL16: 0 | AM16: 0 | AN16: 11000.04 | AO16: 5310.88 | AP16: 26683.39 | AQ16: 0 | AR16: 39.06 | AS16: 30062.34 | AT16: 48075.2 | AU16: 0 | AV16: 0 | AW16: 81811.74 | AX16: 21749.63 | AY16: 1389630.4 | AZ16: 30495.25 | BA16: 117361.8 | BB16: 20826.44 | BC16: 0 | BD16: 36483.52 | BE16: 3319.36
B17: 15 | D17: 22215500 | E17: 131572.69 | F17: 243756.46 | G17: 8246 | H17: 341868.1 | I17: 94785.65 | J17: 207.85 | K17: 140966.15 | L17: 0 | M17: 7840.44 | N17: 1404779.5 | O17: 143260.7 | P17: 2003109.3 | Q17: 106300.21 | R17: 19939.74 | S17: 226227.47 | T17: 17279.08 | U17: 31090.43 | V17: 93004.92 | W17: 41625.55 | X17: 491089.24 | Y17: 1421.15 | Z17: 0 | AA17: 78.73 | AB17: 10113753 | AC17: 72046.63 | AD17: 13398.47 | AE17: 189644.68 | AF17: 121945.07 | AG17: 31729.21 | AH17: 86451.69 | AI17: 44694.08 | AJ17: 38012.49 | AK17: 88336.68 | AL17: 88973.8 | AM17: 6174.09 | AN17: 123932.91 | AO17: 405392.26 | AP17: 22966.56 | AQ17: 626963.92 | AR17: 20507.86 | AS17: 516834.89 | AT17: 35172.19 | AU17: 0 | AV17: 411591.13 | AW17: 79495.68 | AX17: 7393.4 | AY17: 460580.35 | AZ17: 0 | BA17: 196984.21 | BB17: 17135.88 | BC17: 0 | BD17: 1176810.6 | BE17: 308202.92
B18: 16 | D18: 8987641.9 | E18: 63495.84 | F18: 37503.62 | G18: 172392 | H18: 588793.8 | I18: 25877.54 | J18: 9231.42 | K18: 26559.02 | L18: 0 | M18: 0 | N18: 488708.44 | O18: 4510.91 | P18: 69052.23 | Q18: 10093.44 | R18: 0 | S18: 110684.3 | T18: 35141.33 | U18: 4179.8 | V18: 423342.99 | W18: 16691.89 | X18: 22299.13 | Y18: 75009.79 | Z18: 0 | AA18: 5163.25 | AB18: 473475.93 | AC18: 67255 | AD18: 4523.84 | AE18: -12814.64 | AF18: 94476.63 | AG18: 0 | AH18: 244965.08 | AI18: 0 | AJ18: 15881.22 | AK18: 213687.62 | AL18: 63531.84 | AM18: 1297.4 | AN18: 2627.4 | AO18: 145139.58 | AP18: 17376.39 | AQ18: 301755.25 | AR18: 4697.79 | AS18: 274302.33 | AT18: 43699.73 | AU18: 0 | AV18: 94347.63 | AW18: 621361.15 | AX18: 20621.6 | AY18: 3342444 | AZ18: 0 | BA18: 73177.18 | BB18: 12585.74 | BC18: 0 | BD18: 382640.01 | BE18: 137140.12
B19: 17 | D19: 0 | E19: 11381.67 | F19: 934.78 | G19: 14041 | H19: 16573.17 | I19: 39621.98 | J19: 0 | K19: 90505.33 | L19: 1395 | M19: 7978.3 | N19: 0 | O19: 7141.82 | P19: 62161.86 | Q19: 17584.73 | R19: 0 | S19: 3181.2 | T19: 4659.22 | U19: 274.73 | V19: 80108.71 | W19: 21673.85 | X19: 65668.92 | Y19: 0 | Z19: 0 | AA19: 13026.96 | AB19: 0 | AC19: 193052.75 | AD19: 0 | AE19: 5489.25 | AF19: 0 | AG19: 5927.92 | AH19: 138226.53 | AI19: 0 | AJ19: 895.56 | AK19: 0 | AL19: 0 | AM19: 25221.52 | AN19: 50948 | AO19: -20014.23 | AP19: 222.59 | AQ19: 0 | AR19: 389.57 | AS19: -6754.75 | AT19: 5310.51 | AU19: 2927.35 | AV19: 748.12 | AW19: 138996.32 | AX19: 1433.87 | AY19: 0 | AZ19: 0 | BA19: 0 | BB19: 4297.81 | BC19: 0 | BD19: 0 | BE19: 34907.68
B20: 18 | D20: 8106983.9 | E20: 12662.71 | F20: 0 | G20: 818148 | H20: 52373.6 | I20: 99153.84 | J20: 0 | K20: 0 | L20: 0 | M20: 154617.32 | N20: 560571.93 | O20: 92137.35 | P20: 828421.11 | Q20: 20784.32 | R20: 9307.14 | S20: 106170.86 | T20: 4037.01 | U20: 8745.99 | V20: 26293 | W20: 6117.12 | X20: 60422.02 | Y20: 182.82 | Z20: 0 | AA20: 0 | AB20: 1683470 | AC20: 348080.07 | AD20: 9824.29 | AE20: 55468.74 | AF20: 18616.71 | AG20: 0 | AH20: 169141.9 | AI20: 0 | AJ20: 213314.07 | AK20: 41623.82 | AL20: -699.37 | AM20: 42045.93 | AN20: 0 | AO20: 108925.88 | AP20: 6120.92 | AQ20: 24686.18 | AR20: 10702.41 | AS20: 229960.69 | AT20: 0 | AU20: 0 | AV20: 0 | AW20: 64125.75 | AX20: 3818.93 | AY20: 583838.61 | AZ20: 0 | BA20: 286561.91 | BB20: 357.63 | BC20: 338440.78 | BD20: 585953.19 | BE20: 209986.99
B21: 19 | D21: 13149230 | E21: 0 | F21: 0 | G21: 214477 | H21: 487089.5 | I21: 208295.85 | J21: 0 | K21: 0 | L21: 0 | M21: 231.74 | N21: 169666.99 | O21: 425879.12 | P21: 518291.67 | Q21: 1450.23 | R21: 1675 | S21: 19215.76 | T21: 407.69 | U21: 1019.54 | V21: 8532.79 | W21: 54629.33 | X21: 62297.11 | Y21: 3438.4 | Z21: 0 | AA21: 0 | AB21: 157825.31 | AC21: 3785736.2 | AD21: 152014.77 | AE21: 36157.33 | AF21: 29382.98 | AG21: 0 | AH21: 130898.95 | AI21: 328268.59 | AJ21: 194061.24 | AK21: 290994.37 | AL21: 13698.88 | AM21: 132585.35 | AN21: 0 | AO21: 23184.52 | AP21: -6475.44 | AQ21: 142.8 | AR21: 2297.74 | AS21: 32732.25 | AT21: 0 | AU21: 0 | AV21: 7251.98 | AW21: 48754.34 | AX21: 639.27 | AY21: 4416186.9 | AZ21: 0 | BA21: 0 | BB21: 7925.07 | BC21: 0 | BD21: 94887.74 | BE21: 81197.11
... B81: 79 | D81: 2.7555347e+08 | E81: 13796191 | F81: 1188653.3 | G81: 13614901 | H81: 23087139 | I81: 10650778 | J81: 2755926.1 | K81: 936003.68 | L81: 789497.02 | M81: 4121911.3 | N81: 46592767 | O81: 15993376 | P81: 28177129 | Q81: 6008320 | R81: 8140315.9 | S81: 8601207.1 | T81: 7311301.5 | U81: 2021809.8 | V81: 16051010 | W81: 4016312.6 | X81: 7609129 | Y81: 1276536.8 | Z81: 580492.95 | AA81: 1520243.6 | AB81: 6.8652916e+08 | AC81: 1.0810511e+08 | AD81: 7967768.9 | AE81: 8001855.8 | AF81: 3107067.3 | AG81: 5756944.1 | AH81: 44137276 | AI81: 11721468 | AJ81: 14029568 | AK81: 19973524 | AL81: 3393104.7 | AM81: 8462976.7 | AN81: 3207359.5 | AO81: 20011805 | AP81: 3634636 | AQ81: 14608277 | AR81: 4073168.9 | AS81: 12775277 | AT81: 1574878.7 | AU81: 2720496.6 | AV81: 1554899.5 | AW81: 19064251 | AX81: 2846612.1 | AY81: 2.7379805e+08 | AZ81: 3443696.5 | BA81: 7111430.8 | BB81: 2312915.7 | BC81: 6439079.2 | BD81: 41470116 | BE81: 32840418
B82: 80
B83: 81
B84: 82 | D84: 0 | E84: 0 | F84: 0 | G84: 0 | H84: 0 | I84: 0 | J84: 0 | K84: 0 | L84: 0 | M84: 0 | N84: 28701.65 | O84: 0 | P84: 273108.51 | Q84: 0 | R84: 0 | S84: 0 | T84: 168854.69 | U84: 47355.41 | V84: 0 | W84: 11208.52 | X84: 14199.34 | Y84: 0 | Z84: 0 | AA84: 55692.29 | AB84: 477108.32 | AC84: 344571.68 | AD84: 0 | AE84: 0 | AF84: 0 | AG84: 0 | AH84: 0 | AI84: 0 | AJ84: 0 | AK84: 4660.63 | AL84: 1015.78 | AM84: 0 | AN84: 0 | AO84: 167622.23 | AP84: 0 | AQ84: 0 | AR84: 0 | AS84: 21565.4 | AT84: 0 | AU84: 0 | AV84: 0 | AW84: 0 | AX84: 0 | AY84: 168270.34 | AZ84: 0 | BA84: 0 | BB84: 0 | BC84: 0 | BD84: 649781.22 | BE84: 0
B85: 83 | D85: 0 | E85: 0 | F85: 0 | G85: 0 | H85: 0 | I85: 0 | J85: 0 | K85: 0 | L85: 0 | M85: 0 | N85: 127497.53 | O85: 0 | P85: 21105.6 | Q85: 0 | R85: 0 | S85: 0 | T85: 59303.93 | U85: 20329.63 | V85: 0 | W85: 79043.52 | X85: 18067.18 | Y85: 0 | Z85: 0 | AA85: 15581.57 | AB85: 125952.69 | AC85: 73190.71 | AD85: 0 | AE85: 0 | AF85: 0 | AG85: 0 | AH85: 0 | AI85: 0 | AJ85: 0 | AK85: 137899.24 | AL85: 810.61 | AM85: 0 | AN85: 0 | AO85: 61045.77 | AP85: 0 | AQ85: 0 | AR85: 0 | AS85: 12780.25 | AT85: 0 | AU85: 0 | AV85: 0 | AW85: 4642.52 | AX85: 0 | AY85: 34137.35 | AZ85: 0 | BA85: 0 | BB85: 0 | BC85: 0 | BD85: 718191.43 | BE85: 295107.28
